Workbook

Sheet Terms & Conditions
A1: Celtic Fireworks Ltd are pleased to present the 2022 Trade List. Please note our terms & conditions of sale, as noted below. Should you have any questions please contact Jonathan (07970 062783) or Ed (07779 238359). We look forward to supplying you in 2022. This trade list is under constant development and following customer feedback might be slightly different from last year. It will be updated with new information and product detail as and when available. If you experience any problems please contact Ed on 07779 238359.
A2: PRICING With the current global pandemic many factories have been unable to confirm their prices to us. We have therefore been forced to 'guess' some of our prices for 2022. Shipping prices seem to have stabilised at $37,500 per container. The pre-order and 2022 buying group prices are provided as an indication of what we think the final price will be. Prices will confirmed by email once we are in a position to confirm them. We do not anticipate that they will be higher than indicated. In the event that factory or shipping prices are lower than indicated - this will be reflected on your confirmation.
A3: PRE-ORDERS Pre-orders must be received by January 31st 2022 to benefit from pre-order pricing. A deposit - 25% of the value of the pre-order - will be invoiced. This invoice will be payable before March 31st. We anticpate that PRE-ORDER confirmations will be sent out in May and that 'pre-orders' will be supplied from 1st August 2022 onwards. Pre-ordered goods will be invoiced following collection/delivery - balancing payment will be due (in full) by November 15th latest. In the event that any pre-ordered goods are required before 1st August they will be invoiced on collection with 30 day payment terms - and are subject to availability.
A4: STOCK ORDERS Any items ordered from current stock (column H on the following tabs) must be collected from our stores before March 31st. These items will be invoiced on collection with 30 day terms. Any items that remain un-collected on April 1st will be invoiced at 2022 Buying Group prices.
A5: DELIVERY Our prices are based on COLLECTION from our site in Tutbury. THE COST OF THE DELIVERY IS NOT INCLUDED PRE-ORDER OR BUYING GROUP PRICES. We are able to arrange delivery and the cost will be advised if/when delivery is requested. We are able to offer a 'preferential rate' for deliveries 'out-of-season'.
A6: RETURNS Goods are NOT supplied on a 'Sale or Return' basis. Please note that no items are to be returned to our stores without prior agreement. We regret that our staff will not accept any returns unless previously arranged. In the event that you wish to return an item please email celticfireworks@gmail.com stating the item to be returned, the quantity and the reason for return. We will reply via email and instruct our staff accordingly. We reserve the right to charge a 10% re-stocking fee.
A7: The sale and use of Category 4 material is legally restricted to professional use only. Celtic Fireworks Ltd. will require copies of your explosive storage licence and public liability insurance as well as copies of documentation to prove specialist knowledge. You will be asked to declare that the products will only be made available for use to those persons with 'specialist knowledge'. Celtic Fireworks Ltd reserves the right to decline any order or supply any person/company. By their very nature fireworks could prove dangerous. Celtic Fireworks Ltd will accept no liability for any injury to persons and/or damage to property following the use of any of it's products. It is the customers' responsibility to observe adequate safety distances and to take all necessary safety precautions to protect any and all persons and/or property that may be affected by their activity. The customer must ensure that no damage or injury will occur to any person or property should a product malfunction.
A8: Celtic Fireworks Ltd., Castle Hayes Lane, Castle Hayes Farm,Tutbury. DE13 9HL

Sheet      2022    
C1: category | D1: website title | E1: description | G1: stock | I1: now price | L1: Container Price | M1: Pre-Order | N1: caliber | O1: units/case | P1: Duration | Q1: low noise | R1: weight per unit | S1: neq per unit | T1: Prefire time | U1: Hazard Class | V1: Hazardous material | W1: cat. | X1: Retail RRP | Y1: Retail SSP | Z1: CBM | AA1: ce number | AB1: ADR Classification | AC1: cad expiry | AD1: video link | BA1: 0.05
H2: Order value on this page | K2: =AO2+AP2 -> 0 | N2: Total Order Value | P2: =SUM(AO1:AX2) -> 0 | AO2: =IF(BA2+BB2>70000,SUMPRODUCT(AO4:AO1644,BD4:BD1644),SUMPRODUCT(AO4:AO1644,$I4:$I1644)) -> 0 | AP2: =ROUNDUP(IF(BA2+BB2>70000,SUMPRODUCT(AP4:AP1644,BD4:$BD1644),SUMPRODUCT(AP4:AP1644,$L4:$L1644)),2) -> 0 | AQ2: =IF(BA2+BB2>70000,SUMPRODUCT(AQ4:AQ1644,$BD4:$BD1644),SUMPRODUCT(AQ4:AQ1644,$I4:$I1644)) -> 0 | AR2: =ROUNDUP(IF(BA2+BB2>70000,SUMPRODUCT(AR4:AR1644,$BD4:$BD1644),SUMPRODUCT(AR4:AR1644,$L4:$L1644)),2) -> 0 | AS2: =IF(BA2+BB2>70000,SUMPRODUCT(AS4:AS1644,$BD4:$BD1644),SUMPRODUCT(AS4:AS1644,$I4:$I1644)) -> 0 | AT2: =ROUNDUP(IF(BA2+BB2>70000,SUMPRODUCT(AT4:AT1644,$BD4:$BD1644),SUMPRODUCT(AT4:AT1644,$L4:$L1644)),2) -> 0 | AU2: =IF(BA2+BB2>70000,SUMPRODUCT(AU4:AU1644,$BD4:$BD1644),SUMPRODUCT(AU4:AU1644,$I4:$I1644)) -> 0 | AV2: =ROUNDUP(IF(BA2+BB2>70000,SUMPRODUCT(AV4:AV1644,$BD4:$BD1644),SUMPRODUCT(AV4:AV1644,$L4:$L1644)),2) -> 0 | AW2: =IF(BA2+BB2>70000,SUMPRODUCT(AW4:AW1644,$BD4:$BD1644),SUMPRODUCT(AW4:AW1644,$I4:$I1644)) -> 0 | AX2: =ROUNDUP(IF(BA2+BB2>70000,SUMPRODUCT(AX4:AX1644,$BD4:$BD1644),SUMPRODUCT(AX4:AX1644,$L4:$L1644)),2) -> 0 | AZ2: =SUM(AO2:AX2) -> 0 | BA2: =SUM(Table1[Value for now]) -> 0 | BB2: =SUM(Table1[Pre order Value for season]) -> 0 | BC2: =SUMIF(BC4:BC1644,">0") -> 0 | BD2: =SUMPRODUCT(BD4:BD1644,AZ4:AZ1644) -> 0
C3: Category | D3: Product ID | E3: Description | F3: Video | G3: Qty in stock 15.3.22 | H3: ORDER QUANTITY to be collected BEFORE 31.3.22 | I3: GUARANTEED PRICE for STOCK orders collected before 31.3.22 | J3: ORDER QUANTITY for collection in season | K3: Unit Price (from PO price) | L3: PRE-ORDER Price | M3: BUYING GROUP price | N3: Calibre | O3: Units per case | P3: Duration (seconds) | Q3: Low Noise | R3: Weight per case (kg) | S3: NEQ per case (kg) | T3: Pre-fire time (secs) | U3: Hazard Class | V3: UN no. | W3: Cat. | X3: Retail RRP | Y3: Retail SSP | Z3: CBM (m³) | AA3: CE Number | AB3: ADR Classification | AC3: CAD Expiry | AD3: Video Link | AE3: Quiet? | AF3: Quiet List position | AG3: New? | AH3: New List position | AI3: Retail? | AJ3: Retail List position | AK3: 1.4G? | AL3: 1.4G List position | AM3: Is the line ordered? | AN3: Position on summary sheet | AO3: ordered for now on this page | AP3: Ordered for season on this page | AQ3: ordered for now on retail page | AR3: Ordered for sesaon on RETAIL page | AS3: ordered for now on new2022 page | AT3: Ordered for season on new2022 Page | AU3: ordered for now on quiet page | AV3: Ordered for season on 'Quiet' page | AW3: ordered for now on 1.4g page | AX3: Ordered for season on 1.4G page | AY3: Line total ordered for now | AZ3: Line total ordered for season | BA3: Value for now | BB3: Pre order Value for season | BC3: Line volume | BD3: Container
A4: 1 | B4: NEW2022 | C4: Shell - 2" | D4: CS20016 | E4: 2". Red peony green peony | F4: =IF(LEFT(AD4,4)="http",HYPERLINK(AD4,"Video"),"") -> Video | G4: 0 | I4: 249.18 | K4: 1.7304167 | L4: 226.7538 | M4: 249.18 | N4: 2" | O4: 144 | P4: 0 | Q4: 0 | R4: 0 | S4: 0 | T4: 0 | V4: 0 | W4: 0 | Z4: 0.063 | AA4: 0 | AB4: 0 | AC4: 0 | AD4: https://youtu.be/nuRI8mIPMEw | AE4: 0 | AF4: 0 | AG4: =IF(OR(B4="NEW2021",B4="NEW2022"),1,0) -> 1 | AH4: =SUM(AG$4:AG4) -> 1 | AI4: =IF(RIGHT(E4,6)="retail",1,0) -> 0 | AJ4: =COUNTIF(AI$4:AI4,">0") -> 0 | AK4: 0 | AL4: 0 | AM4: =IF(OR(Table1[[#This Row],[Line total ordered for now]]>0,Table1[[#This Row],[Line total ordered for season]]>0),1,"") | AN4: =COUNTIF(AM$4:AM4,">0") -> 0 | AO4: =Table1[[#This Row],[ORDER QUANTITY to be collected BEFORE 31.3.22]] -> 0 | AP4: =J4 -> 0 | AQ4: =IFERROR(INDEX(Retail!H:H,MATCH($D4,Retail!$D:$D,0)),0) -> 0 | AR4: =IFERROR(INDEX(Retail!J:J,MATCH($D4,Retail!$D:$D,0)),0) -> 0 | AS4: =IFERROR(INDEX('NEW2022'!H:H,MATCH($D4,'NEW2022'!D:D,0)),0) -> 0 | AT4: =IFERROR(INDEX('NEW2022'!J:J,MATCH($D4,'NEW2022'!D:D,0)),0) -> 0 | AU4: =IFERROR(INDEX('Quiet Items'!H:H,MATCH($D4,'Quiet Items'!D:D,0)),0) -> 0 | AV4: =IFERROR(INDEX('Quiet Items'!J:J,MATCH($D4,'Quiet Items'!D:D,0)),0) -> 0 | AW4: =IFERROR(INDEX('1.4G'!H:H,MATCH($D4,'1.4G'!D:D,0)),0) -> 0 | AX4: =IFERROR(INDEX('1.4G'!J:J,MATCH($D4,'1.4G'!D:D,0)),0) -> 0 | AY4: =IF(OR(AU4>0,AW4>0,AO4>0,AS4>0,AQ4>0),AU4+AW4+AO4+AS4+AQ4,0) -> 0 | AZ4: =IF(OR(AV4>0,AX4>0,AP4>0,AT4>0,AR4>0),AV4+AX4+AP4+AT4+AR4,0) -> 0 | BA4: =IFERROR(Table1[[#This Row],[Line total ordered for now]]*Table1[[#This Row],[GUARANTEED PRICE for STOCK orders collected before 31.3.22]],0) -> 0 | BB4: =AZ4*L4 -> 0 | BC4: =(AZ4+Table1[[#This Row],[Line total ordered for now]])*Z4 -> 0 | BD4: 211.803
A5: 2 | C5: Shell - 2" Mixed | D5: CS20001-CS20006 | E5: 2" Mixed case. CS20001 red to crackling CS20002 white to red peony CS20003 green peony CS20004 green to chrys. CS20005 blue peony CS20006 gold peony | F5: =IF(LEFT(AD5,4)="http",HYPERLINK(AD5,"Video"),"") -> Video | G5: 24 | I5: 177.53 | K5: 1.2677349 | L5: 181.0806 | M5: 182.55382 | N5: 2" | O5: 144 | P5: 2 | Q5: No | R5: 14 | S5: 8 | T5: 2.4 | U5: 1.3G | V5: UN0335 | W5: F4 | Z5: 0.062957 | AA5: 1008-F4-69249628 | AB5: GB/HSE-350926, GB/HSE-350927, GB/HSE-350928, GB/HSE-350929, GB/HSE-350930, GB/HSE-350931 | AC5: 7/29/2030 | AD5: https://youtu.be/xirain-eo8s | AE5: 0 | AF5: 0 | AG5: =IF(OR(B5="NEW2021",B5="NEW2022"),1,0) -> 0 | AH5: =SUM(AG$4:AG5) -> 1 | AI5: =IF(RIGHT(E5,6)="retail",1,0) -> 0 | AJ5: =COUNTIF(AI$4:AI5,">0") -> 0 | AK5: 0 | AL5: 0 | AM5: =IF(OR(Table1[[#This Row],[Line total ordered for now]]>0,Table1[[#This Row],[Line total ordered for season]]>0),1,"") | AN5: =COUNTIF(AM$4:AM5,">0") -> 0 | AO5: =Table1[[#This Row],[ORDER QUANTITY to be collected BEFORE 31.3.22]] -> 0 | AP5: =J5 -> 0 | AQ5: =IFERROR(INDEX(Retail!H:H,MATCH($D5,Retail!$D:$D,0)),0) -> 0 | AR5: =IFERROR(INDEX(Retail!J:J,MATCH($D5,Retail!$D:$D,0)),0) -> 0 | AS5: =IFERROR(INDEX('NEW2022'!H:H,MATCH($D5,'NEW2022'!D:D,0)),0) -> 0 | AT5: =IFERROR(INDEX('NEW2022'!J:J,MATCH($D5,'NEW2022'!D:D,0)),0) -> 0 | AU5: =IFERROR(INDEX('Quiet Items'!H:H,MATCH($D5,'Quiet Items'!D:D,0)),0) -> 0 | AV5: =IFERROR(INDEX('Quiet Items'!J:J,MATCH($D5,'Quiet Items'!D:D,0)),0) -> 0 | AW5: =IFERROR(INDEX('1.4G'!H:H,MATCH($D5,'1.4G'!D:D,0)),0) -> 0 | AX5: =IFERROR(INDEX('1.4G'!J:J,MATCH($D5,'1.4G'!D:D,0)),0) -> 0 | AY5: =IF(OR(AU5>0,AW5>0,AO5>0,AS5>0,AQ5>0),AU5+AW5+AO5+AS5+AQ5,0) -> 0 | AZ5: =IF(OR(AV5>0,AX5>0,AP5>0,AT5>0,AR5>0),AV5+AX5+AP5+AT5+AR5,0) -> 0 | BA5: =IFERROR(Table1[[#This Row],[Line total ordered for now]]*Table1[[#This Row],[GUARANTEED PRICE for STOCK orders collected before 31.3.22]],0) -> 0 | BB5: =AZ5*L5 -> 0 | BC5: =(AZ5+Table1[[#This Row],[Line total ordered for now]])*Z5 -> 0 | BD5: 155.17075
A6: 3 | C6: Shell - 2" Mixed | D6: 144xCS20010-CS20015 | E6: 2"x144 Mixed case. White strobe. Blue to orange peony. Green to purple peony. Red to blue Peony. Gold titanium willow. Red to crackling. | F6: =IF(LEFT(AD6,4)="http",HYPERLINK(AD6,"Video"),"") | G6: 1 | I6: 177.35 | K6: 1.4163889 | L6: 185.6036 | M6: 203.96 | N6: 2" | O6: 144 | P6: 2 | Q6: No | R6: 14 | S6: 8 | T6: 2.4 | U6: 1.3G | V6: UN0335 | W6: F4 | Z6: 0.063 | AA6: 1008-F4-69249628 | AB6: GB/HSE-358687, GB/HSE-358691, GB/HSE-358692, GB/HSE-358688, GB/HSE-358690 20x red to crackling (CS20012), GB/HSE-358689 | AC6: 8/15/2028 | AD6: 0 | AE6: 0 | AF6: 0 | AG6: =IF(OR(B6="NEW2021",B6="NEW2022"),1,0) -> 0 | AH6: =SUM(AG$4:AG6) -> 1 | AI6: =IF(RIGHT(E6,6)="retail",1,0) -> 0 | AJ6: =COUNTIF(AI$4:AI6,">0") -> 0 | AK6: 0 | AL6: 0 | AM6: =IF(OR(Table1[[#This Row],[Line total ordered for now]]>0,Table1[[#This Row],[Line total ordered for season]]>0),1,"") | AN6: =COUNTIF(AM$4:AM6,">0") -> 0 | AO6: =Table1[[#This Row],[ORDER QUANTITY to be collected BEFORE 31.3.22]] -> 0 | AP6: =J6 -> 0 | AQ6: =IFERROR(INDEX(Retail!H:H,MATCH($D6,Retail!$D:$D,0)),0) -> 0 | AR6: =IFERROR(INDEX(Retail!J:J,MATCH($D6,Retail!$D:$D,0)),0) -> 0 | AS6: =IFERROR(INDEX('NEW2022'!H:H,MATCH($D6,'NEW2022'!D:D,0)),0) -> 0 | AT6: =IFERROR(INDEX('NEW2022'!J:J,MATCH($D6,'NEW2022'!D:D,0)),0) -> 0 | AU6: =IFERROR(INDEX('Quiet Items'!H:H,MATCH($D6,'Quiet Items'!D:D,0)),0) -> 0 | AV6: =IFERROR(INDEX('Quiet Items'!J:J,MATCH($D6,'Quiet Items'!D:D,0)),0) -> 0 | AW6: =IFERROR(INDEX('1.4G'!H:H,MATCH($D6,'1.4G'!D:D,0)),0) -> 0 | AX6: =IFERROR(INDEX('1.4G'!J:J,MATCH($D6,'1.4G'!D:D,0)),0) -> 0 | AY6: =IF(OR(AU6>0,AW6>0,AO6>0,AS6>0,AQ6>0),AU6+AW6+AO6+AS6+AQ6,0) -> 0 | AZ6: =IF(OR(AV6>0,AX6>0,AP6>0,AT6>0,AR6>0),AV6+AX6+AP6+AT6+AR6,0) -> 0 | BA6: =IFERROR(Table1[[#This Row],[Line total ordered for now]]*Table1[[#This Row],[GUARANTEED PRICE for STOCK orders collected before 31.3.22]],0) -> 0 | BB6: =AZ6*L6 -> 0 | BC6: =(AZ6+Table1[[#This Row],[Line total ordered for now]])*Z6 -> 0 | BD6: 173.366
A7: 4 | C7: Shell - 2" Mixed | D7: 120xCS20010-CS20015 | E7: 2"x120 Mixed case. White strobe. Blue to orange peony. Green to purple peony. Red to blue Peony. Gold titanium willow. Red to crackling. | F7: =IF(LEFT(AD7,4)="http",HYPERLINK(AD7,"Video"),"") | G7: 39 | I7: 147.8 | K7: 1.4164167 | L7: 154.6727 | M7: 169.97 | N7: 2" | O7: 120 | P7: 2 | Q7: No | R7: 14 | S7: 8 | T7: 2.4 | U7: 1.3G | V7: UN0335 | W7: F4 | Z7: 0.063 | AA7: 1008-F4-69249628 | AB7: GB/HSE-358687, GB/HSE-358691, GB/HSE-358692, GB/HSE-358688, GB/HSE-358690 20x red to crackling (CS20012), GB/HSE-358689 | AC7: 8/15/2028 | AD7: 0 | AE7: 0 | AF7: 0 | AG7: =IF(OR(B7="NEW2021",B7="NEW2022"),1,0) -> 0 | AH7: =SUM(AG$4:AG7) -> 1 | AI7: =IF(RIGHT(E7,6)="retail",1,0) -> 0 | AJ7: =COUNTIF(AI$4:AI7,">0") -> 0 | AK7: 0 | AL7: 0 | AM7: =IF(OR(Table1[[#This Row],[Line total ordered for now]]>0,Table1[[#This Row],[Line total ordered for season]]>0),1,"") | AN7: =COUNTIF(AM$4:AM7,">0") -> 0 | AO7: =Table1[[#This Row],[ORDER QUANTITY to be collected BEFORE 31.3.22]] -> 0 | AP7: =J7 -> 0 | AQ7: =IFERROR(INDEX(Retail!H:H,MATCH($D7,Retail!$D:$D,0)),0) -> 0 | AR7: =IFERROR(INDEX(Retail!J:J,MATCH($D7,Retail!$D:$D,0)),0) -> 0 | AS7: =IFERROR(INDEX('NEW2022'!H:H,MATCH($D7,'NEW2022'!D:D,0)),0) -> 0 | AT7: =IFERROR(INDEX('NEW2022'!J:J,MATCH($D7,'NEW2022'!D:D,0)),0) -> 0 | AU7: =IFERROR(INDEX('Quiet Items'!H:H,MATCH($D7,'Quiet Items'!D:D,0)),0) -> 0 | AV7: =IFERROR(INDEX('Quiet Items'!J:J,MATCH($D7,'Quiet Items'!D:D,0)),0) -> 0 | AW7: =IFERROR(INDEX('1.4G'!H:H,MATCH($D7,'1.4G'!D:D,0)),0) -> 0 | AX7: =IFERROR(INDEX('1.4G'!J:J,MATCH($D7,'1.4G'!D:D,0)),0) -> 0 | AY7: =IF(OR(AU7>0,AW7>0,AO7>0,AS7>0,AQ7>0),AU7+AW7+AO7+AS7+AQ7,0) -> 0 | AZ7: =IF(OR(AV7>0,AX7>0,AP7>0,AT7>0,AR7>0),AV7+AX7+AP7+AT7+AR7,0) -> 0 | BA7: =IFERROR(Table1[[#This Row],[Line total ordered for now]]*Table1[[#This Row],[GUARANTEED PRICE for STOCK orders collected before 31.3.22]],0) -> 0 | BB7: =AZ7*L7 -> 0 | BC7: =(AZ7+Table1[[#This Row],[Line total ordered for now]])*Z7 -> 0 | BD7: 144.4745
A8: 5 | C8: Shell - 2.5" | D8: CBS25001 | E8: 2.5" Multicolour peony | F8: =IF(LEFT(AD8,4)="http",HYPERLINK(AD8,"Video"),"") -> Video | G8: 19 | I8: 185.13 | K8: 2.1310442 | L8: 232.71002 | M8: 255.7253 | N8: 2.5" | O8: 120 | P8: 4 | Q8: No | R8: 14 | S8: 8.12 | T8: 2.6 | U8: 1.3G | V8: UN0335 | W8: F4 | Z8: 0.063 | AA8: 1008-F4-69249629 | AB8: GB/HSE-320920 | AC8: 10/4/2030 | AD8: https://www.youtube.com/watch?v=QQ2ojAa3D2Q&list=PLDAnggd3oes5F6oc2GvRW7F0KeontGh-k | AE8: 0 | AF8: 0 | AG8: =IF(OR(B8="NEW2021",B8="NEW2022"),1,0) -> 0 | AH8: =SUM(AG$4:AG8) -> 1 | AI8: =IF(RIGHT(E8,6)="retail",1,0) -> 0 | AJ8: =COUNTIF(AI$4:AI8,">0") -> 0 | AK8: 0 | AL8: 0 | AM8: =IF(OR(Table1[[#This Row],[Line total ordered for now]]>0,Table1[[#This Row],[Line total ordered for season]]>0),1,"") | AN8: =COUNTIF(AM$4:AM8,">0") -> 0 | AO8: =Table1[[#This Row],[ORDER QUANTITY to be collected BEFORE 31.3.22]] -> 0 | AP8: =J8 -> 0 | AQ8: =IFERROR(INDEX(Retail!H:H,MATCH($D8,Retail!$D:$D,0)),0) -> 0 | AR8: =IFERROR(INDEX(Retail!J:J,MATCH($D8,Retail!$D:$D,0)),0) -> 0 | AS8: =IFERROR(INDEX('NEW2022'!H:H,MATCH($D8,'NEW2022'!D:D,0)),0) -> 0 | AT8: =IFERROR(INDEX('NEW2022'!J:J,MATCH($D8,'NEW2022'!D:D,0)),0) -> 0 | AU8: =IFERROR(INDEX('Quiet Items'!H:H,MATCH($D8,'Quiet Items'!D:D,0)),0) -> 0 | AV8: =IFERROR(INDEX('Quiet Items'!J:J,MATCH($D8,'Quiet Items'!D:D,0)),0) -> 0 | AW8: =IFERROR(INDEX('1.4G'!H:H,MATCH($D8,'1.4G'!D:D,0)),0) -> 0 | AX8: =IFERROR(INDEX('1.4G'!J:J,MATCH($D8,'1.4G'!D:D,0)),0) -> 0 | AY8: =IF(OR(AU8>0,AW8>0,AO8>0,AS8>0,AQ8>0),AU8+AW8+AO8+AS8+AQ8,0) -> 0 | AZ8: =IF(OR(AV8>0,AX8>0,AP8>0,AT8>0,AR8>0),AV8+AX8+AP8+AT8+AR8,0) -> 0 | BA8: =IFERROR(Table1[[#This Row],[Line total ordered for now]]*Table1[[#This Row],[GUARANTEED PRICE for STOCK orders collected before 31.3.22]],0) -> 0 | BB8: =AZ8*L8 -> 0 | BC8: =(AZ8+Table1[[#This Row],[Line total ordered for now]])*Z8 -> 0 | BD8: 217.3665
A9: 6 | C9: Shell - 2.5" | D9: CS25020 | E9: 2.5" White strobe | F9: =IF(LEFT(AD9,4)="http",HYPERLINK(AD9,"Video"),"") -> Video | G9: 4 | I9: 154.14 | K9: 2.334142 | L9: 203.91064 | M9: 224.07763 | N9: 2.5" | O9: 96 | P9: 3 | Q9: No | R9: 14 | S9: 8.12 | T9: 2.6 | U9: 1.3G | V9: UN0335 | W9: F4 | Z9: 0.063 | AA9: 2806-F4-001942 | AB9: GB/HSE-362546 | AC9: 11/30/2030 | AD9: https://www.dropbox.com/s/lphxolvz75vdqnc/dc241119-1.MP4?dl=0 | AE9: 0 | AF9: 0 | AG9: =IF(OR(B9="NEW2021",B9="NEW2022"),1,0) -> 0 | AH9: =SUM(AG$4:AG9) -> 1 | AI9: =IF(RIGHT(E9,6)="retail",1,0) -> 0 | AJ9: =COUNTIF(AI$4:AI9,">0") -> 0 | AK9: 0 | AL9: 0 | AM9: =IF(OR(Table1[[#This Row],[Line total ordered for now]]>0,Table1[[#This Row],[Line total ordered for season]]>0),1,"") | AN9: =COUNTIF(AM$4:AM9,">0") -> 0 | AO9: =Table1[[#This Row],[ORDER QUANTITY to be collected BEFORE 31.3.22]] -> 0 | AP9: =J9 -> 0 | AQ9: =IFERROR(INDEX(Retail!H:H,MATCH($D9,Retail!$D:$D,0)),0) -> 0 | AR9: =IFERROR(INDEX(Retail!J:J,MATCH($D9,Retail!$D:$D,0)),0) -> 0 | AS9: =IFERROR(INDEX('NEW2022'!H:H,MATCH($D9,'NEW2022'!D:D,0)),0) -> 0 | AT9: =IFERROR(INDEX('NEW2022'!J:J,MATCH($D9,'NEW2022'!D:D,0)),0) -> 0 | AU9: =IFERROR(INDEX('Quiet Items'!H:H,MATCH($D9,'Quiet Items'!D:D,0)),0) -> 0 | AV9: =IFERROR(INDEX('Quiet Items'!J:J,MATCH($D9,'Quiet Items'!D:D,0)),0) -> 0 | AW9: =IFERROR(INDEX('1.4G'!H:H,MATCH($D9,'1.4G'!D:D,0)),0) -> 0 | AX9: =IFERROR(INDEX('1.4G'!J:J,MATCH($D9,'1.4G'!D:D,0)),0) -> 0 | AY9: =IF(OR(AU9>0,AW9>0,AO9>0,AS9>0,AQ9>0),AU9+AW9+AO9+AS9+AQ9,0) -> 0 | AZ9: =IF(OR(AV9>0,AX9>0,AP9>0,AT9>0,AR9>0),AV9+AX9+AP9+AT9+AR9,0) -> 0 | BA9: =IFERROR(Table1[[#This Row],[Line total ordered for now]]*Table1[[#This Row],[GUARANTEED PRICE for STOCK orders collected before 31.3.22]],0) -> 0 | BB9: =AZ9*L9 -> 0 | BC9: =(AZ9+Table1[[#This Row],[Line total ordered for now]])*Z9 -> 0 | BD9: 190.46598
A10: 7 | C10: Shell - 2.5" | D10: CS25021 | E10: 2.5"Colour peony to coco pistil | F10: =IF(LEFT(AD10,4)="http",HYPERLINK(AD10,"Video"),"") -> Video | G10: 23 | I10: 158.61 | K10: 2.4035457 | L10: 209.97375 | M10: 230.74038 | N10: 2.5" | O10: 96 | P10: 3 | Q10: No | R10: 14 | S10: 8.12 | T10: 2.6 | U10: 1.3G | V10: UN0335 | W10: F4 | Z10: 0.063 | AA10: 2806-F4-001942 | AB10: GB/HSE-362484 | AC10: 11/30/2030 | AD10: https://www.dropbox.com/s/om21s4pyxxz7ajw/dc241119-3.MP4?dl=0 | AE10: 0 | AF10: 0 | AG10: =IF(OR(B10="NEW2021",B10="NEW2022"),1,0) -> 0 | AH10: =SUM(AG$4:AG10) -> 1 | AI10: =IF(RIGHT(E10,6)="retail",1,0) -> 0 | AJ10: =COUNTIF(AI$4:AI10,">0") -> 0 | AK10: 0 | AL10: 0 | AM10: =IF(OR(Table1[[#This Row],[Line total ordered for now]]>0,Table1[[#This Row],[Line total ordered for season]]>0),1,"") | AN10: =COUNTIF(AM$4:AM10,">0") -> 0 | AO10: =Table1[[#This Row],[ORDER QUANTITY to be collected BEFORE 31.3.22]] -> 0 | AP10: =J10 -> 0 | AQ10: =IFERROR(INDEX(Retail!H:H,MATCH($D10,Retail!$D:$D,0)),0) -> 0 | AR10: =IFERROR(INDEX(Retail!J:J,MATCH($D10,Retail!$D:$D,0)),0) -> 0 | AS10: =IFERROR(INDEX('NEW2022'!H:H,MATCH($D10,'NEW2022'!D:D,0)),0) -> 0 | AT10: =IFERROR(INDEX('NEW2022'!J:J,MATCH($D10,'NEW2022'!D:D,0)),0) -> 0 | AU10: =IFERROR(INDEX('Quiet Items'!H:H,MATCH($D10,'Quiet Items'!D:D,0)),0) -> 0 | AV10: =IFERROR(INDEX('Quiet Items'!J:J,MATCH($D10,'Quiet Items'!D:D,0)),0) -> 0 | AW10: =IFERROR(INDEX('1.4G'!H:H,MATCH($D10,'1.4G'!D:D,0)),0) -> 0 | AX10: =IFERROR(INDEX('1.4G'!J:J,MATCH($D10,'1.4G'!D:D,0)),0) -> 0 | AY10: =IF(OR(AU10>0,AW10>0,AO10>0,AS10>0,AQ10>0),AU10+AW10+AO10+AS10+AQ10,0) -> 0 | AZ10: =IF(OR(AV10>0,AX10>0,AP10>0,AT10>0,AR10>0),AV10+AX10+AP10+AT10+AR10,0) -> 0 | BA10: =IFERROR(Table1[[#This Row],[Line total ordered for now]]*Table1[[#This Row],[GUARANTEED PRICE for STOCK orders collected before 31.3.22]],0) -> 0 | BB10: =AZ10*L10 -> 0 | BC10: =(AZ10+Table1[[#This Row],[Line total ordered for now]])*Z10 -> 0 | BD10: 196.12933
A11: 8 | C11: Shell - 2.5" | D11: CBS25009 | E11: 2.5" Dragon egg w/ crackling tail | F11: =IF(LEFT(AD11,4)="http",HYPERLINK(AD11,"Video"),"") -> Video | G11: 17 | I11: 214.47 | K11: 2.5966813 | L11: 283.5576 | M11: 311.60176 | N11: 2.5" | O11: 120 | P11: 3 | Q11: No | R11: 14 | S11: 8.12 | T11: 2.6 | U11: 1.3G | V11: UN0335 | W11: F4 | Z11: 0.063 | AA11: 1008-F4-69249629 | AB11: GB/HSE-320928 | AC11: 10/4/2030 | AD11: https://www.youtube.com/watch?v=UybdBBJ4ugQ&list=PLDAnggd3oes5F6oc2GvRW7F0KeontGh-k&index=2 | AE11: 0 | AF11: 0 | AG11: =IF(OR(B11="NEW2021",B11="NEW2022"),1,0) -> 0 | AH11: =SUM(AG$4:AG11) -> 1 | AI11: =IF(RIGHT(E11,6)="retail",1,0) -> 0 | AJ11: =COUNTIF(AI$4:AI11,">0") -> 0 | AK11: 0 | AL11: 0 | AM11: =IF(OR(Table1[[#This Row],[Line total ordered for now]]>0,Table1[[#This Row],[Line total ordered for season]]>0),1,"") | AN11: =COUNTIF(AM$4:AM11,">0") -> 0 | AO11: =Table1[[#This Row],[ORDER QUANTITY to be collected BEFORE 31.3.22]] -> 0 | AP11: =J11 -> 0 | AQ11: =IFERROR(INDEX(Retail!H:H,MATCH($D11,Retail!$D:$D,0)),0) -> 0 | AR11: =IFERROR(INDEX(Retail!J:J,MATCH($D11,Retail!$D:$D,0)),0) -> 0 | AS11: =IFERROR(INDEX('NEW2022'!H:H,MATCH($D11,'NEW2022'!D:D,0)),0) -> 0 | AT11: =IFERROR(INDEX('NEW2022'!J:J,MATCH($D11,'NEW2022'!D:D,0)),0) -> 0 | AU11: =IFERROR(INDEX('Quiet Items'!H:H,MATCH($D11,'Quiet Items'!D:D,0)),0) -> 0 | AV11: =IFERROR(INDEX('Quiet Items'!J:J,MATCH($D11,'Quiet Items'!D:D,0)),0) -> 0 | AW11: =IFERROR(INDEX('1.4G'!H:H,MATCH($D11,'1.4G'!D:D,0)),0) -> 0 | AX11: =IFERROR(INDEX('1.4G'!J:J,MATCH($D11,'1.4G'!D:D,0)),0) -> 0 | AY11: =IF(OR(AU11>0,AW11>0,AO11>0,AS11>0,AQ11>0),AU11+AW11+AO11+AS11+AQ11,0) -> 0 | AZ11: =IF(OR(AV11>0,AX11>0,AP11>0,AT11>0,AR11>0),AV11+AX11+AP11+AT11+AR11,0) -> 0 | BA11: =IFERROR(Table1[[#This Row],[Line total ordered for now]]*Table1[[#This Row],[GUARANTEED PRICE for STOCK orders collected before 31.3.22]],0) -> 0 | BB11: =AZ11*L11 -> 0 | BC11: =(AZ11+Table1[[#This Row],[Line total ordered for now]])*Z11 -> 0 | BD11: 264.86149
A12: 9 | C12: Shell - 2.5" | D12: CBS25010 | E12: 2.5" Brocade crown w/ brocade tail | F12: =IF(LEFT(AD12,4)="http",HYPERLINK(AD12,"Video"),"") -> Video | G12: 0 | I12: 214.37 | K12: 2.6366971 | L12: 287.92732 | M12: 316.40365 | N12: 2.5" | O12: 120 | P12: 7 | Q12: No | R12: 14 | S12: 8.12 | T12: 2.6 | U12: 1.3G | V12: UN0335 | W12: F4 | Z12: 0.063 | AA12: 1008-F4-69249629 | AB12: GB/HSE-320929 | AC12: 10/4/2030 | AD12: https://www.youtube.com/watch?v=0M0__L9N7zU&list=PLDAnggd3oes5F6oc2GvRW7F0KeontGh-k&index=3 | AE12: 0 | AF12: 0 | AG12: =IF(OR(B12="NEW2021",B12="NEW2022"),1,0) -> 0 | AH12: =SUM(AG$4:AG12) -> 1 | AI12: =IF(RIGHT(E12,6)="retail",1,0) -> 0 | AJ12: =COUNTIF(AI$4:AI12,">0") -> 0 | AK12: 0 | AL12: 0 | AM12: =IF(OR(Table1[[#This Row],[Line total ordered for now]]>0,Table1[[#This Row],[Line total ordered for season]]>0),1,"") | AN12: =COUNTIF(AM$4:AM12,">0") -> 0 | AO12: =Table1[[#This Row],[ORDER QUANTITY to be collected BEFORE 31.3.22]] -> 0 | AP12: =J12 -> 0 | AQ12: =IFERROR(INDEX(Retail!H:H,MATCH($D12,Retail!$D:$D,0)),0) -> 0 | AR12: =IFERROR(INDEX(Retail!J:J,MATCH($D12,Retail!$D:$D,0)),0) -> 0 | AS12: =IFERROR(INDEX('NEW2022'!H:H,MATCH($D12,'NEW2022'!D:D,0)),0) -> 0 | AT12: =IFERROR(INDEX('NEW2022'!J:J,MATCH($D12,'NEW2022'!D:D,0)),0) -> 0 | AU12: =IFERROR(INDEX('Quiet Items'!H:H,MATCH($D12,'Quiet Items'!D:D,0)),0) -> 0 | AV12: =IFERROR(INDEX('Quiet Items'!J:J,MATCH($D12,'Quiet Items'!D:D,0)),0) -> 0 | AW12: =IFERROR(INDEX('1.4G'!H:H,MATCH($D12,'1.4G'!D:D,0)),0) -> 0 | AX12: =IFERROR(INDEX('1.4G'!J:J,MATCH($D12,'1.4G'!D:D,0)),0) -> 0 | AY12: =IF(OR(AU12>0,AW12>0,AO12>0,AS12>0,AQ12>0),AU12+AW12+AO12+AS12+AQ12,0) -> 0 | AZ12: =IF(OR(AV12>0,AX12>0,AP12>0,AT12>0,AR12>0),AV12+AX12+AP12+AT12+AR12,0) -> 0 | BA12: =IFERROR(Table1[[#This Row],[Line total ordered for now]]*Table1[[#This Row],[GUARANTEED PRICE for STOCK orders collected before 31.3.22]],0) -> 0 | BB12: =AZ12*L12 -> 0 | BC12: =(AZ12+Table1[[#This Row],[Line total ordered for now]])*Z12 -> 0 | BD12: 268.9431
A13: 10 | C13: Shell - 2.5" Cylinder | D13: CY25003 | E13: 2.5" Orange with 4 crackers | F13: =IF(LEFT(AD13,4)="http",HYPERLINK(AD13,"Video"),"") -> Video | G13: 9 | I13: 158.75 | K13: 3.81 | L13: 173.355 | M13: 190.5 | N13: 2.5" | O13: 50 | P13: 5 | Q13: No | R13: 19 | S13: 10.6 | T13: 2.6 | U13: 1.3G | V13: UN0335 | W13: F4 | Z13: 0.053 | AA13: 1395-F4-0163/2012 | AB13: GB/HSE-358733 | AC13: 8/15/2028 | AD13: https://www.youtube.com/watch?v=d5_b7ip3JPk&list=PLDAnggd3oes5F6oc2GvRW7F0KeontGh-k&index=4 | AE13: 0 | AF13: 0 | AG13: =IF(OR(B13="NEW2021",B13="NEW2022"),1,0) -> 0 | AH13: =SUM(AG$4:AG13) -> 1 | AI13: =IF(RIGHT(E13,6)="retail",1,0) -> 0 | AJ13: =COUNTIF(AI$4:AI13,">0") -> 0 | AK13: 0 | AL13: 0 | AM13: =IF(OR(Table1[[#This Row],[Line total ordered for now]]>0,Table1[[#This Row],[Line total ordered for season]]>0),1,"") | AN13: =COUNTIF(AM$4:AM13,">0") -> 0 | AO13: =Table1[[#This Row],[ORDER QUANTITY to be collected BEFORE 31.3.22]] -> 0 | AP13: =J13 -> 0 | AQ13: =IFERROR(INDEX(Retail!H:H,MATCH($D13,Retail!$D:$D,0)),0) -> 0 | AR13: =IFERROR(INDEX(Retail!J:J,MATCH($D13,Retail!$D:$D,0)),0) -> 0 | AS13: =IFERROR(INDEX('NEW2022'!H:H,MATCH($D13,'NEW2022'!D:D,0)),0) -> 0 | AT13: =IFERROR(INDEX('NEW2022'!J:J,MATCH($D13,'NEW2022'!D:D,0)),0) -> 0 | AU13: =IFERROR(INDEX('Quiet Items'!H:H,MATCH($D13,'Quiet Items'!D:D,0)),0) -> 0 | AV13: =IFERROR(INDEX('Quiet Items'!J:J,MATCH($D13,'Quiet Items'!D:D,0)),0) -> 0 | AW13: =IFERROR(INDEX('1.4G'!H:H,MATCH($D13,'1.4G'!D:D,0)),0) -> 0 | AX13: =IFERROR(INDEX('1.4G'!J:J,MATCH($D13,'1.4G'!D:D,0)),0) -> 0 | AY13: =IF(OR(AU13>0,AW13>0,AO13>0,AS13>0,AQ13>0),AU13+AW13+AO13+AS13+AQ13,0) -> 0 | AZ13: =IF(OR(AV13>0,AX13>0,AP13>0,AT13>0,AR13>0),AV13+AX13+AP13+AT13+AR13,0) -> 0 | BA13: =IFERROR(Table1[[#This Row],[Line total ordered for now]]*Table1[[#This Row],[GUARANTEED PRICE for STOCK orders collected before 31.3.22]],0) -> 0 | BB13: =AZ13*L13 -> 0 | BC13: =(AZ13+Table1[[#This Row],[Line total ordered for now]])*Z13 -> 0 | BD13: 161.925
A14: 11 | C14: Shell - 2.5" Mixed | D14: S099 | E14: 2.5" Mixed case. Green, blue, red, silver, purple, yellow peony. | F14: =IF(LEFT(AD14,4)="http",HYPERLINK(AD14,"Video"),"") | G14: 0 | I14: 189.59 | K14: 2.2195726 | L14: 242.37733 | M14: 266.34872 | N14: 2.5" | O14: 120 | P14: 3 | Q14: No | R14: 15 | S14: 9.8 | T14: 2.6 | U14: 1.3G | V14: UN0335 | W14: F4 | Z14: 0.063 | AA14: 1008-F4-69249629 | AB14: GB/HSE-320921, GB/HSE-320922, GB/HSE-320923, GB/HSE-320924, GB/HSE-345097, GB/HSE-320920 | AC14: 11/1/2026 | AD14: 0 | AE14: 0 | AF14: 0 | AG14: =IF(OR(B14="NEW2021",B14="NEW2022"),1,0) -> 0 | AH14: =SUM(AG$4:AG14) -> 1 | AI14: =IF(RIGHT(E14,6)="retail",1,0) -> 0 | AJ14: =COUNTIF(AI$4:AI14,">0") -> 0 | AK14: 0 | AL14: 0 | AM14: =IF(OR(Table1[[#This Row],[Line total ordered for now]]>0,Table1[[#This Row],[Line total ordered for season]]>0),1,"") | AN14: =COUNTIF(AM$4:AM14,">0") -> 0 | AO14: =Table1[[#This Row],[ORDER QUANTITY to be collected BEFORE 31.3.22]] -> 0 | AP14: =J14 -> 0 | AQ14: =IFERROR(INDEX(Retail!H:H,MATCH($D14,Retail!$D:$D,0)),0) -> 0 | AR14: =IFERROR(INDEX(Retail!J:J,MATCH($D14,Retail!$D:$D,0)),0) -> 0 | AS14: =IFERROR(INDEX('NEW2022'!H:H,MATCH($D14,'NEW2022'!D:D,0)),0) -> 0 | AT14: =IFERROR(INDEX('NEW2022'!J:J,MATCH($D14,'NEW2022'!D:D,0)),0) -> 0 | AU14: =IFERROR(INDEX('Quiet Items'!H:H,MATCH($D14,'Quiet Items'!D:D,0)),0) -> 0 | AV14: =IFERROR(INDEX('Quiet Items'!J:J,MATCH($D14,'Quiet Items'!D:D,0)),0) -> 0 | AW14: =IFERROR(INDEX('1.4G'!H:H,MATCH($D14,'1.4G'!D:D,0)),0) -> 0 | AX14: =IFERROR(INDEX('1.4G'!J:J,MATCH($D14,'1.4G'!D:D,0)),0) -> 0 | AY14: =IF(OR(AU14>0,AW14>0,AO14>0,AS14>0,AQ14>0),AU14+AW14+AO14+AS14+AQ14,0) -> 0 | AZ14: =IF(OR(AV14>0,AX14>0,AP14>0,AT14>0,AR14>0),AV14+AX14+AP14+AT14+AR14,0) -> 0 | BA14: =IFERROR(Table1[[#This Row],[Line total ordered for now]]*Table1[[#This Row],[GUARANTEED PRICE for STOCK orders collected before 31.3.22]],0) -> 0 | BB14: =AZ14*L14 -> 0 | BC14: =(AZ14+Table1[[#This Row],[Line total ordered for now]])*Z14 -> 0 | BD14: 226.39641
A15: 12 | C15: Shell - 2.5" Mixed | D15: CBS25013-CBS25019 | E15: 2.5" Mixed case. Red coconut, silver crackling coconut, time rain, green to chrys., purple peony w/silver palm core, gold crown. | F15: =IF(LEFT(AD15,4)="http",HYPERLINK(AD15,"Video"),"") | G15: 0 | I15: 204.66 | K15: 2.401935 | L15: 262.2913 | M15: 288.2322 | N15: 2.5" | O15: 120 | P15: 3 | Q15: No | R15: 15 | S15: 9.8 | T15: 2.6 | U15: 1.3G | V15: UN0335 | W15: F4 | Z15: 0.063 | AA15: 1008-F4-69249629 | AB15: GB/HSE-350932, GB/HSE-350933, GB/HSE-350934, GB/HSE-350935, GB/HSE-350936, GB/HSE-350937 | AC15: 7/29/2030 | AD15: 0 | AE15: 0 | AF15: 0 | AG15: =IF(OR(B15="NEW2021",B15="NEW2022"),1,0) -> 0 | AH15: =SUM(AG$4:AG15) -> 1 | AI15: =IF(RIGHT(E15,6)="retail",1,0) -> 0 | AJ15: =COUNTIF(AI$4:AI15,">0") -> 0 | AK15: 0 | AL15: 0 | AM15: =IF(OR(Table1[[#This Row],[Line total ordered for now]]>0,Table1[[#This Row],[Line total ordered for season]]>0),1,"") | AN15: =COUNTIF(AM$4:AM15,">0") -> 0 | AO15: =Table1[[#This Row],[ORDER QUANTITY to be collected BEFORE 31.3.22]] -> 0 | AP15: =J15 -> 0 | AQ15: =IFERROR(INDEX(Retail!H:H,MATCH($D15,Retail!$D:$D,0)),0) -> 0 | AR15: =IFERROR(INDEX(Retail!J:J,MATCH($D15,Retail!$D:$D,0)),0) -> 0 | AS15: =IFERROR(INDEX('NEW2022'!H:H,MATCH($D15,'NEW2022'!D:D,0)),0) -> 0 | AT15: =IFERROR(INDEX('NEW2022'!J:J,MATCH($D15,'NEW2022'!D:D,0)),0) -> 0 | AU15: =IFERROR(INDEX('Quiet Items'!H:H,MATCH($D15,'Quiet Items'!D:D,0)),0) -> 0 | AV15: =IFERROR(INDEX('Quiet Items'!J:J,MATCH($D15,'Quiet Items'!D:D,0)),0) -> 0 | AW15: =IFERROR(INDEX('1.4G'!H:H,MATCH($D15,'1.4G'!D:D,0)),0) -> 0 | AX15: =IFERROR(INDEX('1.4G'!J:J,MATCH($D15,'1.4G'!D:D,0)),0) -> 0 | AY15: =IF(OR(AU15>0,AW15>0,AO15>0,AS15>0,AQ15>0),AU15+AW15+AO15+AS15+AQ15,0) -> 0 | AZ15: =IF(OR(AV15>0,AX15>0,AP15>0,AT15>0,AR15>0),AV15+AX15+AP15+AT15+AR15,0) -> 0 | BA15: =IFERROR(Table1[[#This Row],[Line total ordered for now]]*Table1[[#This Row],[GUARANTEED PRICE for STOCK orders collected before 31.3.22]],0) -> 0 | BB15: =AZ15*L15 -> 0 | BC15: =(AZ15+Table1[[#This Row],[Line total ordered for now]])*Z15 -> 0 | BD15: 244.99737
A16: 13 | C16: Shell - 3" | D16: CS30340 | E16: 3" Red peony to Ti chrys | F16: =IF(LEFT(AD16,4)="http",HYPERLINK(AD16,"Video"),"") -> Video | G16: 0 | I16: 179.18 | K16: 2.5383833 | L16: 182.7636 | M16: 182.7636 | N16: 3" | O16: 72 | P16: 5 | Q16: No | R16: 16 | S16: 11 | T16: 2.8 | U16: 1.3G | V16: UN0335 | W16: F4 | Z16: 0.063 | AA16: 1008-F4-69249633 | AB16: GB/HSE-345101 | AC16: 10/9/2028 | AD16: https://youtu.be/DH5Q5Q4kNEk | AE16: 0 | AF16: 0 | AG16: =IF(OR(B16="NEW2021",B16="NEW2022"),1,0) -> 0 | AH16: =SUM(AG$4:AG16) -> 1 | AI16: =IF(RIGHT(E16,6)="retail",1,0) -> 0 | AJ16: =COUNTIF(AI$4:AI16,">0") -> 0 | AK16: 0 | AL16: 0 | AM16: =IF(OR(Table1[[#This Row],[Line total ordered for now]]>0,Table1[[#This Row],[Line total ordered for season]]>0),1,"") | AN16: =COUNTIF(AM$4:AM16,">0") -> 0 | AO16: =Table1[[#This Row],[ORDER QUANTITY to be collected BEFORE 31.3.22]] -> 0 | AP16: =J16 -> 0 | AQ16: =IFERROR(INDEX(Retail!H:H,MATCH($D16,Retail!$D:$D,0)),0) -> 0 | AR16: =IFERROR(INDEX(Retail!J:J,MATCH($D16,Retail!$D:$D,0)),0) -> 0 | AS16: =IFERROR(INDEX('NEW2022'!H:H,MATCH($D16,'NEW2022'!D:D,0)),0) -> 0 | AT16: =IFERROR(INDEX('NEW2022'!J:J,MATCH($D16,'NEW2022'!D:D,0)),0) -> 0 | AU16: =IFERROR(INDEX('Quiet Items'!H:H,MATCH($D16,'Quiet Items'!D:D,0)),0) -> 0 | AV16: =IFERROR(INDEX('Quiet Items'!J:J,MATCH($D16,'Quiet Items'!D:D,0)),0) -> 0 | AW16: =IFERROR(INDEX('1.4G'!H:H,MATCH($D16,'1.4G'!D:D,0)),0) -> 0 | AX16: =IFERROR(INDEX('1.4G'!J:J,MATCH($D16,'1.4G'!D:D,0)),0) -> 0 | AY16: =IF(OR(AU16>0,AW16>0,AO16>0,AS16>0,AQ16>0),AU16+AW16+AO16+AS16+AQ16,0) -> 0 | AZ16: =IF(OR(AV16>0,AX16>0,AP16>0,AT16>0,AR16>0),AV16+AX16+AP16+AT16+AR16,0) -> 0 | BA16: =IFERROR(Table1[[#This Row],[Line total ordered for now]]*Table1[[#This Row],[GUARANTEED PRICE for STOCK orders collected before 31.3.22]],0) -> 0 | BB16: =AZ16*L16 -> 0 | BC16: =(AZ16+Table1[[#This Row],[Line total ordered for now]])*Z16 -> 0 | BD16: 155.34906
... A23: 20 | C23: Shell - 3" | D23: CS30397 | E23: 3" Purple and orange peony | F23: =IF(LEFT(AD23,4)="http",HYPERLINK(AD23,"Video"),"") -> Video | G23: 12 | I23: 167.18 | K23: 2.7156944 | L23: 177.9323 | M23: 195.53 | N23: 3" | O23: 72 | P23: 3 | Q23: No | R23: 17 | S23: 9.9 | T23: 2.8 | U23: 1.3G | V23: UN0335 | W23: F4 | Z23: 0.058539 | AA23: 1008-F4-69249633 | AB23: GB/HSE-358695 | AC23: 8/15/2028 | AD23: https://www.youtube.com/watch?v=SJq8SNAHz7g&list=PLDAnggd3oes5F6oc2GvRW7F0KeontGh-k&index=16&t=0s | AE23: 0 | AF23: 0 | AG23: =IF(OR(B23="NEW2021",B23="NEW2022"),1,0) -> 0 | AH23: =SUM(AG$4:AG23) -> 1 | AI23: =IF(RIGHT(E23,6)="retail",1,0) -> 0 | AJ23: =COUNTIF(AI$4:AI23,">0") -> 0 | AK23: 0 | AL23: 0 | AM23: =IF(OR(Table1[[#This Row],[Line total ordered for now]]>0,Table1[[#This Row],[Line total ordered for season]]>0),1,"") | AN23: =COUNTIF(AM$4:AM23,">0") -> 0 | AO23: =Table1[[#This Row],[ORDER QUANTITY to be collected BEFORE 31.3.22]] -> 0 | AP23: =J23 -> 0 | AQ23: =IFERROR(INDEX(Retail!H:H,MATCH($D23,Retail!$D:$D,0)),0) -> 0 | AR23: =IFERROR(INDEX(Retail!J:J,MATCH($D23,Retail!$D:$D,0)),0) -> 0 | AS23: =IFERROR(INDEX('NEW2022'!H:H,MATCH($D23,'NEW2022'!D:D,0)),0) -> 0 | AT23: =IFERROR(INDEX('NEW2022'!J:J,MATCH($D23,'NEW2022'!D:D,0)),0) -> 0 | AU23: =IFERROR(INDEX('Quiet Items'!H:H,MATCH($D23,'Quiet Items'!D:D,0)),0) -> 0 | AV23: =IFERROR(INDEX('Quiet Items'!J:J,MATCH($D23,'Quiet Items'!D:D,0)),0) -> 0 | AW23: =IFERROR(INDEX('1.4G'!H:H,MATCH($D23,'1.4G'!D:D,0)),0) -> 0 | AX23: =IFERROR(INDEX('1.4G'!J:J,MATCH($D23,'1.4G'!D:D,0)),0) -> 0 | AY23: =IF(OR(AU23>0,AW23>0,AO23>0,AS23>0,AQ23>0),AU23+AW23+AO23+AS23+AQ23,0) -> 0 | AZ23: =IF(OR(AV23>0,AX23>0,AP23>0,AT23>0,AR23>0),AV23+AX23+AP23+AT23+AR23,0) -> 0 | BA23: =IFERROR(Table1[[#This Row],[Line total ordered for now]]*Table1[[#This Row],[GUARANTEED PRICE for STOCK orders collected before 31.3.22]],0) -> 0 | BB23: =AZ23*L23 -> 0 | BC23: =(AZ23+Table1[[#This Row],[Line total ordered for now]])*Z23 -> 0 | BD23: 166.2005
A24: 21 | C24: Shell - 3" | D24: CS30401N | E24: 3" Silver wave to dragon eggs (was CS30405) | F24: =IF(LEFT(AD24,4)="http",HYPERLINK(AD24,"Video"),"") | G24: 0 | I24: 168.42 | K24: 2.7358333 | L24: 179.2518 | M24: 196.98 | N24: 3" | O24: 72 | P24: 5 | Q24: No | R24: 16 | S24: 11.5 | T24: 0 | U24: 1.3G | V24: UN0335 | W24: F4 | Z24: 0.057434 | AA24: 2806-F4-000627 | AB24: GB/HSE-360514 | AC24: 8/6/2029 | AD24: 0 | AE24: 0 | AF24: 0 | AG24: =IF(OR(B24="NEW2021",B24="NEW2022"),1,0) -> 0 | AH24: =SUM(AG$4:AG24) -> 1 | AI24: =IF(RIGHT(E24,6)="retail",1,0) -> 0 | AJ24: =COUNTIF(AI$4:AI24,">0") -> 0 | AK24: 0 | AL24: 0 | AM24: =IF(OR(Table1[[#This Row],[Line total ordered for now]]>0,Table1[[#This Row],[Line total ordered for season]]>0),1,"") | AN24: =COUNTIF(AM$4:AM24,">0") -> 0 | AO24: =Table1[[#This Row],[ORDER QUANTITY to be collected BEFORE 31.3.22]] -> 0 | AP24: =J24 -> 0 | AQ24: =IFERROR(INDEX(Retail!H:H,MATCH($D24,Retail!$D:$D,0)),0) -> 0 | AR24: =IFERROR(INDEX(Retail!J:J,MATCH($D24,Retail!$D:$D,0)),0) -> 0 | AS24: =IFERROR(INDEX('NEW2022'!H:H,MATCH($D24,'NEW2022'!D:D,0)),0) -> 0 | AT24: =IFERROR(INDEX('NEW2022'!J:J,MATCH($D24,'NEW2022'!D:D,0)),0) -> 0 | AU24: =IFERROR(INDEX('Quiet Items'!H:H,MATCH($D24,'Quiet Items'!D:D,0)),0) -> 0 | AV24: =IFERROR(INDEX('Quiet Items'!J:J,MATCH($D24,'Quiet Items'!D:D,0)),0) -> 0 | AW24: =IFERROR(INDEX('1.4G'!H:H,MATCH($D24,'1.4G'!D:D,0)),0) -> 0 | AX24: =IFERROR(INDEX('1.4G'!J:J,MATCH($D24,'1.4G'!D:D,0)),0) -> 0 | AY24: =IF(OR(AU24>0,AW24>0,AO24>0,AS24>0,AQ24>0),AU24+AW24+AO24+AS24+AQ24,0) -> 0 | AZ24: =IF(OR(AV24>0,AX24>0,AP24>0,AT24>0,AR24>0),AV24+AX24+AP24+AT24+AR24,0) -> 0 | BA24: =IFERROR(Table1[[#This Row],[Line total ordered for now]]*Table1[[#This Row],[GUARANTEED PRICE for STOCK orders collected before 31.3.22]],0) -> 0 | BB24: =AZ24*L24 -> 0 | BC24: =(AZ24+Table1[[#This Row],[Line total ordered for now]])*Z24 -> 0 | BD24: 167.433
A25: 22 | C25: Shell - 3" | D25: CS30417 | E25: 3" Green ring dark orange | F25: =IF(LEFT(AD25,4)="http",HYPERLINK(AD25,"Video"),"") -> Video | G25: 11 | I25: 168.66 | K25: 2.7397222 | L25: 179.5066 | M25: 197.26 | N25: 3" | O25: 72 | P25: 4 | Q25: No | R25: 17 | S25: 10.8 | T25: 2.8 | U25: 1.3G | V25: UN0335 | W25: F4 | Z25: 0.057434 | AA25: 2806-F4-001943 | AB25: GB/HSE-362392 | AC25: 11/30/2030 | AD25: https://youtu.be/0bFeGZoknX4 | AE25: 0 | AF25: 0 | AG25: =IF(OR(B25="NEW2021",B25="NEW2022"),1,0) -> 0 | AH25: =SUM(AG$4:AG25) -> 1 | AI25: =IF(RIGHT(E25,6)="retail",1,0) -> 0 | AJ25: =COUNTIF(AI$4:AI25,">0") -> 0 | AK25: 0 | AL25: 0 | AM25: =IF(OR(Table1[[#This Row],[Line total ordered for now]]>0,Table1[[#This Row],[Line total ordered for season]]>0),1,"") | AN25: =COUNTIF(AM$4:AM25,">0") -> 0 | AO25: =Table1[[#This Row],[ORDER QUANTITY to be collected BEFORE 31.3.22]] -> 0 | AP25: =J25 -> 0 | AQ25: =IFERROR(INDEX(Retail!H:H,MATCH($D25,Retail!$D:$D,0)),0) -> 0 | AR25: =IFERROR(INDEX(Retail!J:J,MATCH($D25,Retail!$D:$D,0)),0) -> 0 | AS25: =IFERROR(INDEX('NEW2022'!H:H,MATCH($D25,'NEW2022'!D:D,0)),0) -> 0 | AT25: =IFERROR(INDEX('NEW2022'!J:J,MATCH($D25,'NEW2022'!D:D,0)),0) -> 0 | AU25: =IFERROR(INDEX('Quiet Items'!H:H,MATCH($D25,'Quiet Items'!D:D,0)),0) -> 0 | AV25: =IFERROR(INDEX('Quiet Items'!J:J,MATCH($D25,'Quiet Items'!D:D,0)),0) -> 0 | AW25: =IFERROR(INDEX('1.4G'!H:H,MATCH($D25,'1.4G'!D:D,0)),0) -> 0 | AX25: =IFERROR(INDEX('1.4G'!J:J,MATCH($D25,'1.4G'!D:D,0)),0) -> 0 | AY25: =IF(OR(AU25>0,AW25>0,AO25>0,AS25>0,AQ25>0),AU25+AW25+AO25+AS25+AQ25,0) -> 0 | AZ25: =IF(OR(AV25>0,AX25>0,AP25>0,AT25>0,AR25>0),AV25+AX25+AP25+AT25+AR25,0) -> 0 | BA25: =IFERROR(Table1[[#This Row],[Line total ordered for now]]*Table1[[#This Row],[GUARANTEED PRICE for STOCK orders collected before 31.3.22]],0) -> 0 | BB25: =AZ25*L25 -> 0 | BC25: =(AZ25+Table1[[#This Row],[Line total ordered for now]])*Z25 -> 0 | BD25: 167.671
A26: 23 | C26: Shell - 3" | D26: CBS3006 | E26: 3" Purple peony | F26: =IF(LEFT(AD26,4)="http",HYPERLINK(AD26,"Video"),"") -> Video | G26: 0 | I26: 159.04 | K26: 2.741218 | L26: 179.6046 | M26: 197.3677 | N26: 3" | O26: 72 | P26: 3 | Q26: No | R26: 16 | S26: 9.42 | T26: 2.8 | U26: 1.3G | V26: UN0335 | W26: F4 | Z26: 0.063 | AA26: 1008-F4-69249633 | AB26: GB/HSE-320936 | AC26: 10/4/2030 | AD26: https://www.youtube.com/watch?v=AFi-7mPQXyQ&list=PLDAnggd3oes5F6oc2GvRW7F0KeontGh-k&index=11&t=0s | AE26: 0 | AF26: 0 | AG26: =IF(OR(B26="NEW2021",B26="NEW2022"),1,0) -> 0 | AH26: =SUM(AG$4:AG26) -> 1 | AI26: =IF(RIGHT(E26,6)="retail",1,0) -> 0 | AJ26: =COUNTIF(AI$4:AI26,">0") -> 0 | AK26: 0 | AL26: 0 | AM26: =IF(OR(Table1[[#This Row],[Line total ordered for now]]>0,Table1[[#This Row],[Line total ordered for season]]>0),1,"") | AN26: =COUNTIF(AM$4:AM26,">0") -> 0 | AO26: =Table1[[#This Row],[ORDER QUANTITY to be collected BEFORE 31.3.22]] -> 0 | AP26: =J26 -> 0 | AQ26: =IFERROR(INDEX(Retail!H:H,MATCH($D26,Retail!$D:$D,0)),0) -> 0 | AR26: =IFERROR(INDEX(Retail!J:J,MATCH($D26,Retail!$D:$D,0)),0) -> 0 | AS26: =IFERROR(INDEX('NEW2022'!H:H,MATCH($D26,'NEW2022'!D:D,0)),0) -> 0 | AT26: =IFERROR(INDEX('NEW2022'!J:J,MATCH($D26,'NEW2022'!D:D,0)),0) -> 0 | AU26: =IFERROR(INDEX('Quiet Items'!H:H,MATCH($D26,'Quiet Items'!D:D,0)),0) -> 0 | AV26: =IFERROR(INDEX('Quiet Items'!J:J,MATCH($D26,'Quiet Items'!D:D,0)),0) -> 0 | AW26: =IFERROR(INDEX('1.4G'!H:H,MATCH($D26,'1.4G'!D:D,0)),0) -> 0 | AX26: =IFERROR(INDEX('1.4G'!J:J,MATCH($D26,'1.4G'!D:D,0)),0) -> 0 | AY26: =IF(OR(AU26>0,AW26>0,AO26>0,AS26>0,AQ26>0),AU26+AW26+AO26+AS26+AQ26,0) -> 0 | AZ26: =IF(OR(AV26>0,AX26>0,AP26>0,AT26>0,AR26>0),AV26+AX26+AP26+AT26+AR26,0) -> 0 | BA26: =IFERROR(Table1[[#This Row],[Line total ordered for now]]*Table1[[#This Row],[GUARANTEED PRICE for STOCK orders collected before 31.3.22]],0) -> 0 | BB26: =AZ26*L26 -> 0 | BC26: =(AZ26+Table1[[#This Row],[Line total ordered for now]])*Z26 -> 0 | BD26: 167.76254
A27: 24 | C27: Shell - 3" | D27: CS30389 | E27: 3" Red & green crossette | F27: =IF(LEFT(AD27,4)="http",HYPERLINK(AD27,"Video"),"") -> Video | G27: 4 | I27: 195.9 | K27: 2.741218 | L27: 199.818 | M27: 197.3677 | N27: 3" | O27: 72 | P27: 7 | Q27: No | R27: 16 | S27: 9.42 | T27: 2.8 | U27: 1.3G | V27: UN0335 | W27: F4 | Z27: 0.063 | AA27: 1008-F4-69249633 | AB27: GB/HSE-358693 | AC27: 8/15/2028 | AD27: https://youtu.be/fjE3CfoVF_s | AE27: 0 | AF27: 0 | AG27: =IF(OR(B27="NEW2021",B27="NEW2022"),1,0) -> 0 | AH27: =SUM(AG$4:AG27) -> 1 | AI27: =IF(RIGHT(E27,6)="retail",1,0) -> 0 | AJ27: =COUNTIF(AI$4:AI27,">0") -> 0 | AK27: 0 | AL27: 0 | AM27: =IF(OR(Table1[[#This Row],[Line total ordered for now]]>0,Table1[[#This Row],[Line total ordered for season]]>0),1,"") | AN27: =COUNTIF(AM$4:AM27,">0") -> 0 | AO27: =Table1[[#This Row],[ORDER QUANTITY to be collected BEFORE 31.3.22]] -> 0 | AP27: =J27 -> 0 | AQ27: =IFERROR(INDEX(Retail!H:H,MATCH($D27,Retail!$D:$D,0)),0) -> 0 | AR27: =IFERROR(INDEX(Retail!J:J,MATCH($D27,Retail!$D:$D,0)),0) -> 0 | AS27: =IFERROR(INDEX('NEW2022'!H:H,MATCH($D27,'NEW2022'!D:D,0)),0) -> 0 | AT27: =IFERROR(INDEX('NEW2022'!J:J,MATCH($D27,'NEW2022'!D:D,0)),0) -> 0 | AU27: =IFERROR(INDEX('Quiet Items'!H:H,MATCH($D27,'Quiet Items'!D:D,0)),0) -> 0 | AV27: =IFERROR(INDEX('Quiet Items'!J:J,MATCH($D27,'Quiet Items'!D:D,0)),0) -> 0 | AW27: =IFERROR(INDEX('1.4G'!H:H,MATCH($D27,'1.4G'!D:D,0)),0) -> 0 | AX27: =IFERROR(INDEX('1.4G'!J:J,MATCH($D27,'1.4G'!D:D,0)),0) -> 0 | AY27: =IF(OR(AU27>0,AW27>0,AO27>0,AS27>0,AQ27>0),AU27+AW27+AO27+AS27+AQ27,0) -> 0 | AZ27: =IF(OR(AV27>0,AX27>0,AP27>0,AT27>0,AR27>0),AV27+AX27+AP27+AT27+AR27,0) -> 0 | BA27: =IFERROR(Table1[[#This Row],[Line total ordered for now]]*Table1[[#This Row],[GUARANTEED PRICE for STOCK orders collected before 31.3.22]],0) -> 0 | BB27: =AZ27*L27 -> 0 | BC27: =(AZ27+Table1[[#This Row],[Line total ordered for now]])*Z27 -> 0 | BD27: 167.76254
A28: 25 | C28: Shell - 3" | D28: CS30413 | E28: 3" Red green yellow coconut crossette | F28: =IF(LEFT(AD28,4)="http",HYPERLINK(AD28,"Video"),"") -> Video | G28: 2 | I28: 187.07 | K28: 2.741218 | L28: 190.8114 | M28: 197.3677 | N28: 3" | O28: 72 | P28: 5 | Q28: No | R28: 19 | S28: 9.42 | T28: 2.8 | U28: 1.3G | V28: UN0335 | W28: F4 | Z28: 0.063 | AA28: 2806-F4-001943 | AB28: GB/HSE-362487 | AC28: 11/30/2030 | AD28: https://youtu.be/afEaiXdYtPo | AE28: 0 | AF28: 0 | AG28: =IF(OR(B28="NEW2021",B28="NEW2022"),1,0) -> 0 | AH28: =SUM(AG$4:AG28) -> 1 | AI28: =IF(RIGHT(E28,6)="retail",1,0) -> 0 | AJ28: =COUNTIF(AI$4:AI28,">0") -> 0 | AK28: 0 | AL28: 0 | AM28: =IF(OR(Table1[[#This Row],[Line total ordered for now]]>0,Table1[[#This Row],[Line total ordered for season]]>0),1,"") | AN28: =COUNTIF(AM$4:AM28,">0") -> 0 | AO28: =Table1[[#This Row],[ORDER QUANTITY to be collected BEFORE 31.3.22]] -> 0 | AP28: =J28 -> 0 | AQ28: =IFERROR(INDEX(Retail!H:H,MATCH($D28,Retail!$D:$D,0)),0) -> 0 | AR28: =IFERROR(INDEX(Retail!J:J,MATCH($D28,Retail!$D:$D,0)),0) -> 0 | AS28: =IFERROR(INDEX('NEW2022'!H:H,MATCH($D28,'NEW2022'!D:D,0)),0) -> 0 | AT28: =IFERROR(INDEX('NEW2022'!J:J,MATCH($D28,'NEW2022'!D:D,0)),0) -> 0 | AU28: =IFERROR(INDEX('Quiet Items'!H:H,MATCH($D28,'Quiet Items'!D:D,0)),0) -> 0 | AV28: =IFERROR(INDEX('Quiet Items'!J:J,MATCH($D28,'Quiet Items'!D:D,0)),0) -> 0 | AW28: =IFERROR(INDEX('1.4G'!H:H,MATCH($D28,'1.4G'!D:D,0)),0) -> 0 | AX28: =IFERROR(INDEX('1.4G'!J:J,MATCH($D28,'1.4G'!D:D,0)),0) -> 0 | AY28: =IF(OR(AU28>0,AW28>0,AO28>0,AS28>0,AQ28>0),AU28+AW28+AO28+AS28+AQ28,0) -> 0 | AZ28: =IF(OR(AV28>0,AX28>0,AP28>0,AT28>0,AR28>0),AV28+AX28+AP28+AT28+AR28,0) -> 0 | BA28: =IFERROR(Table1[[#This Row],[Line total ordered for now]]*Table1[[#This Row],[GUARANTEED PRICE for STOCK orders collected before 31.3.22]],0) -> 0 | BB28: =AZ28*L28 -> 0 | BC28: =(AZ28+Table1[[#This Row],[Line total ordered for now]])*Z28 -> 0 | BD28: 167.76254
A29: 26 | C29: Shell - 3" | D29: S002 | E29: 3" Blue to Ti chrysanthemum | F29: =IF(LEFT(AD29,4)="http",HYPERLINK(AD29,"Video"),"") -> Video | G29: 0 | I29: 178.91 | K29: 2.741218 | L29: 179.6046 | M29: 197.3677 | N29: 3" | O29: 72 | P29: 5 | Q29: No | R29: 16 | S29: 9.42 | T29: 2.8 | U29: 1.3G | V29: UN0335 | W29: F4 | Z29: 0.063 | AA29: 1008-F4-69249633 | AB29: GB/HSE-337849 | AC29: 11/1/2026 | AD29: https://youtu.be/4EpwdLKZnF0 | AE29: 0 | AF29: 0 | AG29: =IF(OR(B29="NEW2021",B29="NEW2022"),1,0) -> 0 | AH29: =SUM(AG$4:AG29) -> 1 | AI29: =IF(RIGHT(E29,6)="retail",1,0) -> 0 | AJ29: =COUNTIF(AI$4:AI29,">0") -> 0 | AK29: 0 | AL29: 0 | AM29: =IF(OR(Table1[[#This Row],[Line total ordered for now]]>0,Table1[[#This Row],[Line total ordered for season]]>0),1,"") | AN29: =COUNTIF(AM$4:AM29,">0") -> 0 | AO29: =Table1[[#This Row],[ORDER QUANTITY to be collected BEFORE 31.3.22]] -> 0 | AP29: =J29 -> 0 | AQ29: =IFERROR(INDEX(Retail!H:H,MATCH($D29,Retail!$D:$D,0)),0) -> 0 | AR29: =IFERROR(INDEX(Retail!J:J,MATCH($D29,Retail!$D:$D,0)),0) -> 0 | AS29: =IFERROR(INDEX('NEW2022'!H:H,MATCH($D29,'NEW2022'!D:D,0)),0) -> 0 | AT29: =IFERROR(INDEX('NEW2022'!J:J,MATCH($D29,'NEW2022'!D:D,0)),0) -> 0 | AU29: =IFERROR(INDEX('Quiet Items'!H:H,MATCH($D29,'Quiet Items'!D:D,0)),0) -> 0 | AV29: =IFERROR(INDEX('Quiet Items'!J:J,MATCH($D29,'Quiet Items'!D:D,0)),0) -> 0 | AW29: =IFERROR(INDEX('1.4G'!H:H,MATCH($D29,'1.4G'!D:D,0)),0) -> 0 | AX29: =IFERROR(INDEX('1.4G'!J:J,MATCH($D29,'1.4G'!D:D,0)),0) -> 0 | AY29: =IF(OR(AU29>0,AW29>0,AO29>0,AS29>0,AQ29>0),AU29+AW29+AO29+AS29+AQ29,0) -> 0 | AZ29: =IF(OR(AV29>0,AX29>0,AP29>0,AT29>0,AR29>0),AV29+AX29+AP29+AT29+AR29,0) -> 0 | BA29: =IFERROR(Table1[[#This Row],[Line total ordered for now]]*Table1[[#This Row],[GUARANTEED PRICE for STOCK orders collected before 31.3.22]],0) -> 0 | BB29: =AZ29*L29 -> 0 | BC29: =(AZ29+Table1[[#This Row],[Line total ordered for now]])*Z29 -> 0 | BD29: 167.76254
A30: 27 | C30: Shell - 3" | D30: S017 | E30: 3" Red crackling wave | F30: =IF(LEFT(AD30,4)="http",HYPERLINK(AD30,"Video"),"") -> Video | G30: 0 | I30: 177.47 | K30: 2.741218 | L30: 179.6046 | M30: 197.3677 | N30: 3" | O30: 72 | P30: 6 | Q30: No | R30: 16 | S30: 9.42 | T30: 2.8 | U30: 1.3G | V30: UN0335 | W30: F4 | Z30: 0.063 | AA30: 1008-F4-69249633 | AB30: GB/HSE-337856 | AC30: 11/1/2026 | AD30: https://youtu.be/D3AJIhkOkPo | AE30: 0 | AF30: 0 | AG30: =IF(OR(B30="NEW2021",B30="NEW2022"),1,0) -> 0 | AH30: =SUM(AG$4:AG30) -> 1 | AI30: =IF(RIGHT(E30,6)="retail",1,0) -> 0 | AJ30: =COUNTIF(AI$4:AI30,">0") -> 0 | AK30: 0 | AL30: 0 | AM30: =IF(OR(Table1[[#This Row],[Line total ordered for now]]>0,Table1[[#This Row],[Line total ordered for season]]>0),1,"") | AN30: =COUNTIF(AM$4:AM30,">0") -> 0 | AO30: =Table1[[#This Row],[ORDER QUANTITY to be collected BEFORE 31.3.22]] -> 0 | AP30: =J30 -> 0 | AQ30: =IFERROR(INDEX(Retail!H:H,MATCH($D30,Retail!$D:$D,0)),0) -> 0 | AR30: =IFERROR(INDEX(Retail!J:J,MATCH($D30,Retail!$D:$D,0)),0) -> 0 | AS30: =IFERROR(INDEX('NEW2022'!H:H,MATCH($D30,'NEW2022'!D:D,0)),0) -> 0 | AT30: =IFERROR(INDEX('NEW2022'!J:J,MATCH($D30,'NEW2022'!D:D,0)),0) -> 0 | AU30: =IFERROR(INDEX('Quiet Items'!H:H,MATCH($D30,'Quiet Items'!D:D,0)),0) -> 0 | AV30: =IFERROR(INDEX('Quiet Items'!J:J,MATCH($D30,'Quiet Items'!D:D,0)),0) -> 0 | AW30: =IFERROR(INDEX('1.4G'!H:H,MATCH($D30,'1.4G'!D:D,0)),0) -> 0 | AX30: =IFERROR(INDEX('1.4G'!J:J,MATCH($D30,'1.4G'!D:D,0)),0) -> 0 | AY30: =IF(OR(AU30>0,AW30>0,AO30>0,AS30>0,AQ30>0),AU30+AW30+AO30+AS30+AQ30,0) -> 0 | AZ30: =IF(OR(AV30>0,AX30>0,AP30>0,AT30>0,AR30>0),AV30+AX30+AP30+AT30+AR30,0) -> 0 | BA30: =IFERROR(Table1[[#This Row],[Line total ordered for now]]*Table1[[#This Row],[GUARANTEED PRICE for STOCK orders collected before 31.3.22]],0) -> 0 | BB30: =AZ30*L30 -> 0 | BC30: =(AZ30+Table1[[#This Row],[Line total ordered for now]])*Z30 -> 0 | BD30: 167.76254
A31: 28 | C31: Shell - 3" | D31: CS30301 | E31: 3" Red & green falling leaves | F31: =IF(LEFT(AD31,4)="http",HYPERLINK(AD31,"Video"),"") -> Video | G31: 0 | I31: 166.83 | K31: 2.7888609 | L31: 182.72616 | M31: 200.79798 | N31: 3" | O31: 72 | P31: 8 | Q31: No | R31: 17 | S31: 9.9 | T31: 2.8 | U31: 1.3G | V31: UN0335 | W31: F4 | Z31: 0.057434 | AA31: 1008-F4-69249632 | AB31: GB/HSE-340879 | AC31: 8/3/2027 | AD31: https://youtu.be/XQN_2l2So3Y | AE31: 0 | AF31: 0 | AG31: =IF(OR(B31="NEW2021",B31="NEW2022"),1,0) -> 0 | AH31: =SUM(AG$4:AG31) -> 1 | AI31: =IF(RIGHT(E31,6)="retail",1,0) -> 0 | AJ31: =COUNTIF(AI$4:AI31,">0") -> 0 | AK31: 0 | AL31: 0 | AM31: =IF(OR(Table1[[#This Row],[Line total ordered for now]]>0,Table1[[#This Row],[Line total ordered for season]]>0),1,"") | AN31: =COUNTIF(AM$4:AM31,">0") -> 0 | AO31: =Table1[[#This Row],[ORDER QUANTITY to be collected BEFORE 31.3.22]] -> 0 | AP31: =J31 -> 0 | AQ31: =IFERROR(INDEX(Retail!H:H,MATCH($D31,Retail!$D:$D,0)),0) -> 0 | AR31: =IFERROR(INDEX(Retail!J:J,MATCH($D31,Retail!$D:$D,0)),0) -> 0 | AS31: =IFERROR(INDEX('NEW2022'!H:H,MATCH($D31,'NEW2022'!D:D,0)),0) -> 0 | AT31: =IFERROR(INDEX('NEW2022'!J:J,MATCH($D31,'NEW2022'!D:D,0)),0) -> 0 | AU31: =IFERROR(INDEX('Quiet Items'!H:H,MATCH($D31,'Quiet Items'!D:D,0)),0) -> 0 | AV31: =IFERROR(INDEX('Quiet Items'!J:J,MATCH($D31,'Quiet Items'!D:D,0)),0) -> 0 | AW31: =IFERROR(INDEX('1.4G'!H:H,MATCH($D31,'1.4G'!D:D,0)),0) -> 0 | AX31: =IFERROR(INDEX('1.4G'!J:J,MATCH($D31,'1.4G'!D:D,0)),0) -> 0 | AY31: =IF(OR(AU31>0,AW31>0,AO31>0,AS31>0,AQ31>0),AU31+AW31+AO31+AS31+AQ31,0) -> 0 | AZ31: =IF(OR(AV31>0,AX31>0,AP31>0,AT31>0,AR31>0),AV31+AX31+AP31+AT31+AR31,0) -> 0 | BA31: =IFERROR(Table1[[#This Row],[Line total ordered for now]]*Table1[[#This Row],[GUARANTEED PRICE for STOCK orders collected before 31.3.22]],0) -> 0 | BB31: =AZ31*L31 -> 0 | BC31: =(AZ31+Table1[[#This Row],[Line total ordered for now]])*Z31 -> 0 | BD31: 170.67829
A32: 29 | C32: Shell - 3" | D32: CS30414 | E32: 3" Red Wave chrysathemum with crackling coconut pistil | F32: =IF(LEFT(AD32,4)="http",HYPERLINK(AD32,"Video"),"") -> Video | G32: 0 | I32: 172.26 | K32: 2.7981944 | L32: 183.3377 | M32: 201.47 | N32: 3" | O32: 72 | P32: 4 | Q32: No | R32: 16 | S32: 9.42 | T32: 2.8 | U32: 1.3G | V32: UN0335 | W32: F4 | Z32: 0.063 | AA32: 2806-F4-001943 | AB32: GB/HSE-362488 | AC32: 11/30/2030 | AD32: https://youtu.be/GJtjcbrbc54 | AE32: 0 | AF32: 0 | AG32: =IF(OR(B32="NEW2021",B32="NEW2022"),1,0) -> 0 | AH32: =SUM(AG$4:AG32) -> 1 | AI32: =IF(RIGHT(E32,6)="retail",1,0) -> 0 | AJ32: =COUNTIF(AI$4:AI32,">0") -> 0 | AK32: 0 | AL32: 0 | AM32: =IF(OR(Table1[[#This Row],[Line total ordered for now]]>0,Table1[[#This Row],[Line total ordered for season]]>0),1,"") | AN32: =COUNTIF(AM$4:AM32,">0") -> 0 | AO32: =Table1[[#This Row],[ORDER QUANTITY to be collected BEFORE 31.3.22]] -> 0 | AP32: =J32 -> 0 | AQ32: =IFERROR(INDEX(Retail!H:H,MATCH($D32,Retail!$D:$D,0)),0) -> 0 | AR32: =IFERROR(INDEX(Retail!J:J,MATCH($D32,Retail!$D:$D,0)),0) -> 0 | AS32: =IFERROR(INDEX('NEW2022'!H:H,MATCH($D32,'NEW2022'!D:D,0)),0) -> 0 | AT32: =IFERROR(INDEX('NEW2022'!J:J,MATCH($D32,'NEW2022'!D:D,0)),0) -> 0 | AU32: =IFERROR(INDEX('Quiet Items'!H:H,MATCH($D32,'Quiet Items'!D:D,0)),0) -> 0 | AV32: =IFERROR(INDEX('Quiet Items'!J:J,MATCH($D32,'Quiet Items'!D:D,0)),0) -> 0 | AW32: =IFERROR(INDEX('1.4G'!H:H,MATCH($D32,'1.4G'!D:D,0)),0) -> 0 | AX32: =IFERROR(INDEX('1.4G'!J:J,MATCH($D32,'1.4G'!D:D,0)),0) -> 0 | AY32: =IF(OR(AU32>0,AW32>0,AO32>0,AS32>0,AQ32>0),AU32+AW32+AO32+AS32+AQ32,0) -> 0 | AZ32: =IF(OR(AV32>0,AX32>0,AP32>0,AT32>0,AR32>0),AV32+AX32+AP32+AT32+AR32,0) -> 0 | BA32: =IFERROR(Table1[[#This Row],[Line total ordered for now]]*Table1[[#This Row],[GUARANTEED PRICE for STOCK orders collected before 31.3.22]],0) -> 0 | BB32: =AZ32*L32 -> 0 | BC32: =(AZ32+Table1[[#This Row],[Line total ordered for now]])*Z32 -> 0 | BD32: 171.2495
A33: 30 | C33: Shell - 3" | D33: CS30303 | E33: 3" Gold coconut | F33: =IF(LEFT(AD33,4)="http",HYPERLINK(AD33,"Video"),"") -> Video | G33: 14 | I33: 173.82 | K33: 2.8234722 | L33: 184.9939 | M33: 203.29 | N33: 3" | O33: 72 | P33: 5 | Q33: No | R33: 16 | S33: 9.42 | T33: 2.8 | U33: 1.3G | V33: UN0335 | W33: F4 | Z33: 0.063 | AA33: 1008-F4-69249633 | AB33: GB/HSE-340881 | AC33: 8/3/2027 | AD33: https://youtu.be/NPCLItBf9cU | AE33: 0 | AF33: 0 | AG33: =IF(OR(B33="NEW2021",B33="NEW2022"),1,0) -> 0 | AH33: =SUM(AG$4:AG33) -> 1 | AI33: =IF(RIGHT(E33,6)="retail",1,0) -> 0 | AJ33: =COUNTIF(AI$4:AI33,">0") -> 0 | AK33: 0 | AL33: 0 | AM33: =IF(OR(Table1[[#This Row],[Line total ordered for now]]>0,Table1[[#This Row],[Line total ordered for season]]>0),1,"") | AN33: =COUNTIF(AM$4:AM33,">0") -> 0 | AO33: =Table1[[#This Row],[ORDER QUANTITY to be collected BEFORE 31.3.22]] -> 0 | AP33: =J33 -> 0 | AQ33: =IFERROR(INDEX(Retail!H:H,MATCH($D33,Retail!$D:$D,0)),0) -> 0 | AR33: =IFERROR(INDEX(Retail!J:J,MATCH($D33,Retail!$D:$D,0)),0) -> 0 | AS33: =IFERROR(INDEX('NEW2022'!H:H,MATCH($D33,'NEW2022'!D:D,0)),0) -> 0 | AT33: =IFERROR(INDEX('NEW2022'!J:J,MATCH($D33,'NEW2022'!D:D,0)),0) -> 0 | AU33: =IFERROR(INDEX('Quiet Items'!H:H,MATCH($D33,'Quiet Items'!D:D,0)),0) -> 0 | AV33: =IFERROR(INDEX('Quiet Items'!J:J,MATCH($D33,'Quiet Items'!D:D,0)),0) -> 0 | AW33: =IFERROR(INDEX('1.4G'!H:H,MATCH($D33,'1.4G'!D:D,0)),0) -> 0 | AX33: =IFERROR(INDEX('1.4G'!J:J,MATCH($D33,'1.4G'!D:D,0)),0) -> 0 | AY33: =IF(OR(AU33>0,AW33>0,AO33>0,AS33>0,AQ33>0),AU33+AW33+AO33+AS33+AQ33,0) -> 0 | AZ33: =IF(OR(AV33>0,AX33>0,AP33>0,AT33>0,AR33>0),AV33+AX33+AP33+AT33+AR33,0) -> 0 | BA33: =IFERROR(Table1[[#This Row],[Line total ordered for now]]*Table1[[#This Row],[GUARANTEED PRICE for STOCK orders collected before 31.3.22]],0) -> 0 | BB33: =AZ33*L33 -> 0 | BC33: =(AZ33+Table1[[#This Row],[Line total ordered for now]])*Z33 -> 0 | BD33: 172.7965
A34: 31 | C34: Shell - 3" | D34: CS30069 | E34: 3" Colour Dahlia | F34: =IF(LEFT(AD34,4)="http",HYPERLINK(AD34,"Video"),"") -> Video | G34: 0 | I34: 161.2 | K34: 2.8400121 | L34: 186.07759 | M34: 204.48087 | N34: 3" | O34: 72 | P34: 0 | Q34: No | R34: 16 | S34: 9.42 | T34: 2.8 | U34: 1.3G | V34: UN0335 | W34: F4 | Z34: 0 | AA34: 1008-F4-69249633 | AB34: GB/HSE-321113 | AC34: 10/4/2030 | AD34: https://youtu.be/t_ffGW50fmg | AE34: 0 | AF34: 0 | AG34: =IF(OR(B34="NEW2021",B34="NEW2022"),1,0) -> 0 | AH34: =SUM(AG$4:AG34) -> 1 | AI34: =IF(RIGHT(E34,6)="retail",1,0) -> 0 | AJ34: =COUNTIF(AI$4:AI34,">0") -> 0 | AK34: 0 | AL34: 0 | AM34: =IF(OR(Table1[[#This Row],[Line total ordered for now]]>0,Table1[[#This Row],[Line total ordered for season]]>0),1,"") | AN34: =COUNTIF(AM$4:AM34,">0") -> 0 | AO34: =Table1[[#This Row],[ORDER QUANTITY to be collected BEFORE 31.3.22]] -> 0 | AP34: =J34 -> 0 | AQ34: =IFERROR(INDEX(Retail!H:H,MATCH($D34,Retail!$D:$D,0)),0) -> 0 | AR34: =IFERROR(INDEX(Retail!J:J,MATCH($D34,Retail!$D:$D,0)),0) -> 0 | AS34: =IFERROR(INDEX('NEW2022'!H:H,MATCH($D34,'NEW2022'!D:D,0)),0) -> 0 | AT34: =IFERROR(INDEX('NEW2022'!J:J,MATCH($D34,'NEW2022'!D:D,0)),0) -> 0 | AU34: =IFERROR(INDEX('Quiet Items'!H:H,MATCH($D34,'Quiet Items'!D:D,0)),0) -> 0 | AV34: =IFERROR(INDEX('Quiet Items'!J:J,MATCH($D34,'Quiet Items'!D:D,0)),0) -> 0 | AW34: =IFERROR(INDEX('1.4G'!H:H,MATCH($D34,'1.4G'!D:D,0)),0) -> 0 | AX34: =IFERROR(INDEX('1.4G'!J:J,MATCH($D34,'1.4G'!D:D,0)),0) -> 0 | AY34: =IF(OR(AU34>0,AW34>0,AO34>0,AS34>0,AQ34>0),AU34+AW34+AO34+AS34+AQ34,0) -> 0 | AZ34: =IF(OR(AV34>0,AX34>0,AP34>0,AT34>0,AR34>0),AV34+AX34+AP34+AT34+AR34,0) -> 0 | BA34: =IFERROR(Table1[[#This Row],[Line total ordered for now]]*Table1[[#This Row],[GUARANTEED PRICE for STOCK orders collected before 31.3.22]],0) -> 0 | BB34: =AZ34*L34 -> 0 | BC34: =(AZ34+Table1[[#This Row],[Line total ordered for now]])*Z34 -> 0 | BD34: 173.80874
A35: 32 | C35: Shell - 3" | D35: CS30419 | E35: 3" Chrys coconut with blue pistil | F35: =IF(LEFT(AD35,4)="http",HYPERLINK(AD35,"Video"),"") -> Video | G35: 0 | I35: 175.4 | K35: 2.8491667 | L35: 186.6774 | M35: 205.14 | N35: 3" | O35: 72 | P35: 6 | Q35: No | R35: 17 | S35: 11.5 | T35: 2.8 | U35: 1.3G | V35: UN0335 | W35: F4 | Z35: 0.0574 | AA35: 2806-F4-001943 | AB35: GB/HSE-362491 | AC35: 11/30/2030 | AD35: https://www.dropbox.com/s/xjuvezrdx6jpbgy/P1040292.MOV?dl=0 | AE35: 0 | AF35: 0 | AG35: =IF(OR(B35="NEW2021",B35="NEW2022"),1,0) -> 0 | AH35: =SUM(AG$4:AG35) -> 1 | AI35: =IF(RIGHT(E35,6)="retail",1,0) -> 0 | AJ35: =COUNTIF(AI$4:AI35,">0") -> 0 | AK35: 0 | AL35: 0 | AM35: =IF(OR(Table1[[#This Row],[Line total ordered for now]]>0,Table1[[#This Row],[Line total ordered for season]]>0),1,"") | AN35: =COUNTIF(AM$4:AM35,">0") -> 0 | AO35: =Table1[[#This Row],[ORDER QUANTITY to be collected BEFORE 31.3.22]] -> 0 | AP35: =J35 -> 0 | AQ35: =IFERROR(INDEX(Retail!H:H,MATCH($D35,Retail!$D:$D,0)),0) -> 0 | AR35: =IFERROR(INDEX(Retail!J:J,MATCH($D35,Retail!$D:$D,0)),0) -> 0 | AS35: =IFERROR(INDEX('NEW2022'!H:H,MATCH($D35,'NEW2022'!D:D,0)),0) -> 0 | AT35: =IFERROR(INDEX('NEW2022'!J:J,MATCH($D35,'NEW2022'!D:D,0)),0) -> 0 | AU35: =IFERROR(INDEX('Quiet Items'!H:H,MATCH($D35,'Quiet Items'!D:D,0)),0) -> 0 | AV35: =IFERROR(INDEX('Quiet Items'!J:J,MATCH($D35,'Quiet Items'!D:D,0)),0) -> 0 | AW35: =IFERROR(INDEX('1.4G'!H:H,MATCH($D35,'1.4G'!D:D,0)),0) -> 0 | AX35: =IFERROR(INDEX('1.4G'!J:J,MATCH($D35,'1.4G'!D:D,0)),0) -> 0 | AY35: =IF(OR(AU35>0,AW35>0,AO35>0,AS35>0,AQ35>0),AU35+AW35+AO35+AS35+AQ35,0) -> 0 | AZ35: =IF(OR(AV35>0,AX35>0,AP35>0,AT35>0,AR35>0),AV35+AX35+AP35+AT35+AR35,0) -> 0 | BA35: =IFERROR(Table1[[#This Row],[Line total ordered for now]]*Table1[[#This Row],[GUARANTEED PRICE for STOCK orders collected before 31.3.22]],0) -> 0 | BB35: =AZ35*L35 -> 0 | BC35: =(AZ35+Table1[[#This Row],[Line total ordered for now]])*Z35 -> 0 | BD35: 174.369
A36: 33 | C36: Shell - 3" | D36: CS30313 | E36: 3" Red ring to chrys. pistil | F36: =IF(LEFT(AD36,4)="http",HYPERLINK(AD36,"Video"),"") -> Video | G36: 5 | I36: 176.09 | K36: 2.8604167 | L36: 187.4145 | M36: 205.95 | N36: 3" | O36: 72 | P36: 3 | Q36: No | R36: 16 | S36: 9.42 | T36: 2.8 | U36: 1.3G | V36: UN0335 | W36: F4 | Z36: 0.062957 | AA36: 1008-F4-69249633 | AB36: GB/HSE-345077 | AC36: 10/9/2028 | AD36: https://youtu.be/Ary1ogjblg8 | AE36: 0 | AF36: 0 | AG36: =IF(OR(B36="NEW2021",B36="NEW2022"),1,0) -> 0 | AH36: =SUM(AG$4:AG36) -> 1 | AI36: =IF(RIGHT(E36,6)="retail",1,0) -> 0 | AJ36: =COUNTIF(AI$4:AI36,">0") -> 0 | AK36: 0 | AL36: 0 | AM36: =IF(OR(Table1[[#This Row],[Line total ordered for now]]>0,Table1[[#This Row],[Line total ordered for season]]>0),1,"") | AN36: =COUNTIF(AM$4:AM36,">0") -> 0 | AO36: =Table1[[#This Row],[ORDER QUANTITY to be collected BEFORE 31.3.22]] -> 0 | AP36: =J36 -> 0 | AQ36: =IFERROR(INDEX(Retail!H:H,MATCH($D36,Retail!$D:$D,0)),0) -> 0 | AR36: =IFERROR(INDEX(Retail!J:J,MATCH($D36,Retail!$D:$D,0)),0) -> 0 | AS36: =IFERROR(INDEX('NEW2022'!H:H,MATCH($D36,'NEW2022'!D:D,0)),0) -> 0 | AT36: =IFERROR(INDEX('NEW2022'!J:J,MATCH($D36,'NEW2022'!D:D,0)),0) -> 0 | AU36: =IFERROR(INDEX('Quiet Items'!H:H,MATCH($D36,'Quiet Items'!D:D,0)),0) -> 0 | AV36: =IFERROR(INDEX('Quiet Items'!J:J,MATCH($D36,'Quiet Items'!D:D,0)),0) -> 0 | AW36: =IFERROR(INDEX('1.4G'!H:H,MATCH($D36,'1.4G'!D:D,0)),0) -> 0 | AX36: =IFERROR(INDEX('1.4G'!J:J,MATCH($D36,'1.4G'!D:D,0)),0) -> 0 | AY36: =IF(OR(AU36>0,AW36>0,AO36>0,AS36>0,AQ36>0),AU36+AW36+AO36+AS36+AQ36,0) -> 0 | AZ36: =IF(OR(AV36>0,AX36>0,AP36>0,AT36>0,AR36>0),AV36+AX36+AP36+AT36+AR36,0) -> 0 | BA36: =IFERROR(Table1[[#This Row],[Line total ordered for now]]*Table1[[#This Row],[GUARANTEED PRICE for STOCK orders collected before 31.3.22]],0) -> 0 | BB36: =AZ36*L36 -> 0 | BC36: =(AZ36+Table1[[#This Row],[Line total ordered for now]])*Z36 -> 0 | BD36: 175.0575
... A60: 57 | C60: Shell - 3" | D60: CS30394 | E60: 3" Colour fish | F60: =IF(LEFT(AD60,4)="http",HYPERLINK(AD60,"Video"),"") -> Video | G60: 0 | I60: 170.57 | K60: 3.1219409 | L60: 204.54957 | M60: 224.77975 | N60: 3" | O60: 72 | P60: 5 | Q60: No | R60: 16 | S60: 9.42 | T60: 2.8 | U60: 1.3G | V60: UN0335 | W60: F4 | Z60: 0.063 | AA60: 1008-F4-69249632 | AB60: GB/HSE-358694 | AC60: 8/15/2028 | AD60: https://youtu.be/3ESyoU3yKYA | AE60: 0 | AF60: 0 | AG60: =IF(OR(B60="NEW2021",B60="NEW2022"),1,0) -> 0 | AH60: =SUM(AG$4:AG60) -> 1 | AI60: =IF(RIGHT(E60,6)="retail",1,0) -> 0 | AJ60: =COUNTIF(AI$4:AI60,">0") -> 0 | AK60: 0 | AL60: 0 | AM60: =IF(OR(Table1[[#This Row],[Line total ordered for now]]>0,Table1[[#This Row],[Line total ordered for season]]>0),1,"") | AN60: =COUNTIF(AM$4:AM60,">0") -> 0 | AO60: =Table1[[#This Row],[ORDER QUANTITY to be collected BEFORE 31.3.22]] -> 0 | AP60: =J60 -> 0 | AQ60: =IFERROR(INDEX(Retail!H:H,MATCH($D60,Retail!$D:$D,0)),0) -> 0 | AR60: =IFERROR(INDEX(Retail!J:J,MATCH($D60,Retail!$D:$D,0)),0) -> 0 | AS60: =IFERROR(INDEX('NEW2022'!H:H,MATCH($D60,'NEW2022'!D:D,0)),0) -> 0 | AT60: =IFERROR(INDEX('NEW2022'!J:J,MATCH($D60,'NEW2022'!D:D,0)),0) -> 0 | AU60: =IFERROR(INDEX('Quiet Items'!H:H,MATCH($D60,'Quiet Items'!D:D,0)),0) -> 0 | AV60: =IFERROR(INDEX('Quiet Items'!J:J,MATCH($D60,'Quiet Items'!D:D,0)),0) -> 0 | AW60: =IFERROR(INDEX('1.4G'!H:H,MATCH($D60,'1.4G'!D:D,0)),0) -> 0 | AX60: =IFERROR(INDEX('1.4G'!J:J,MATCH($D60,'1.4G'!D:D,0)),0) -> 0 | AY60: =IF(OR(AU60>0,AW60>0,AO60>0,AS60>0,AQ60>0),AU60+AW60+AO60+AS60+AQ60,0) -> 0 | AZ60: =IF(OR(AV60>0,AX60>0,AP60>0,AT60>0,AR60>0),AV60+AX60+AP60+AT60+AR60,0) -> 0 | BA60: =IFERROR(Table1[[#This Row],[Line total ordered for now]]*Table1[[#This Row],[GUARANTEED PRICE for STOCK orders collected before 31.3.22]],0) -> 0 | BB60: =AZ60*L60 -> 0 | BC60: =(AZ60+Table1[[#This Row],[Line total ordered for now]])*Z60 -> 0 | BD60: 191.06278
A61: 58 | C61: Shell - 3" | D61: CS30402N | E61: 3" Blue dahlia into red strobe pistil (was CS30406) | F61: =IF(LEFT(AD61,4)="http",HYPERLINK(AD61,"Video"),"") | G61: 0 | I61: 194 | K61: 3.15125 | L61: 206.4699 | M61: 226.89 | N61: 3" | O61: 72 | P61: 5 | Q61: No | R61: 17 | S61: 11.5 | T61: 0 | U61: 1.3G | V61: UN0335 | W61: F4 | Z61: 0.057434 | AA61: 2806-F4-000627 | AB61: GB/HSE-360515 | AC61: 8/6/2029 | AD61: 0 | AE61: 0 | AF61: 0 | AG61: =IF(OR(B61="NEW2021",B61="NEW2022"),1,0) -> 0 | AH61: =SUM(AG$4:AG61) -> 1 | AI61: =IF(RIGHT(E61,6)="retail",1,0) -> 0 | AJ61: =COUNTIF(AI$4:AI61,">0") -> 0 | AK61: 0 | AL61: 0 | AM61: =IF(OR(Table1[[#This Row],[Line total ordered for now]]>0,Table1[[#This Row],[Line total ordered for season]]>0),1,"") | AN61: =COUNTIF(AM$4:AM61,">0") -> 0 | AO61: =Table1[[#This Row],[ORDER QUANTITY to be collected BEFORE 31.3.22]] -> 0 | AP61: =J61 -> 0 | AQ61: =IFERROR(INDEX(Retail!H:H,MATCH($D61,Retail!$D:$D,0)),0) -> 0 | AR61: =IFERROR(INDEX(Retail!J:J,MATCH($D61,Retail!$D:$D,0)),0) -> 0 | AS61: =IFERROR(INDEX('NEW2022'!H:H,MATCH($D61,'NEW2022'!D:D,0)),0) -> 0 | AT61: =IFERROR(INDEX('NEW2022'!J:J,MATCH($D61,'NEW2022'!D:D,0)),0) -> 0 | AU61: =IFERROR(INDEX('Quiet Items'!H:H,MATCH($D61,'Quiet Items'!D:D,0)),0) -> 0 | AV61: =IFERROR(INDEX('Quiet Items'!J:J,MATCH($D61,'Quiet Items'!D:D,0)),0) -> 0 | AW61: =IFERROR(INDEX('1.4G'!H:H,MATCH($D61,'1.4G'!D:D,0)),0) -> 0 | AX61: =IFERROR(INDEX('1.4G'!J:J,MATCH($D61,'1.4G'!D:D,0)),0) -> 0 | AY61: =IF(OR(AU61>0,AW61>0,AO61>0,AS61>0,AQ61>0),AU61+AW61+AO61+AS61+AQ61,0) -> 0 | AZ61: =IF(OR(AV61>0,AX61>0,AP61>0,AT61>0,AR61>0),AV61+AX61+AP61+AT61+AR61,0) -> 0 | BA61: =IFERROR(Table1[[#This Row],[Line total ordered for now]]*Table1[[#This Row],[GUARANTEED PRICE for STOCK orders collected before 31.3.22]],0) -> 0 | BB61: =AZ61*L61 -> 0 | BC61: =(AZ61+Table1[[#This Row],[Line total ordered for now]])*Z61 -> 0 | BD61: 192.8565
A62: 59 | C62: Shell - 3" | D62: CS30001 | E62: 3" Brocade Crown with Tail | F62: =IF(LEFT(AD62,4)="http",HYPERLINK(AD62,"Video"),"") -> Video | G62: 4 | I62: 190.03 | K62: 3.1597562 | L62: 207.02723 | M62: 227.50245 | N62: 3" | O62: 72 | P62: 10 | Q62: No | R62: 16 | S62: 9.42 | T62: 2.8 | U62: 1.3G | V62: UN0335 | W62: F4 | Z62: 0.062957 | AA62: 1008-F4-69249633 | AB62: GB/HSE-324662 | AC62: 1/6/2031 | AD62: https://youtu.be/8LgNiYFIdXY | AE62: 0 | AF62: 0 | AG62: =IF(OR(B62="NEW2021",B62="NEW2022"),1,0) -> 0 | AH62: =SUM(AG$4:AG62) -> 1 | AI62: =IF(RIGHT(E62,6)="retail",1,0) -> 0 | AJ62: =COUNTIF(AI$4:AI62,">0") -> 0 | AK62: 0 | AL62: 0 | AM62: =IF(OR(Table1[[#This Row],[Line total ordered for now]]>0,Table1[[#This Row],[Line total ordered for season]]>0),1,"") | AN62: =COUNTIF(AM$4:AM62,">0") -> 0 | AO62: =Table1[[#This Row],[ORDER QUANTITY to be collected BEFORE 31.3.22]] -> 0 | AP62: =J62 -> 0 | AQ62: =IFERROR(INDEX(Retail!H:H,MATCH($D62,Retail!$D:$D,0)),0) -> 0 | AR62: =IFERROR(INDEX(Retail!J:J,MATCH($D62,Retail!$D:$D,0)),0) -> 0 | AS62: =IFERROR(INDEX('NEW2022'!H:H,MATCH($D62,'NEW2022'!D:D,0)),0) -> 0 | AT62: =IFERROR(INDEX('NEW2022'!J:J,MATCH($D62,'NEW2022'!D:D,0)),0) -> 0 | AU62: =IFERROR(INDEX('Quiet Items'!H:H,MATCH($D62,'Quiet Items'!D:D,0)),0) -> 0 | AV62: =IFERROR(INDEX('Quiet Items'!J:J,MATCH($D62,'Quiet Items'!D:D,0)),0) -> 0 | AW62: =IFERROR(INDEX('1.4G'!H:H,MATCH($D62,'1.4G'!D:D,0)),0) -> 0 | AX62: =IFERROR(INDEX('1.4G'!J:J,MATCH($D62,'1.4G'!D:D,0)),0) -> 0 | AY62: =IF(OR(AU62>0,AW62>0,AO62>0,AS62>0,AQ62>0),AU62+AW62+AO62+AS62+AQ62,0) -> 0 | AZ62: =IF(OR(AV62>0,AX62>0,AP62>0,AT62>0,AR62>0),AV62+AX62+AP62+AT62+AR62,0) -> 0 | BA62: =IFERROR(Table1[[#This Row],[Line total ordered for now]]*Table1[[#This Row],[GUARANTEED PRICE for STOCK orders collected before 31.3.22]],0) -> 0 | BB62: =AZ62*L62 -> 0 | BC62: =(AZ62+Table1[[#This Row],[Line total ordered for now]])*Z62 -> 0 | BD62: 193.37708
A63: 60 | C63: Shell - 3" | D63: S020 | E63: 3" Brocade crown to red with gold tail | F63: =IF(LEFT(AD63,4)="http",HYPERLINK(AD63,"Video"),"") -> Video | G63: 0 | I63: 190.05 | K63: 3.1601973 | L63: 207.05613 | M63: 227.53421 | N63: 3" | O63: 72 | P63: 8 | Q63: No | R63: 16 | S63: 9.42 | T63: 2.8 | U63: 1.3G | V63: UN0335 | W63: F4 | Z63: 0.063 | AA63: 1008-F4-69249633 | AB63: GB/HSE-337857 | AC63: 11/1/2026 | AD63: https://youtu.be/qwX125tY41A | AE63: 0 | AF63: 0 | AG63: =IF(OR(B63="NEW2021",B63="NEW2022"),1,0) -> 0 | AH63: =SUM(AG$4:AG63) -> 1 | AI63: =IF(RIGHT(E63,6)="retail",1,0) -> 0 | AJ63: =COUNTIF(AI$4:AI63,">0") -> 0 | AK63: 0 | AL63: 0 | AM63: =IF(OR(Table1[[#This Row],[Line total ordered for now]]>0,Table1[[#This Row],[Line total ordered for season]]>0),1,"") | AN63: =COUNTIF(AM$4:AM63,">0") -> 0 | AO63: =Table1[[#This Row],[ORDER QUANTITY to be collected BEFORE 31.3.22]] -> 0 | AP63: =J63 -> 0 | AQ63: =IFERROR(INDEX(Retail!H:H,MATCH($D63,Retail!$D:$D,0)),0) -> 0 | AR63: =IFERROR(INDEX(Retail!J:J,MATCH($D63,Retail!$D:$D,0)),0) -> 0 | AS63: =IFERROR(INDEX('NEW2022'!H:H,MATCH($D63,'NEW2022'!D:D,0)),0) -> 0 | AT63: =IFERROR(INDEX('NEW2022'!J:J,MATCH($D63,'NEW2022'!D:D,0)),0) -> 0 | AU63: =IFERROR(INDEX('Quiet Items'!H:H,MATCH($D63,'Quiet Items'!D:D,0)),0) -> 0 | AV63: =IFERROR(INDEX('Quiet Items'!J:J,MATCH($D63,'Quiet Items'!D:D,0)),0) -> 0 | AW63: =IFERROR(INDEX('1.4G'!H:H,MATCH($D63,'1.4G'!D:D,0)),0) -> 0 | AX63: =IFERROR(INDEX('1.4G'!J:J,MATCH($D63,'1.4G'!D:D,0)),0) -> 0 | AY63: =IF(OR(AU63>0,AW63>0,AO63>0,AS63>0,AQ63>0),AU63+AW63+AO63+AS63+AQ63,0) -> 0 | AZ63: =IF(OR(AV63>0,AX63>0,AP63>0,AT63>0,AR63>0),AV63+AX63+AP63+AT63+AR63,0) -> 0 | BA63: =IFERROR(Table1[[#This Row],[Line total ordered for now]]*Table1[[#This Row],[GUARANTEED PRICE for STOCK orders collected before 31.3.22]],0) -> 0 | BB63: =AZ63*L63 -> 0 | BC63: =(AZ63+Table1[[#This Row],[Line total ordered for now]])*Z63 -> 0 | BD63: 193.40408
A64: 61 | C64: Shell - 3" | D64: S022 | E64: 3" Brocade crown to green with gold tail | F64: =IF(LEFT(AD64,4)="http",HYPERLINK(AD64,"Video"),"") -> Video | G64: 0 | I64: 190.05 | K64: 3.1601973 | L64: 207.05613 | M64: 227.53421 | N64: 3" | O64: 72 | P64: 8 | Q64: No | R64: 16 | S64: 9.42 | T64: 2.8 | U64: 1.3G | V64: UN0335 | W64: F4 | Z64: 0.063 | AA64: 1008-F4-69249633 | AB64: GB/HSE-337858 | AC64: 11/1/2026 | AD64: https://youtu.be/ixmAh3LFwD4 | AE64: 0 | AF64: 0 | AG64: =IF(OR(B64="NEW2021",B64="NEW2022"),1,0) -> 0 | AH64: =SUM(AG$4:AG64) -> 1 | AI64: =IF(RIGHT(E64,6)="retail",1,0) -> 0 | AJ64: =COUNTIF(AI$4:AI64,">0") -> 0 | AK64: 0 | AL64: 0 | AM64: =IF(OR(Table1[[#This Row],[Line total ordered for now]]>0,Table1[[#This Row],[Line total ordered for season]]>0),1,"") | AN64: =COUNTIF(AM$4:AM64,">0") -> 0 | AO64: =Table1[[#This Row],[ORDER QUANTITY to be collected BEFORE 31.3.22]] -> 0 | AP64: =J64 -> 0 | AQ64: =IFERROR(INDEX(Retail!H:H,MATCH($D64,Retail!$D:$D,0)),0) -> 0 | AR64: =IFERROR(INDEX(Retail!J:J,MATCH($D64,Retail!$D:$D,0)),0) -> 0 | AS64: =IFERROR(INDEX('NEW2022'!H:H,MATCH($D64,'NEW2022'!D:D,0)),0) -> 0 | AT64: =IFERROR(INDEX('NEW2022'!J:J,MATCH($D64,'NEW2022'!D:D,0)),0) -> 0 | AU64: =IFERROR(INDEX('Quiet Items'!H:H,MATCH($D64,'Quiet Items'!D:D,0)),0) -> 0 | AV64: =IFERROR(INDEX('Quiet Items'!J:J,MATCH($D64,'Quiet Items'!D:D,0)),0) -> 0 | AW64: =IFERROR(INDEX('1.4G'!H:H,MATCH($D64,'1.4G'!D:D,0)),0) -> 0 | AX64: =IFERROR(INDEX('1.4G'!J:J,MATCH($D64,'1.4G'!D:D,0)),0) -> 0 | AY64: =IF(OR(AU64>0,AW64>0,AO64>0,AS64>0,AQ64>0),AU64+AW64+AO64+AS64+AQ64,0) -> 0 | AZ64: =IF(OR(AV64>0,AX64>0,AP64>0,AT64>0,AR64>0),AV64+AX64+AP64+AT64+AR64,0) -> 0 | BA64: =IFERROR(Table1[[#This Row],[Line total ordered for now]]*Table1[[#This Row],[GUARANTEED PRICE for STOCK orders collected before 31.3.22]],0) -> 0 | BB64: =AZ64*L64 -> 0 | BC64: =(AZ64+Table1[[#This Row],[Line total ordered for now]])*Z64 -> 0 | BD64: 193.40408
A65: 62 | C65: Shell - 3" | D65: S023 | E65: 3" Brocade crown to blue with gold tail | F65: =IF(LEFT(AD65,4)="http",HYPERLINK(AD65,"Video"),"") -> Video | G65: 2 | I65: 192.9 | K65: 3.1601973 | L65: 207.05613 | M65: 227.53421 | N65: 3" | O65: 72 | P65: 8 | Q65: No | R65: 16 | S65: 9.42 | T65: 2.8 | U65: 1.3G | V65: UN0335 | W65: F4 | Z65: 0.063 | AA65: 1008-F4-69249633 | AB65: GB/HSE-337859 | AC65: 11/1/2026 | AD65: https://youtu.be/44GXdCHroy4 | AE65: 0 | AF65: 0 | AG65: =IF(OR(B65="NEW2021",B65="NEW2022"),1,0) -> 0 | AH65: =SUM(AG$4:AG65) -> 1 | AI65: =IF(RIGHT(E65,6)="retail",1,0) -> 0 | AJ65: =COUNTIF(AI$4:AI65,">0") -> 0 | AK65: 0 | AL65: 0 | AM65: =IF(OR(Table1[[#This Row],[Line total ordered for now]]>0,Table1[[#This Row],[Line total ordered for season]]>0),1,"") | AN65: =COUNTIF(AM$4:AM65,">0") -> 0 | AO65: =Table1[[#This Row],[ORDER QUANTITY to be collected BEFORE 31.3.22]] -> 0 | AP65: =J65 -> 0 | AQ65: =IFERROR(INDEX(Retail!H:H,MATCH($D65,Retail!$D:$D,0)),0) -> 0 | AR65: =IFERROR(INDEX(Retail!J:J,MATCH($D65,Retail!$D:$D,0)),0) -> 0 | AS65: =IFERROR(INDEX('NEW2022'!H:H,MATCH($D65,'NEW2022'!D:D,0)),0) -> 0 | AT65: =IFERROR(INDEX('NEW2022'!J:J,MATCH($D65,'NEW2022'!D:D,0)),0) -> 0 | AU65: =IFERROR(INDEX('Quiet Items'!H:H,MATCH($D65,'Quiet Items'!D:D,0)),0) -> 0 | AV65: =IFERROR(INDEX('Quiet Items'!J:J,MATCH($D65,'Quiet Items'!D:D,0)),0) -> 0 | AW65: =IFERROR(INDEX('1.4G'!H:H,MATCH($D65,'1.4G'!D:D,0)),0) -> 0 | AX65: =IFERROR(INDEX('1.4G'!J:J,MATCH($D65,'1.4G'!D:D,0)),0) -> 0 | AY65: =IF(OR(AU65>0,AW65>0,AO65>0,AS65>0,AQ65>0),AU65+AW65+AO65+AS65+AQ65,0) -> 0 | AZ65: =IF(OR(AV65>0,AX65>0,AP65>0,AT65>0,AR65>0),AV65+AX65+AP65+AT65+AR65,0) -> 0 | BA65: =IFERROR(Table1[[#This Row],[Line total ordered for now]]*Table1[[#This Row],[GUARANTEED PRICE for STOCK orders collected before 31.3.22]],0) -> 0 | BB65: =AZ65*L65 -> 0 | BC65: =(AZ65+Table1[[#This Row],[Line total ordered for now]])*Z65 -> 0 | BD65: 193.40408
A66: 63 | C66: Shell - 3" | D66: CS30343 | E66: 3" Blue peony with white palm pistil | F66: =IF(LEFT(AD66,4)="http",HYPERLINK(AD66,"Video"),"") -> Video | G66: 3 | I66: 177.47 | K66: 3.1668348 | L66: 207.49102 | M66: 228.01211 | N66: 3" | O66: 72 | P66: 5 | Q66: No | R66: 16 | S66: 9.42 | T66: 2.8 | U66: 1.3G | V66: UN0335 | W66: F4 | Z66: 0.063 | AA66: 1008-F4-69249633 | AB66: GB/HSE-348247 | AC66: 2/4/2030 | AD66: https://www.youtube.com/watch?v=7haY11MpnIk&list=PLDAnggd3oes5F6oc2GvRW7F0KeontGh-k&index=15&t=0s | AE66: 0 | AF66: 0 | AG66: =IF(OR(B66="NEW2021",B66="NEW2022"),1,0) -> 0 | AH66: =SUM(AG$4:AG66) -> 1 | AI66: =IF(RIGHT(E66,6)="retail",1,0) -> 0 | AJ66: =COUNTIF(AI$4:AI66,">0") -> 0 | AK66: 0 | AL66: 0 | AM66: =IF(OR(Table1[[#This Row],[Line total ordered for now]]>0,Table1[[#This Row],[Line total ordered for season]]>0),1,"") | AN66: =COUNTIF(AM$4:AM66,">0") -> 0 | AO66: =Table1[[#This Row],[ORDER QUANTITY to be collected BEFORE 31.3.22]] -> 0 | AP66: =J66 -> 0 | AQ66: =IFERROR(INDEX(Retail!H:H,MATCH($D66,Retail!$D:$D,0)),0) -> 0 | AR66: =IFERROR(INDEX(Retail!J:J,MATCH($D66,Retail!$D:$D,0)),0) -> 0 | AS66: =IFERROR(INDEX('NEW2022'!H:H,MATCH($D66,'NEW2022'!D:D,0)),0) -> 0 | AT66: =IFERROR(INDEX('NEW2022'!J:J,MATCH($D66,'NEW2022'!D:D,0)),0) -> 0 | AU66: =IFERROR(INDEX('Quiet Items'!H:H,MATCH($D66,'Quiet Items'!D:D,0)),0) -> 0 | AV66: =IFERROR(INDEX('Quiet Items'!J:J,MATCH($D66,'Quiet Items'!D:D,0)),0) -> 0 | AW66: =IFERROR(INDEX('1.4G'!H:H,MATCH($D66,'1.4G'!D:D,0)),0) -> 0 | AX66: =IFERROR(INDEX('1.4G'!J:J,MATCH($D66,'1.4G'!D:D,0)),0) -> 0 | AY66: =IF(OR(AU66>0,AW66>0,AO66>0,AS66>0,AQ66>0),AU66+AW66+AO66+AS66+AQ66,0) -> 0 | AZ66: =IF(OR(AV66>0,AX66>0,AP66>0,AT66>0,AR66>0),AV66+AX66+AP66+AT66+AR66,0) -> 0 | BA66: =IFERROR(Table1[[#This Row],[Line total ordered for now]]*Table1[[#This Row],[GUARANTEED PRICE for STOCK orders collected before 31.3.22]],0) -> 0 | BB66: =AZ66*L66 -> 0 | BC66: =(AZ66+Table1[[#This Row],[Line total ordered for now]])*Z66 -> 0 | BD66: 193.81029
A67: 64 | C67: Shell - 3" | D67: CS30316 | E67: 3" Red coconut tree | F67: =IF(LEFT(AD67,4)="http",HYPERLINK(AD67,"Video"),"") -> Video | G67: 0 | I67: 176.58 | K67: 3.1714265 | L67: 207.79186 | M67: 228.34271 | N67: 3" | O67: 72 | P67: 3 | Q67: No | R67: 16 | S67: 9.42 | T67: 2.8 | U67: 1.3G | V67: UN0335 | W67: F4 | Z67: 0.063 | AA67: 1008-F4-69249633 | AB67: GB/HSE-345079 | AC67: 10/9/2028 | AD67: https://youtu.be/tPHMpcC_Bg4 | AE67: 0 | AF67: 0 | AG67: =IF(OR(B67="NEW2021",B67="NEW2022"),1,0) -> 0 | AH67: =SUM(AG$4:AG67) -> 1 | AI67: =IF(RIGHT(E67,6)="retail",1,0) -> 0 | AJ67: =COUNTIF(AI$4:AI67,">0") -> 0 | AK67: 0 | AL67: 0 | AM67: =IF(OR(Table1[[#This Row],[Line total ordered for now]]>0,Table1[[#This Row],[Line total ordered for season]]>0),1,"") | AN67: =COUNTIF(AM$4:AM67,">0") -> 0 | AO67: =Table1[[#This Row],[ORDER QUANTITY to be collected BEFORE 31.3.22]] -> 0 | AP67: =J67 -> 0 | AQ67: =IFERROR(INDEX(Retail!H:H,MATCH($D67,Retail!$D:$D,0)),0) -> 0 | AR67: =IFERROR(INDEX(Retail!J:J,MATCH($D67,Retail!$D:$D,0)),0) -> 0 | AS67: =IFERROR(INDEX('NEW2022'!H:H,MATCH($D67,'NEW2022'!D:D,0)),0) -> 0 | AT67: =IFERROR(INDEX('NEW2022'!J:J,MATCH($D67,'NEW2022'!D:D,0)),0) -> 0 | AU67: =IFERROR(INDEX('Quiet Items'!H:H,MATCH($D67,'Quiet Items'!D:D,0)),0) -> 0 | AV67: =IFERROR(INDEX('Quiet Items'!J:J,MATCH($D67,'Quiet Items'!D:D,0)),0) -> 0 | AW67: =IFERROR(INDEX('1.4G'!H:H,MATCH($D67,'1.4G'!D:D,0)),0) -> 0 | AX67: =IFERROR(INDEX('1.4G'!J:J,MATCH($D67,'1.4G'!D:D,0)),0) -> 0 | AY67: =IF(OR(AU67>0,AW67>0,AO67>0,AS67>0,AQ67>0),AU67+AW67+AO67+AS67+AQ67,0) -> 0 | AZ67: =IF(OR(AV67>0,AX67>0,AP67>0,AT67>0,AR67>0),AV67+AX67+AP67+AT67+AR67,0) -> 0 | BA67: =IFERROR(Table1[[#This Row],[Line total ordered for now]]*Table1[[#This Row],[GUARANTEED PRICE for STOCK orders collected before 31.3.22]],0) -> 0 | BB67: =AZ67*L67 -> 0 | BC67: =(AZ67+Table1[[#This Row],[Line total ordered for now]])*Z67 -> 0 | BD67: 194.0913
A68: 65 | C68: Shell - 3" | D68: CS30317 | E68: 3" Smiley face | F68: =IF(LEFT(AD68,4)="http",HYPERLINK(AD68,"Video"),"") -> Video | G68: 16 | I68: 176.32 | K68: 3.1714265 | L68: 207.79186 | M68: 228.34271 | N68: 3" | O68: 72 | P68: 3 | Q68: No | R68: 17 | S68: 11.5 | T68: 2.8 | U68: 1.3G | V68: UN0335 | W68: F4 | Z68: 0.063 | AA68: 1008-F4-69249633 | AB68: GB/HSE-345248 | AC68: 10/9/2028 | AD68: https://youtu.be/ydxdQljzBUo | AE68: 0 | AF68: 0 | AG68: =IF(OR(B68="NEW2021",B68="NEW2022"),1,0) -> 0 | AH68: =SUM(AG$4:AG68) -> 1 | AI68: =IF(RIGHT(E68,6)="retail",1,0) -> 0 | AJ68: =COUNTIF(AI$4:AI68,">0") -> 0 | AK68: 0 | AL68: 0 | AM68: =IF(OR(Table1[[#This Row],[Line total ordered for now]]>0,Table1[[#This Row],[Line total ordered for season]]>0),1,"") | AN68: =COUNTIF(AM$4:AM68,">0") -> 0 | AO68: =Table1[[#This Row],[ORDER QUANTITY to be collected BEFORE 31.3.22]] -> 0 | AP68: =J68 -> 0 | AQ68: =IFERROR(INDEX(Retail!H:H,MATCH($D68,Retail!$D:$D,0)),0) -> 0 | AR68: =IFERROR(INDEX(Retail!J:J,MATCH($D68,Retail!$D:$D,0)),0) -> 0 | AS68: =IFERROR(INDEX('NEW2022'!H:H,MATCH($D68,'NEW2022'!D:D,0)),0) -> 0 | AT68: =IFERROR(INDEX('NEW2022'!J:J,MATCH($D68,'NEW2022'!D:D,0)),0) -> 0 | AU68: =IFERROR(INDEX('Quiet Items'!H:H,MATCH($D68,'Quiet Items'!D:D,0)),0) -> 0 | AV68: =IFERROR(INDEX('Quiet Items'!J:J,MATCH($D68,'Quiet Items'!D:D,0)),0) -> 0 | AW68: =IFERROR(INDEX('1.4G'!H:H,MATCH($D68,'1.4G'!D:D,0)),0) -> 0 | AX68: =IFERROR(INDEX('1.4G'!J:J,MATCH($D68,'1.4G'!D:D,0)),0) -> 0 | AY68: =IF(OR(AU68>0,AW68>0,AO68>0,AS68>0,AQ68>0),AU68+AW68+AO68+AS68+AQ68,0) -> 0 | AZ68: =IF(OR(AV68>0,AX68>0,AP68>0,AT68>0,AR68>0),AV68+AX68+AP68+AT68+AR68,0) -> 0 | BA68: =IFERROR(Table1[[#This Row],[Line total ordered for now]]*Table1[[#This Row],[GUARANTEED PRICE for STOCK orders collected before 31.3.22]],0) -> 0 | BB68: =AZ68*L68 -> 0 | BC68: =(AZ68+Table1[[#This Row],[Line total ordered for now]])*Z68 -> 0 | BD68: 194.0913
A69: 66 | C69: Shell - 3" | D69: CS30384 | E69: 3" Midnight snow ring | F69: =IF(LEFT(AD69,4)="http",HYPERLINK(AD69,"Video"),"") -> Video | G69: 2 | I69: 166.7 | K69: 3.1819847 | L69: 208.48364 | M69: 229.1029 | N69: 3" | O69: 72 | P69: 4 | Q69: No | R69: 17 | S69: 9.9 | T69: 2.8 | U69: 1.3G | V69: UN0335 | W69: F4 | Z69: 0.0585 | AA69: 1170-F4-03087 | AB69: GB/HSE-355762 | AC69: 8/3/2027 | AD69: https://youtu.be/YgnbozPUx6c | AE69: 0 | AF69: 0 | AG69: =IF(OR(B69="NEW2021",B69="NEW2022"),1,0) -> 0 | AH69: =SUM(AG$4:AG69) -> 1 | AI69: =IF(RIGHT(E69,6)="retail",1,0) -> 0 | AJ69: =COUNTIF(AI$4:AI69,">0") -> 0 | AK69: 0 | AL69: 0 | AM69: =IF(OR(Table1[[#This Row],[Line total ordered for now]]>0,Table1[[#This Row],[Line total ordered for season]]>0),1,"") | AN69: =COUNTIF(AM$4:AM69,">0") -> 0 | AO69: =Table1[[#This Row],[ORDER QUANTITY to be collected BEFORE 31.3.22]] -> 0 | AP69: =J69 -> 0 | AQ69: =IFERROR(INDEX(Retail!H:H,MATCH($D69,Retail!$D:$D,0)),0) -> 0 | AR69: =IFERROR(INDEX(Retail!J:J,MATCH($D69,Retail!$D:$D,0)),0) -> 0 | AS69: =IFERROR(INDEX('NEW2022'!H:H,MATCH($D69,'NEW2022'!D:D,0)),0) -> 0 | AT69: =IFERROR(INDEX('NEW2022'!J:J,MATCH($D69,'NEW2022'!D:D,0)),0) -> 0 | AU69: =IFERROR(INDEX('Quiet Items'!H:H,MATCH($D69,'Quiet Items'!D:D,0)),0) -> 0 | AV69: =IFERROR(INDEX('Quiet Items'!J:J,MATCH($D69,'Quiet Items'!D:D,0)),0) -> 0 | AW69: =IFERROR(INDEX('1.4G'!H:H,MATCH($D69,'1.4G'!D:D,0)),0) -> 0 | AX69: =IFERROR(INDEX('1.4G'!J:J,MATCH($D69,'1.4G'!D:D,0)),0) -> 0 | AY69: =IF(OR(AU69>0,AW69>0,AO69>0,AS69>0,AQ69>0),AU69+AW69+AO69+AS69+AQ69,0) -> 0 | AZ69: =IF(OR(AV69>0,AX69>0,AP69>0,AT69>0,AR69>0),AV69+AX69+AP69+AT69+AR69,0) -> 0 | BA69: =IFERROR(Table1[[#This Row],[Line total ordered for now]]*Table1[[#This Row],[GUARANTEED PRICE for STOCK orders collected before 31.3.22]],0) -> 0 | BB69: =AZ69*L69 -> 0 | BC69: =(AZ69+Table1[[#This Row],[Line total ordered for now]])*Z69 -> 0 | BD69: 194.73747
A70: 67 | C70: Shell - 3" | D70: CBS3002 | E70: 3" Multicolour peony | F70: =IF(LEFT(AD70,4)="http",HYPERLINK(AD70,"Video"),"") -> Video | G70: 13 | I70: 166.97 | K70: 3.1823848 | L70: 208.50986 | M70: 229.13171 | N70: 3" | O70: 72 | P70: 3 | Q70: No | R70: 16 | S70: 9.42 | T70: 2.8 | U70: 1.3G | V70: UN0335 | W70: F4 | Z70: 0.058539 | AA70: 1008-F4-69249633 | AB70: GB/HSE-320932 | AC70: 10/4/2030 | AD70: https://www.youtube.com/watch?v=WFf0IUnfS9E&list=PLDAnggd3oes5F6oc2GvRW7F0KeontGh-k&index=8&t=0s | AE70: 0 | AF70: 0 | AG70: =IF(OR(B70="NEW2021",B70="NEW2022"),1,0) -> 0 | AH70: =SUM(AG$4:AG70) -> 1 | AI70: =IF(RIGHT(E70,6)="retail",1,0) -> 0 | AJ70: =COUNTIF(AI$4:AI70,">0") -> 0 | AK70: 0 | AL70: 0 | AM70: =IF(OR(Table1[[#This Row],[Line total ordered for now]]>0,Table1[[#This Row],[Line total ordered for season]]>0),1,"") | AN70: =COUNTIF(AM$4:AM70,">0") -> 0 | AO70: =Table1[[#This Row],[ORDER QUANTITY to be collected BEFORE 31.3.22]] -> 0 | AP70: =J70 -> 0 | AQ70: =IFERROR(INDEX(Retail!H:H,MATCH($D70,Retail!$D:$D,0)),0) -> 0 | AR70: =IFERROR(INDEX(Retail!J:J,MATCH($D70,Retail!$D:$D,0)),0) -> 0 | AS70: =IFERROR(INDEX('NEW2022'!H:H,MATCH($D70,'NEW2022'!D:D,0)),0) -> 0 | AT70: =IFERROR(INDEX('NEW2022'!J:J,MATCH($D70,'NEW2022'!D:D,0)),0) -> 0 | AU70: =IFERROR(INDEX('Quiet Items'!H:H,MATCH($D70,'Quiet Items'!D:D,0)),0) -> 0 | AV70: =IFERROR(INDEX('Quiet Items'!J:J,MATCH($D70,'Quiet Items'!D:D,0)),0) -> 0 | AW70: =IFERROR(INDEX('1.4G'!H:H,MATCH($D70,'1.4G'!D:D,0)),0) -> 0 | AX70: =IFERROR(INDEX('1.4G'!J:J,MATCH($D70,'1.4G'!D:D,0)),0) -> 0 | AY70: =IF(OR(AU70>0,AW70>0,AO70>0,AS70>0,AQ70>0),AU70+AW70+AO70+AS70+AQ70,0) -> 0 | AZ70: =IF(OR(AV70>0,AX70>0,AP70>0,AT70>0,AR70>0),AV70+AX70+AP70+AT70+AR70,0) -> 0 | BA70: =IFERROR(Table1[[#This Row],[Line total ordered for now]]*Table1[[#This Row],[GUARANTEED PRICE for STOCK orders collected before 31.3.22]],0) -> 0 | BB70: =AZ70*L70 -> 0 | BC70: =(AZ70+Table1[[#This Row],[Line total ordered for now]])*Z70 -> 0 | BD70: 194.76195
A71: 68 | C71: Shell - 3" | D71: CS30322 | E71: 3" Gold (glitter) crown to green | F71: =IF(LEFT(AD71,4)="http",HYPERLINK(AD71,"Video"),"") -> Video | G71: 0 | I71: 181.52 | K71: 3.2117514 | L71: 210.43395 | M71: 231.2461 | N71: 3" | O71: 72 | P71: 6 | Q71: No | R71: 17 | S71: 11.5 | T71: 2.8 | U71: 1.3G | V71: UN0335 | W71: F4 | Z71: 0.063 | AA71: 1008-F4-69249633 | AB71: GB/HSE-345253 | AC71: 10/9/2028 | AD71: https://youtu.be/9OOLyOglSFQ | AE71: 0 | AF71: 0 | AG71: =IF(OR(B71="NEW2021",B71="NEW2022"),1,0) -> 0 | AH71: =SUM(AG$4:AG71) -> 1 | AI71: =IF(RIGHT(E71,6)="retail",1,0) -> 0 | AJ71: =COUNTIF(AI$4:AI71,">0") -> 0 | AK71: 0 | AL71: 0 | AM71: =IF(OR(Table1[[#This Row],[Line total ordered for now]]>0,Table1[[#This Row],[Line total ordered for season]]>0),1,"") | AN71: =COUNTIF(AM$4:AM71,">0") -> 0 | AO71: =Table1[[#This Row],[ORDER QUANTITY to be collected BEFORE 31.3.22]] -> 0 | AP71: =J71 -> 0 | AQ71: =IFERROR(INDEX(Retail!H:H,MATCH($D71,Retail!$D:$D,0)),0) -> 0 | AR71: =IFERROR(INDEX(Retail!J:J,MATCH($D71,Retail!$D:$D,0)),0) -> 0 | AS71: =IFERROR(INDEX('NEW2022'!H:H,MATCH($D71,'NEW2022'!D:D,0)),0) -> 0 | AT71: =IFERROR(INDEX('NEW2022'!J:J,MATCH($D71,'NEW2022'!D:D,0)),0) -> 0 | AU71: =IFERROR(INDEX('Quiet Items'!H:H,MATCH($D71,'Quiet Items'!D:D,0)),0) -> 0 | AV71: =IFERROR(INDEX('Quiet Items'!J:J,MATCH($D71,'Quiet Items'!D:D,0)),0) -> 0 | AW71: =IFERROR(INDEX('1.4G'!H:H,MATCH($D71,'1.4G'!D:D,0)),0) -> 0 | AX71: =IFERROR(INDEX('1.4G'!J:J,MATCH($D71,'1.4G'!D:D,0)),0) -> 0 | AY71: =IF(OR(AU71>0,AW71>0,AO71>0,AS71>0,AQ71>0),AU71+AW71+AO71+AS71+AQ71,0) -> 0 | AZ71: =IF(OR(AV71>0,AX71>0,AP71>0,AT71>0,AR71>0),AV71+AX71+AP71+AT71+AR71,0) -> 0 | BA71: =IFERROR(Table1[[#This Row],[Line total ordered for now]]*Table1[[#This Row],[GUARANTEED PRICE for STOCK orders collected before 31.3.22]],0) -> 0 | BB71: =AZ71*L71 -> 0 | BC71: =(AZ71+Table1[[#This Row],[Line total ordered for now]])*Z71 -> 0 | BD71: 196.55919
A72: 69 | C72: Shell - 3" | D72: CS30321 | E72: 3" Flower (glitter)crown to red | F72: =IF(LEFT(AD72,4)="http",HYPERLINK(AD72,"Video"),"") -> Video | G72: 14 | I72: 198.2 | K72: 3.2194444 | L72: 210.938 | M72: 231.8 | N72: 3" | O72: 72 | P72: 4 | Q72: No | R72: 17 | S72: 9.9 | T72: 2.8 | U72: 1.3G | V72: UN0335 | W72: F4 | Z72: 0.057434 | AA72: 1008-F4-69249633 | AB72: GB/HSE-345252 | AC72: 10/9/2028 | AD72: https://youtu.be/QryiyY9UplA | AE72: 0 | AF72: 0 | AG72: =IF(OR(B72="NEW2021",B72="NEW2022"),1,0) -> 0 | AH72: =SUM(AG$4:AG72) -> 1 | AI72: =IF(RIGHT(E72,6)="retail",1,0) -> 0 | AJ72: =COUNTIF(AI$4:AI72,">0") -> 0 | AK72: 0 | AL72: 0 | AM72: =IF(OR(Table1[[#This Row],[Line total ordered for now]]>0,Table1[[#This Row],[Line total ordered for season]]>0),1,"") | AN72: =COUNTIF(AM$4:AM72,">0") -> 0 | AO72: =Table1[[#This Row],[ORDER QUANTITY to be collected BEFORE 31.3.22]] -> 0 | AP72: =J72 -> 0 | AQ72: =IFERROR(INDEX(Retail!H:H,MATCH($D72,Retail!$D:$D,0)),0) -> 0 | AR72: =IFERROR(INDEX(Retail!J:J,MATCH($D72,Retail!$D:$D,0)),0) -> 0 | AS72: =IFERROR(INDEX('NEW2022'!H:H,MATCH($D72,'NEW2022'!D:D,0)),0) -> 0 | AT72: =IFERROR(INDEX('NEW2022'!J:J,MATCH($D72,'NEW2022'!D:D,0)),0) -> 0 | AU72: =IFERROR(INDEX('Quiet Items'!H:H,MATCH($D72,'Quiet Items'!D:D,0)),0) -> 0 | AV72: =IFERROR(INDEX('Quiet Items'!J:J,MATCH($D72,'Quiet Items'!D:D,0)),0) -> 0 | AW72: =IFERROR(INDEX('1.4G'!H:H,MATCH($D72,'1.4G'!D:D,0)),0) -> 0 | AX72: =IFERROR(INDEX('1.4G'!J:J,MATCH($D72,'1.4G'!D:D,0)),0) -> 0 | AY72: =IF(OR(AU72>0,AW72>0,AO72>0,AS72>0,AQ72>0),AU72+AW72+AO72+AS72+AQ72,0) -> 0 | AZ72: =IF(OR(AV72>0,AX72>0,AP72>0,AT72>0,AR72>0),AV72+AX72+AP72+AT72+AR72,0) -> 0 | BA72: =IFERROR(Table1[[#This Row],[Line total ordered for now]]*Table1[[#This Row],[GUARANTEED PRICE for STOCK orders collected before 31.3.22]],0) -> 0 | BB72: =AZ72*L72 -> 0 | BC72: =(AZ72+Table1[[#This Row],[Line total ordered for now]])*Z72 -> 0 | BD72: 197.03
A73: 70 | C73: Shell - 3" | D73: CS30401 | E73: 3" Red Falling Leaves | F73: =IF(LEFT(AD73,4)="http",HYPERLINK(AD73,"Video"),"") -> Video | G73: 0 | I73: 167.49 | K73: 3.289561 | L73: 215.53203 | M73: 236.84839 | N73: 3" | O73: 72 | P73: 7 | Q73: No | R73: 17 | S73: 9.9 | T73: 2.8 | U73: 1.3G | V73: UN0335 | W73: F4 | Z73: 0.0585 | AA73: 1008-F4-69249632 | AB73: GB/HSE-358696 | AC73: 8/15/2028 | AD73: https://youtu.be/pP5AxewB1TY | AE73: 0 | AF73: 0 | AG73: =IF(OR(B73="NEW2021",B73="NEW2022"),1,0) -> 0 | AH73: =SUM(AG$4:AG73) -> 1 | AI73: =IF(RIGHT(E73,6)="retail",1,0) -> 0 | AJ73: =COUNTIF(AI$4:AI73,">0") -> 0 | AK73: 0 | AL73: 0 | AM73: =IF(OR(Table1[[#This Row],[Line total ordered for now]]>0,Table1[[#This Row],[Line total ordered for season]]>0),1,"") | AN73: =COUNTIF(AM$4:AM73,">0") -> 0 | AO73: =Table1[[#This Row],[ORDER QUANTITY to be collected BEFORE 31.3.22]] -> 0 | AP73: =J73 -> 0 | AQ73: =IFERROR(INDEX(Retail!H:H,MATCH($D73,Retail!$D:$D,0)),0) -> 0 | AR73: =IFERROR(INDEX(Retail!J:J,MATCH($D73,Retail!$D:$D,0)),0) -> 0 | AS73: =IFERROR(INDEX('NEW2022'!H:H,MATCH($D73,'NEW2022'!D:D,0)),0) -> 0 | AT73: =IFERROR(INDEX('NEW2022'!J:J,MATCH($D73,'NEW2022'!D:D,0)),0) -> 0 | AU73: =IFERROR(INDEX('Quiet Items'!H:H,MATCH($D73,'Quiet Items'!D:D,0)),0) -> 0 | AV73: =IFERROR(INDEX('Quiet Items'!J:J,MATCH($D73,'Quiet Items'!D:D,0)),0) -> 0 | AW73: =IFERROR(INDEX('1.4G'!H:H,MATCH($D73,'1.4G'!D:D,0)),0) -> 0 | AX73: =IFERROR(INDEX('1.4G'!J:J,MATCH($D73,'1.4G'!D:D,0)),0) -> 0 | AY73: =IF(OR(AU73>0,AW73>0,AO73>0,AS73>0,AQ73>0),AU73+AW73+AO73+AS73+AQ73,0) -> 0 | AZ73: =IF(OR(AV73>0,AX73>0,AP73>0,AT73>0,AR73>0),AV73+AX73+AP73+AT73+AR73,0) -> 0 | BA73: =IFERROR(Table1[[#This Row],[Line total ordered for now]]*Table1[[#This Row],[GUARANTEED PRICE for STOCK orders collected before 31.3.22]],0) -> 0 | BB73: =AZ73*L73 -> 0 | BC73: =(AZ73+Table1[[#This Row],[Line total ordered for now]])*Z73 -> 0 | BD73: 201.32113
... A203: 200 | C203: Shell - 4" | D203: CS40471 | E203: 4" Blue double coco | F203: =IF(LEFT(AD203,4)="http",HYPERLINK(AD203,"Video"),"") -> Video | G203: 13 | I203: 207.63 | K203: 8.3412629 | L203: 273.25977 | M203: 300.28546 | N203: 4" | O203: 36 | P203: 6 | Q203: No | R203: 19 | S203: 12.5 | T203: 3.2 | U203: 1.3G | V203: UN0335 | W203: F4 | Z203: 0.0582 | AA203: 1008-F4-69249638 | AB203: GB/HSE-355715 | AC203: 8/3/2027 | AD203: https://youtu.be/5FpDws-avaU | AE203: 0 | AF203: 0 | AG203: =IF(OR(B203="NEW2021",B203="NEW2022"),1,0) -> 0 | AH203: =SUM(AG$4:AG203) -> 1 | AI203: =IF(RIGHT(E203,6)="retail",1,0) -> 0 | AJ203: =COUNTIF(AI$4:AI203,">0") -> 0 | AK203: 0 | AL203: 0 | AM203: =IF(OR(Table1[[#This Row],[Line total ordered for now]]>0,Table1[[#This Row],[Line total ordered for season]]>0),1,"") | AN203: =COUNTIF(AM$4:AM203,">0") -> 0 | AO203: =Table1[[#This Row],[ORDER QUANTITY to be collected BEFORE 31.3.22]] -> 0 | AP203: =J203 -> 0 | AQ203: =IFERROR(INDEX(Retail!H:H,MATCH($D203,Retail!$D:$D,0)),0) -> 0 | AR203: =IFERROR(INDEX(Retail!J:J,MATCH($D203,Retail!$D:$D,0)),0) -> 0 | AS203: =IFERROR(INDEX('NEW2022'!H:H,MATCH($D203,'NEW2022'!D:D,0)),0) -> 0 | AT203: =IFERROR(INDEX('NEW2022'!J:J,MATCH($D203,'NEW2022'!D:D,0)),0) -> 0 | AU203: =IFERROR(INDEX('Quiet Items'!H:H,MATCH($D203,'Quiet Items'!D:D,0)),0) -> 0 | AV203: =IFERROR(INDEX('Quiet Items'!J:J,MATCH($D203,'Quiet Items'!D:D,0)),0) -> 0 | AW203: =IFERROR(INDEX('1.4G'!H:H,MATCH($D203,'1.4G'!D:D,0)),0) -> 0 | AX203: =IFERROR(INDEX('1.4G'!J:J,MATCH($D203,'1.4G'!D:D,0)),0) -> 0 | AY203: =IF(OR(AU203>0,AW203>0,AO203>0,AS203>0,AQ203>0),AU203+AW203+AO203+AS203+AQ203,0) -> 0 | AZ203: =IF(OR(AV203>0,AX203>0,AP203>0,AT203>0,AR203>0),AV203+AX203+AP203+AT203+AR203,0) -> 0 | BA203: =IFERROR(Table1[[#This Row],[Line total ordered for now]]*Table1[[#This Row],[GUARANTEED PRICE for STOCK orders collected before 31.3.22]],0) -> 0 | BB203: =AZ203*L203 -> 0 | BC203: =(AZ203+Table1[[#This Row],[Line total ordered for now]])*Z203 -> 0 | BD203: 255.24265
A204: 201 | C204: Igual | D204: Igu19-57 | E204: 4" Kamuro with trunk - minimum purchase 7 shells | F204: =IF(LEFT(AD204,4)="http",HYPERLINK(AD204,"Video"),"") | G204: 0.84 | I204: 7 | K204: 575.91 | L204: 587.4282 | M204: 575.91 | N204: 4" | O204: 1 | P204: 8 | Q204: No | R204: 23.25 | S204: 17.77 | T204: 3.5 | U204: 1.3G | V204: UN0335 | W204: F4 | Z204: 0 | AA204: 0163-F4-1223 | AB204: 0 | AC204: 0 | AD204: 0 | AE204: 0 | AF204: 0 | AG204: =IF(OR(B204="NEW2021",B204="NEW2022"),1,0) -> 0 | AH204: =SUM(AG$4:AG204) -> 1 | AI204: =IF(RIGHT(E204,6)="retail",1,0) -> 0 | AJ204: =COUNTIF(AI$4:AI204,">0") -> 0 | AK204: 0 | AL204: 0 | AM204: =IF(OR(Table1[[#This Row],[Line total ordered for now]]>0,Table1[[#This Row],[Line total ordered for season]]>0),1,"") | AN204: =COUNTIF(AM$4:AM204,">0") -> 0 | AO204: =Table1[[#This Row],[ORDER QUANTITY to be collected BEFORE 31.3.22]] -> 0 | AP204: =J204 -> 0 | AQ204: =IFERROR(INDEX(Retail!H:H,MATCH($D204,Retail!$D:$D,0)),0) -> 0 | AR204: =IFERROR(INDEX(Retail!J:J,MATCH($D204,Retail!$D:$D,0)),0) -> 0 | AS204: =IFERROR(INDEX('NEW2022'!H:H,MATCH($D204,'NEW2022'!D:D,0)),0) -> 0 | AT204: =IFERROR(INDEX('NEW2022'!J:J,MATCH($D204,'NEW2022'!D:D,0)),0) -> 0 | AU204: =IFERROR(INDEX('Quiet Items'!H:H,MATCH($D204,'Quiet Items'!D:D,0)),0) -> 0 | AV204: =IFERROR(INDEX('Quiet Items'!J:J,MATCH($D204,'Quiet Items'!D:D,0)),0) -> 0 | AW204: =IFERROR(INDEX('1.4G'!H:H,MATCH($D204,'1.4G'!D:D,0)),0) -> 0 | AX204: =IFERROR(INDEX('1.4G'!J:J,MATCH($D204,'1.4G'!D:D,0)),0) -> 0 | AY204: =IF(OR(AU204>0,AW204>0,AO204>0,AS204>0,AQ204>0),AU204+AW204+AO204+AS204+AQ204,0) -> 0 | AZ204: =IF(OR(AV204>0,AX204>0,AP204>0,AT204>0,AR204>0),AV204+AX204+AP204+AT204+AR204,0) -> 0 | BA204: =IFERROR(Table1[[#This Row],[Line total ordered for now]]*Table1[[#This Row],[GUARANTEED PRICE for STOCK orders collected before 31.3.22]],0) -> 0 | BB204: =AZ204*L204 -> 0 | BC204: =(AZ204+Table1[[#This Row],[Line total ordered for now]])*Z204 -> 0 | BD204: 489.5235
A205: 202 | C205: Shell - 4" Chain | D205: S146 | E205: 4" 5x Silver peony chain shell. No delay. | F205: =IF(LEFT(AD205,4)="http",HYPERLINK(AD205,"Video"),"") -> Video | G205: 0 | I205: 133.24 | K205: 5.2934509 | L205: 144.51121 | M205: 158.80353 | N205: 4" | O205: 30 | P205: 6 | Q205: No | R205: 15 | S205: 10.68 | T205: 3.2 | U205: 1.3G | V205: UN0335 | W205: F4 | Z205: 0.0539 | AA205: 1008-F4-69249635 | AB205: GB/HSE-337893 | AC205: 11/1/2026 | AD205: https://youtu.be/_MyY90WBvwU | AE205: 0 | AF205: 0 | AG205: =IF(OR(B205="NEW2021",B205="NEW2022"),1,0) -> 0 | AH205: =SUM(AG$4:AG205) -> 1 | AI205: =IF(RIGHT(E205,6)="retail",1,0) -> 0 | AJ205: =COUNTIF(AI$4:AI205,">0") -> 0 | AK205: 0 | AL205: 0 | AM205: =IF(OR(Table1[[#This Row],[Line total ordered for now]]>0,Table1[[#This Row],[Line total ordered for season]]>0),1,"") | AN205: =COUNTIF(AM$4:AM205,">0") -> 0 | AO205: =Table1[[#This Row],[ORDER QUANTITY to be collected BEFORE 31.3.22]] -> 0 | AP205: =J205 -> 0 | AQ205: =IFERROR(INDEX(Retail!H:H,MATCH($D205,Retail!$D:$D,0)),0) -> 0 | AR205: =IFERROR(INDEX(Retail!J:J,MATCH($D205,Retail!$D:$D,0)),0) -> 0 | AS205: =IFERROR(INDEX('NEW2022'!H:H,MATCH($D205,'NEW2022'!D:D,0)),0) -> 0 | AT205: =IFERROR(INDEX('NEW2022'!J:J,MATCH($D205,'NEW2022'!D:D,0)),0) -> 0 | AU205: =IFERROR(INDEX('Quiet Items'!H:H,MATCH($D205,'Quiet Items'!D:D,0)),0) -> 0 | AV205: =IFERROR(INDEX('Quiet Items'!J:J,MATCH($D205,'Quiet Items'!D:D,0)),0) -> 0 | AW205: =IFERROR(INDEX('1.4G'!H:H,MATCH($D205,'1.4G'!D:D,0)),0) -> 0 | AX205: =IFERROR(INDEX('1.4G'!J:J,MATCH($D205,'1.4G'!D:D,0)),0) -> 0 | AY205: =IF(OR(AU205>0,AW205>0,AO205>0,AS205>0,AQ205>0),AU205+AW205+AO205+AS205+AQ205,0) -> 0 | AZ205: =IF(OR(AV205>0,AX205>0,AP205>0,AT205>0,AR205>0),AV205+AX205+AP205+AT205+AR205,0) -> 0 | BA205: =IFERROR(Table1[[#This Row],[Line total ordered for now]]*Table1[[#This Row],[GUARANTEED PRICE for STOCK orders collected before 31.3.22]],0) -> 0 | BB205: =AZ205*L205 -> 0 | BC205: =(AZ205+Table1[[#This Row],[Line total ordered for now]])*Z205 -> 0 | BD205: 134.983
A206: 203 | C206: Shell - 4" Chain | D206: CCS404 | E206: 4" 5x Red/blue/white/green/yellow peony chain (4 sec delay between shells) | F206: =IF(LEFT(AD206,4)="http",HYPERLINK(AD206,"Video"),"") -> Video | G206: 0 | I206: 153.93 | K206: 5.3772467 | L206: 157.0086 | M206: 161.3174 | N206: 4" | O206: 30 | P206: 16 | Q206: No | R206: 16 | S206: 10.68 | T206: 3.2 | U206: 1.3G | V206: UN0335 | W206: F4 | Z206: 0.0539 | AA206: 1008-F4-69249635 | AB206: GB/HSE-337959 | AC206: 11/1/2026 | AD206: https://youtu.be/o-JYEvkn0n0 | AE206: 0 | AF206: 0 | AG206: =IF(OR(B206="NEW2021",B206="NEW2022"),1,0) -> 0 | AH206: =SUM(AG$4:AG206) -> 1 | AI206: =IF(RIGHT(E206,6)="retail",1,0) -> 0 | AJ206: =COUNTIF(AI$4:AI206,">0") -> 0 | AK206: 0 | AL206: 0 | AM206: =IF(OR(Table1[[#This Row],[Line total ordered for now]]>0,Table1[[#This Row],[Line total ordered for season]]>0),1,"") | AN206: =COUNTIF(AM$4:AM206,">0") -> 0 | AO206: =Table1[[#This Row],[ORDER QUANTITY to be collected BEFORE 31.3.22]] -> 0 | AP206: =J206 -> 0 | AQ206: =IFERROR(INDEX(Retail!H:H,MATCH($D206,Retail!$D:$D,0)),0) -> 0 | AR206: =IFERROR(INDEX(Retail!J:J,MATCH($D206,Retail!$D:$D,0)),0) -> 0 | AS206: =IFERROR(INDEX('NEW2022'!H:H,MATCH($D206,'NEW2022'!D:D,0)),0) -> 0 | AT206: =IFERROR(INDEX('NEW2022'!J:J,MATCH($D206,'NEW2022'!D:D,0)),0) -> 0 | AU206: =IFERROR(INDEX('Quiet Items'!H:H,MATCH($D206,'Quiet Items'!D:D,0)),0) -> 0 | AV206: =IFERROR(INDEX('Quiet Items'!J:J,MATCH($D206,'Quiet Items'!D:D,0)),0) -> 0 | AW206: =IFERROR(INDEX('1.4G'!H:H,MATCH($D206,'1.4G'!D:D,0)),0) -> 0 | AX206: =IFERROR(INDEX('1.4G'!J:J,MATCH($D206,'1.4G'!D:D,0)),0) -> 0 | AY206: =IF(OR(AU206>0,AW206>0,AO206>0,AS206>0,AQ206>0),AU206+AW206+AO206+AS206+AQ206,0) -> 0 | AZ206: =IF(OR(AV206>0,AX206>0,AP206>0,AT206>0,AR206>0),AV206+AX206+AP206+AT206+AR206,0) -> 0 | BA206: =IFERROR(Table1[[#This Row],[Line total ordered for now]]*Table1[[#This Row],[GUARANTEED PRICE for STOCK orders collected before 31.3.22]],0) -> 0 | BB206: =AZ206*L206 -> 0 | BC206: =(AZ206+Table1[[#This Row],[Line total ordered for now]])*Z206 -> 0 | BD206: 137.11979
A207: 204 | C207: Shell - 4" Chain | D207: CCS406 | E207: 4" 5x Ti Chrys with tail chain (4 sec delay between shells) | F207: =IF(LEFT(AD207,4)="http",HYPERLINK(AD207,"Video"),"") -> Video | G207: 4 | I207: 164.76 | K207: 6.2473333 | L207: 170.5522 | M207: 187.42 | N207: 4" | O207: 30 | P207: 16 | Q207: No | R207: 16 | S207: 10.68 | T207: 3.2 | U207: 1.3G | V207: UN0335 | W207: F4 | Z207: 0.0539 | AA207: 1008-F4-69249635 | AB207: GB/HSE-345351 | AC207: 10/9/2028 | AD207: https://youtu.be/-Re5pP40qeE | AE207: 0 | AF207: 0 | AG207: =IF(OR(B207="NEW2021",B207="NEW2022"),1,0) -> 0 | AH207: =SUM(AG$4:AG207) -> 1 | AI207: =IF(RIGHT(E207,6)="retail",1,0) -> 0 | AJ207: =COUNTIF(AI$4:AI207,">0") -> 0 | AK207: 0 | AL207: 0 | AM207: =IF(OR(Table1[[#This Row],[Line total ordered for now]]>0,Table1[[#This Row],[Line total ordered for season]]>0),1,"") | AN207: =COUNTIF(AM$4:AM207,">0") -> 0 | AO207: =Table1[[#This Row],[ORDER QUANTITY to be collected BEFORE 31.3.22]] -> 0 | AP207: =J207 -> 0 | AQ207: =IFERROR(INDEX(Retail!H:H,MATCH($D207,Retail!$D:$D,0)),0) -> 0 | AR207: =IFERROR(INDEX(Retail!J:J,MATCH($D207,Retail!$D:$D,0)),0) -> 0 | AS207: =IFERROR(INDEX('NEW2022'!H:H,MATCH($D207,'NEW2022'!D:D,0)),0) -> 0 | AT207: =IFERROR(INDEX('NEW2022'!J:J,MATCH($D207,'NEW2022'!D:D,0)),0) -> 0 | AU207: =IFERROR(INDEX('Quiet Items'!H:H,MATCH($D207,'Quiet Items'!D:D,0)),0) -> 0 | AV207: =IFERROR(INDEX('Quiet Items'!J:J,MATCH($D207,'Quiet Items'!D:D,0)),0) -> 0 | AW207: =IFERROR(INDEX('1.4G'!H:H,MATCH($D207,'1.4G'!D:D,0)),0) -> 0 | AX207: =IFERROR(INDEX('1.4G'!J:J,MATCH($D207,'1.4G'!D:D,0)),0) -> 0 | AY207: =IF(OR(AU207>0,AW207>0,AO207>0,AS207>0,AQ207>0),AU207+AW207+AO207+AS207+AQ207,0) -> 0 | AZ207: =IF(OR(AV207>0,AX207>0,AP207>0,AT207>0,AR207>0),AV207+AX207+AP207+AT207+AR207,0) -> 0 | BA207: =IFERROR(Table1[[#This Row],[Line total ordered for now]]*Table1[[#This Row],[GUARANTEED PRICE for STOCK orders collected before 31.3.22]],0) -> 0 | BB207: =AZ207*L207 -> 0 | BC207: =(AZ207+Table1[[#This Row],[Line total ordered for now]])*Z207 -> 0 | BD207: 159.307
A208: 205 | C208: Shell - 4" Chain | D208: CCS401 | E208: 4" 5x Silver finale chain with tails (2 sec delays between shells) | F208: =IF(LEFT(AD208,4)="http",HYPERLINK(AD208,"Video"),"") -> Video | G208: 0 | I208: 168.52 | K208: 6.39 | L208: 174.447 | M208: 191.7 | N208: 4" | O208: 30 | P208: 15 | Q208: No | R208: 15 | S208: 10.68 | T208: 3.2 | U208: 1.3G | V208: UN0335 | W208: F4 | Z208: 0.072104 | AA208: 1008-F4-69249635 | AB208: GB/HSE-337956 | AC208: 11/1/2026 | AD208: https://youtu.be/guwG5lDnUAc | AE208: 0 | AF208: 0 | AG208: =IF(OR(B208="NEW2021",B208="NEW2022"),1,0) -> 0 | AH208: =SUM(AG$4:AG208) -> 1 | AI208: =IF(RIGHT(E208,6)="retail",1,0) -> 0 | AJ208: =COUNTIF(AI$4:AI208,">0") -> 0 | AK208: 0 | AL208: 0 | AM208: =IF(OR(Table1[[#This Row],[Line total ordered for now]]>0,Table1[[#This Row],[Line total ordered for season]]>0),1,"") | AN208: =COUNTIF(AM$4:AM208,">0") -> 0 | AO208: =Table1[[#This Row],[ORDER QUANTITY to be collected BEFORE 31.3.22]] -> 0 | AP208: =J208 -> 0 | AQ208: =IFERROR(INDEX(Retail!H:H,MATCH($D208,Retail!$D:$D,0)),0) -> 0 | AR208: =IFERROR(INDEX(Retail!J:J,MATCH($D208,Retail!$D:$D,0)),0) -> 0 | AS208: =IFERROR(INDEX('NEW2022'!H:H,MATCH($D208,'NEW2022'!D:D,0)),0) -> 0 | AT208: =IFERROR(INDEX('NEW2022'!J:J,MATCH($D208,'NEW2022'!D:D,0)),0) -> 0 | AU208: =IFERROR(INDEX('Quiet Items'!H:H,MATCH($D208,'Quiet Items'!D:D,0)),0) -> 0 | AV208: =IFERROR(INDEX('Quiet Items'!J:J,MATCH($D208,'Quiet Items'!D:D,0)),0) -> 0 | AW208: =IFERROR(INDEX('1.4G'!H:H,MATCH($D208,'1.4G'!D:D,0)),0) -> 0 | AX208: =IFERROR(INDEX('1.4G'!J:J,MATCH($D208,'1.4G'!D:D,0)),0) -> 0 | AY208: =IF(OR(AU208>0,AW208>0,AO208>0,AS208>0,AQ208>0),AU208+AW208+AO208+AS208+AQ208,0) -> 0 | AZ208: =IF(OR(AV208>0,AX208>0,AP208>0,AT208>0,AR208>0),AV208+AX208+AP208+AT208+AR208,0) -> 0 | BA208: =IFERROR(Table1[[#This Row],[Line total ordered for now]]*Table1[[#This Row],[GUARANTEED PRICE for STOCK orders collected before 31.3.22]],0) -> 0 | BB208: =AZ208*L208 -> 0 | BC208: =(AZ208+Table1[[#This Row],[Line total ordered for now]])*Z208 -> 0 | BD208: 162.945
A209: 206 | C209: Shell - 4" Chain | D209: S030 | E209: 4" 5x Multicolour peony with tail (no delay) | F209: =IF(LEFT(AD209,4)="http",HYPERLINK(AD209,"Video"),"") -> Video | G209: 0 | I209: 139.76 | K209: 7.006629 | L209: 191.28097 | M209: 210.19887 | N209: 4" | O209: 30 | P209: 4 | Q209: No | R209: 15 | S209: 10.68 | T209: 3.2 | U209: 1.3G | V209: UN0335 | W209: F4 | Z209: 0.0539 | AA209: 1008-F4-69249635 | AB209: GB/HSE-337864 | AC209: 11/1/2026 | AD209: https://youtu.be/Nqc8zEPmeeE | AE209: 0 | AF209: 0 | AG209: =IF(OR(B209="NEW2021",B209="NEW2022"),1,0) -> 0 | AH209: =SUM(AG$4:AG209) -> 1 | AI209: =IF(RIGHT(E209,6)="retail",1,0) -> 0 | AJ209: =COUNTIF(AI$4:AI209,">0") -> 0 | AK209: 0 | AL209: 0 | AM209: =IF(OR(Table1[[#This Row],[Line total ordered for now]]>0,Table1[[#This Row],[Line total ordered for season]]>0),1,"") | AN209: =COUNTIF(AM$4:AM209,">0") -> 0 | AO209: =Table1[[#This Row],[ORDER QUANTITY to be collected BEFORE 31.3.22]] -> 0 | AP209: =J209 -> 0 | AQ209: =IFERROR(INDEX(Retail!H:H,MATCH($D209,Retail!$D:$D,0)),0) -> 0 | AR209: =IFERROR(INDEX(Retail!J:J,MATCH($D209,Retail!$D:$D,0)),0) -> 0 | AS209: =IFERROR(INDEX('NEW2022'!H:H,MATCH($D209,'NEW2022'!D:D,0)),0) -> 0 | AT209: =IFERROR(INDEX('NEW2022'!J:J,MATCH($D209,'NEW2022'!D:D,0)),0) -> 0 | AU209: =IFERROR(INDEX('Quiet Items'!H:H,MATCH($D209,'Quiet Items'!D:D,0)),0) -> 0 | AV209: =IFERROR(INDEX('Quiet Items'!J:J,MATCH($D209,'Quiet Items'!D:D,0)),0) -> 0 | AW209: =IFERROR(INDEX('1.4G'!H:H,MATCH($D209,'1.4G'!D:D,0)),0) -> 0 | AX209: =IFERROR(INDEX('1.4G'!J:J,MATCH($D209,'1.4G'!D:D,0)),0) -> 0 | AY209: =IF(OR(AU209>0,AW209>0,AO209>0,AS209>0,AQ209>0),AU209+AW209+AO209+AS209+AQ209,0) -> 0 | AZ209: =IF(OR(AV209>0,AX209>0,AP209>0,AT209>0,AR209>0),AV209+AX209+AP209+AT209+AR209,0) -> 0 | BA209: =IFERROR(Table1[[#This Row],[Line total ordered for now]]*Table1[[#This Row],[GUARANTEED PRICE for STOCK orders collected before 31.3.22]],0) -> 0 | BB209: =AZ209*L209 -> 0 | BC209: =(AZ209+Table1[[#This Row],[Line total ordered for now]])*Z209 -> 0 | BD209: 178.66904
A210: 207 | C210: Shell - 4" Chain | D210: S035 | E210: 4" 5x Brocade crown with tail (no delay) | F210: =IF(LEFT(AD210,4)="http",HYPERLINK(AD210,"Video"),"") -> Video | G210: 0 | I210: 152.58 | K210: 7.6785234 | L210: 209.62369 | M210: 230.3557 | N210: 4" | O210: 30 | P210: 6 | Q210: No | R210: 15 | S210: 10.68 | T210: 3.2 | U210: 1.3G | V210: UN0335 | W210: F4 | Z210: 0.0539 | AA210: 1008-F4-69249635 | AB210: GB/HSE-337865 | AC210: 11/1/2026 | AD210: https://youtu.be/9vn9U8dTH4o | AE210: 0 | AF210: 0 | AG210: =IF(OR(B210="NEW2021",B210="NEW2022"),1,0) -> 0 | AH210: =SUM(AG$4:AG210) -> 1 | AI210: =IF(RIGHT(E210,6)="retail",1,0) -> 0 | AJ210: =COUNTIF(AI$4:AI210,">0") -> 0 | AK210: 0 | AL210: 0 | AM210: =IF(OR(Table1[[#This Row],[Line total ordered for now]]>0,Table1[[#This Row],[Line total ordered for season]]>0),1,"") | AN210: =COUNTIF(AM$4:AM210,">0") -> 0 | AO210: =Table1[[#This Row],[ORDER QUANTITY to be collected BEFORE 31.3.22]] -> 0 | AP210: =J210 -> 0 | AQ210: =IFERROR(INDEX(Retail!H:H,MATCH($D210,Retail!$D:$D,0)),0) -> 0 | AR210: =IFERROR(INDEX(Retail!J:J,MATCH($D210,Retail!$D:$D,0)),0) -> 0 | AS210: =IFERROR(INDEX('NEW2022'!H:H,MATCH($D210,'NEW2022'!D:D,0)),0) -> 0 | AT210: =IFERROR(INDEX('NEW2022'!J:J,MATCH($D210,'NEW2022'!D:D,0)),0) -> 0 | AU210: =IFERROR(INDEX('Quiet Items'!H:H,MATCH($D210,'Quiet Items'!D:D,0)),0) -> 0 | AV210: =IFERROR(INDEX('Quiet Items'!J:J,MATCH($D210,'Quiet Items'!D:D,0)),0) -> 0 | AW210: =IFERROR(INDEX('1.4G'!H:H,MATCH($D210,'1.4G'!D:D,0)),0) -> 0 | AX210: =IFERROR(INDEX('1.4G'!J:J,MATCH($D210,'1.4G'!D:D,0)),0) -> 0 | AY210: =IF(OR(AU210>0,AW210>0,AO210>0,AS210>0,AQ210>0),AU210+AW210+AO210+AS210+AQ210,0) -> 0 | AZ210: =IF(OR(AV210>0,AX210>0,AP210>0,AT210>0,AR210>0),AV210+AX210+AP210+AT210+AR210,0) -> 0 | BA210: =IFERROR(Table1[[#This Row],[Line total ordered for now]]*Table1[[#This Row],[GUARANTEED PRICE for STOCK orders collected before 31.3.22]],0) -> 0 | BB210: =AZ210*L210 -> 0 | BC210: =(AZ210+Table1[[#This Row],[Line total ordered for now]])*Z210 -> 0 | BD210: 195.80235
A211: 208 | C211: Shell - 4" Cylinder | D211: CY40401 | E211: 4" Butterfly ring to green pistil | F211: =IF(LEFT(AD211,4)="http",HYPERLINK(AD211,"Video"),"") -> Video | G211: 1 | I211: 149.45 | K211: 7.8362944 | L211: 152.439 | M211: 156.72589 | N211: 4" | O211: 20 | P211: 6 | Q211: No | R211: 13 | S211: 6.2 | T211: 3.2 | U211: 1.3G | V211: UN0335 | W211: F4 | Z211: 0.046 | AA211: 1008-F4-69249636 | AB211: GB/HSE-345176 | AC211: 10/9/2028 | AD211: https://youtu.be/KSc5DxLIRvQ | AE211: 0 | AF211: 0 | AG211: =IF(OR(B211="NEW2021",B211="NEW2022"),1,0) -> 0 | AH211: =SUM(AG$4:AG211) -> 1 | AI211: =IF(RIGHT(E211,6)="retail",1,0) -> 0 | AJ211: =COUNTIF(AI$4:AI211,">0") -> 0 | AK211: 0 | AL211: 0 | AM211: =IF(OR(Table1[[#This Row],[Line total ordered for now]]>0,Table1[[#This Row],[Line total ordered for season]]>0),1,"") | AN211: =COUNTIF(AM$4:AM211,">0") -> 0 | AO211: =Table1[[#This Row],[ORDER QUANTITY to be collected BEFORE 31.3.22]] -> 0 | AP211: =J211 -> 0 | AQ211: =IFERROR(INDEX(Retail!H:H,MATCH($D211,Retail!$D:$D,0)),0) -> 0 | AR211: =IFERROR(INDEX(Retail!J:J,MATCH($D211,Retail!$D:$D,0)),0) -> 0 | AS211: =IFERROR(INDEX('NEW2022'!H:H,MATCH($D211,'NEW2022'!D:D,0)),0) -> 0 | AT211: =IFERROR(INDEX('NEW2022'!J:J,MATCH($D211,'NEW2022'!D:D,0)),0) -> 0 | AU211: =IFERROR(INDEX('Quiet Items'!H:H,MATCH($D211,'Quiet Items'!D:D,0)),0) -> 0 | AV211: =IFERROR(INDEX('Quiet Items'!J:J,MATCH($D211,'Quiet Items'!D:D,0)),0) -> 0 | AW211: =IFERROR(INDEX('1.4G'!H:H,MATCH($D211,'1.4G'!D:D,0)),0) -> 0 | AX211: =IFERROR(INDEX('1.4G'!J:J,MATCH($D211,'1.4G'!D:D,0)),0) -> 0 | AY211: =IF(OR(AU211>0,AW211>0,AO211>0,AS211>0,AQ211>0),AU211+AW211+AO211+AS211+AQ211,0) -> 0 | AZ211: =IF(OR(AV211>0,AX211>0,AP211>0,AT211>0,AR211>0),AV211+AX211+AP211+AT211+AR211,0) -> 0 | BA211: =IFERROR(Table1[[#This Row],[Line total ordered for now]]*Table1[[#This Row],[GUARANTEED PRICE for STOCK orders collected before 31.3.22]],0) -> 0 | BB211: =AZ211*L211 -> 0 | BC211: =(AZ211+Table1[[#This Row],[Line total ordered for now]])*Z211 -> 0 | BD211: 133.217
A212: 209 | C212: Shell - 4" Cylinder | D212: CS40476 | E212: 4" Crackling palm | F212: =IF(LEFT(AD212,4)="http",HYPERLINK(AD212,"Video"),"") -> Video | G212: 6 | I212: 173.12 | K212: 8.82912 | L212: 176.5824 | M212: 176.5824 | N212: 4" | O212: 20 | P212: 9 | Q212: No | R212: 15 | S212: 7.6 | T212: 3.2 | U212: 1.3G | V212: UN0335 | W212: F4 | Z212: 0.046 | AA212: 1008-F4-69249636 | AB212: GB/HSE-358699 | AC212: 8/15/2028 | AD212: https://youtu.be/t5ZgB4EEiys | AE212: 0 | AF212: 0 | AG212: =IF(OR(B212="NEW2021",B212="NEW2022"),1,0) -> 0 | AH212: =SUM(AG$4:AG212) -> 1 | AI212: =IF(RIGHT(E212,6)="retail",1,0) -> 0 | AJ212: =COUNTIF(AI$4:AI212,">0") -> 0 | AK212: 0 | AL212: 0 | AM212: =IF(OR(Table1[[#This Row],[Line total ordered for now]]>0,Table1[[#This Row],[Line total ordered for season]]>0),1,"") | AN212: =COUNTIF(AM$4:AM212,">0") -> 0 | AO212: =Table1[[#This Row],[ORDER QUANTITY to be collected BEFORE 31.3.22]] -> 0 | AP212: =J212 -> 0 | AQ212: =IFERROR(INDEX(Retail!H:H,MATCH($D212,Retail!$D:$D,0)),0) -> 0 | AR212: =IFERROR(INDEX(Retail!J:J,MATCH($D212,Retail!$D:$D,0)),0) -> 0 | AS212: =IFERROR(INDEX('NEW2022'!H:H,MATCH($D212,'NEW2022'!D:D,0)),0) -> 0 | AT212: =IFERROR(INDEX('NEW2022'!J:J,MATCH($D212,'NEW2022'!D:D,0)),0) -> 0 | AU212: =IFERROR(INDEX('Quiet Items'!H:H,MATCH($D212,'Quiet Items'!D:D,0)),0) -> 0 | AV212: =IFERROR(INDEX('Quiet Items'!J:J,MATCH($D212,'Quiet Items'!D:D,0)),0) -> 0 | AW212: =IFERROR(INDEX('1.4G'!H:H,MATCH($D212,'1.4G'!D:D,0)),0) -> 0 | AX212: =IFERROR(INDEX('1.4G'!J:J,MATCH($D212,'1.4G'!D:D,0)),0) -> 0 | AY212: =IF(OR(AU212>0,AW212>0,AO212>0,AS212>0,AQ212>0),AU212+AW212+AO212+AS212+AQ212,0) -> 0 | AZ212: =IF(OR(AV212>0,AX212>0,AP212>0,AT212>0,AR212>0),AV212+AX212+AP212+AT212+AR212,0) -> 0 | BA212: =IFERROR(Table1[[#This Row],[Line total ordered for now]]*Table1[[#This Row],[GUARANTEED PRICE for STOCK orders collected before 31.3.22]],0) -> 0 | BB212: =AZ212*L212 -> 0 | BC212: =(AZ212+Table1[[#This Row],[Line total ordered for now]])*Z212 -> 0 | BD212: 150.09504
A213: 210 | C213: Shell - 4" Cylinder | D213: CY40402 | E213: 4" Spinner flower ring to green crossette ring | F213: =IF(LEFT(AD213,4)="http",HYPERLINK(AD213,"Video"),"") -> Video | G213: 0 | I213: 173.12 | K213: 8.82912 | L213: 176.5824 | M213: 176.5824 | N213: 4" | O213: 20 | P213: 10 | Q213: No | R213: 13 | S213: 6.2 | T213: 3.2 | U213: 1.3G | V213: UN0335 | W213: F4 | Z213: 0.046 | AA213: 1008-F4-69249636 | AB213: GB/HSE-345177 | AC213: 10/9/2028 | AD213: https://youtu.be/hg1KGyhVKhk | AE213: 0 | AF213: 0 | AG213: =IF(OR(B213="NEW2021",B213="NEW2022"),1,0) -> 0 | AH213: =SUM(AG$4:AG213) -> 1 | AI213: =IF(RIGHT(E213,6)="retail",1,0) -> 0 | AJ213: =COUNTIF(AI$4:AI213,">0") -> 0 | AK213: 0 | AL213: 0 | AM213: =IF(OR(Table1[[#This Row],[Line total ordered for now]]>0,Table1[[#This Row],[Line total ordered for season]]>0),1,"") | AN213: =COUNTIF(AM$4:AM213,">0") -> 0 | AO213: =Table1[[#This Row],[ORDER QUANTITY to be collected BEFORE 31.3.22]] -> 0 | AP213: =J213 -> 0 | AQ213: =IFERROR(INDEX(Retail!H:H,MATCH($D213,Retail!$D:$D,0)),0) -> 0 | AR213: =IFERROR(INDEX(Retail!J:J,MATCH($D213,Retail!$D:$D,0)),0) -> 0 | AS213: =IFERROR(INDEX('NEW2022'!H:H,MATCH($D213,'NEW2022'!D:D,0)),0) -> 0 | AT213: =IFERROR(INDEX('NEW2022'!J:J,MATCH($D213,'NEW2022'!D:D,0)),0) -> 0 | AU213: =IFERROR(INDEX('Quiet Items'!H:H,MATCH($D213,'Quiet Items'!D:D,0)),0) -> 0 | AV213: =IFERROR(INDEX('Quiet Items'!J:J,MATCH($D213,'Quiet Items'!D:D,0)),0) -> 0 | AW213: =IFERROR(INDEX('1.4G'!H:H,MATCH($D213,'1.4G'!D:D,0)),0) -> 0 | AX213: =IFERROR(INDEX('1.4G'!J:J,MATCH($D213,'1.4G'!D:D,0)),0) -> 0 | AY213: =IF(OR(AU213>0,AW213>0,AO213>0,AS213>0,AQ213>0),AU213+AW213+AO213+AS213+AQ213,0) -> 0 | AZ213: =IF(OR(AV213>0,AX213>0,AP213>0,AT213>0,AR213>0),AV213+AX213+AP213+AT213+AR213,0) -> 0 | BA213: =IFERROR(Table1[[#This Row],[Line total ordered for now]]*Table1[[#This Row],[GUARANTEED PRICE for STOCK orders collected before 31.3.22]],0) -> 0 | BB213: =AZ213*L213 -> 0 | BC213: =(AZ213+Table1[[#This Row],[Line total ordered for now]])*Z213 -> 0 | BD213: 150.09504
A214: 211 | C214: Shell - 4" Cylinder | D214: CS40550 | E214: 4" Chrys to white strobe coco ring | F214: =IF(LEFT(AD214,4)="http",HYPERLINK(AD214,"Video"),"") -> Video | G214: 0 | I214: 156.26 | K214: 8.985 | L214: 163.527 | M214: 179.7 | N214: 4" | O214: 20 | P214: 7 | Q214: No | R214: 15 | S214: 7.6 | T214: 3.2 | U214: 1.3G | V214: UN0335 | W214: F4 | Z214: 0.0582 | AA214: 2806-F4-001944 | AB214: GB/HSE-362499 | AC214: 11/30/2030 | AD214: https://youtu.be/3Q5N_-q8H6Q | AE214: 0 | AF214: 0 | AG214: =IF(OR(B214="NEW2021",B214="NEW2022"),1,0) -> 0 | AH214: =SUM(AG$4:AG214) -> 1 | AI214: =IF(RIGHT(E214,6)="retail",1,0) -> 0 | AJ214: =COUNTIF(AI$4:AI214,">0") -> 0 | AK214: 0 | AL214: 0 | AM214: =IF(OR(Table1[[#This Row],[Line total ordered for now]]>0,Table1[[#This Row],[Line total ordered for season]]>0),1,"") | AN214: =COUNTIF(AM$4:AM214,">0") -> 0 | AO214: =Table1[[#This Row],[ORDER QUANTITY to be collected BEFORE 31.3.22]] -> 0 | AP214: =J214 -> 0 | AQ214: =IFERROR(INDEX(Retail!H:H,MATCH($D214,Retail!$D:$D,0)),0) -> 0 | AR214: =IFERROR(INDEX(Retail!J:J,MATCH($D214,Retail!$D:$D,0)),0) -> 0 | AS214: =IFERROR(INDEX('NEW2022'!H:H,MATCH($D214,'NEW2022'!D:D,0)),0) -> 0 | AT214: =IFERROR(INDEX('NEW2022'!J:J,MATCH($D214,'NEW2022'!D:D,0)),0) -> 0 | AU214: =IFERROR(INDEX('Quiet Items'!H:H,MATCH($D214,'Quiet Items'!D:D,0)),0) -> 0 | AV214: =IFERROR(INDEX('Quiet Items'!J:J,MATCH($D214,'Quiet Items'!D:D,0)),0) -> 0 | AW214: =IFERROR(INDEX('1.4G'!H:H,MATCH($D214,'1.4G'!D:D,0)),0) -> 0 | AX214: =IFERROR(INDEX('1.4G'!J:J,MATCH($D214,'1.4G'!D:D,0)),0) -> 0 | AY214: =IF(OR(AU214>0,AW214>0,AO214>0,AS214>0,AQ214>0),AU214+AW214+AO214+AS214+AQ214,0) -> 0 | AZ214: =IF(OR(AV214>0,AX214>0,AP214>0,AT214>0,AR214>0),AV214+AX214+AP214+AT214+AR214,0) -> 0 | BA214: =IFERROR(Table1[[#This Row],[Line total ordered for now]]*Table1[[#This Row],[GUARANTEED PRICE for STOCK orders collected before 31.3.22]],0) -> 0 | BB214: =AZ214*L214 -> 0 | BC214: =(AZ214+Table1[[#This Row],[Line total ordered for now]])*Z214 -> 0 | BD214: 152.745
A215: 212 | C215: Shell - 4" Cylinder | D215: CS40409 | E215: 4" Whirlpool red willow crossette (Cylinder) | F215: =IF(LEFT(AD215,4)="http",HYPERLINK(AD215,"Video"),"") -> Video | G215: 30 | I215: 173.12 | K215: 9.9545 | L215: 181.1719 | M215: 199.09 | N215: 4" | O215: 20 | P215: 6 | Q215: No | R215: 16.08 | S215: 8.4 | T215: 3.2 | U215: 1.3G | V215: UN0335 | W215: F4 | Z215: 0.046 | AA215: 1008-F4-69249636 | AB215: GB/HSE-340815 | AC215: 8/3/2027 | AD215: https://youtu.be/Gu8v39WBigg | AE215: 0 | AF215: 0 | AG215: =IF(OR(B215="NEW2021",B215="NEW2022"),1,0) -> 0 | AH215: =SUM(AG$4:AG215) -> 1 | AI215: =IF(RIGHT(E215,6)="retail",1,0) -> 0 | AJ215: =COUNTIF(AI$4:AI215,">0") -> 0 | AK215: 0 | AL215: 0 | AM215: =IF(OR(Table1[[#This Row],[Line total ordered for now]]>0,Table1[[#This Row],[Line total ordered for season]]>0),1,"") | AN215: =COUNTIF(AM$4:AM215,">0") -> 0 | AO215: =Table1[[#This Row],[ORDER QUANTITY to be collected BEFORE 31.3.22]] -> 0 | AP215: =J215 -> 0 | AQ215: =IFERROR(INDEX(Retail!H:H,MATCH($D215,Retail!$D:$D,0)),0) -> 0 | AR215: =IFERROR(INDEX(Retail!J:J,MATCH($D215,Retail!$D:$D,0)),0) -> 0 | AS215: =IFERROR(INDEX('NEW2022'!H:H,MATCH($D215,'NEW2022'!D:D,0)),0) -> 0 | AT215: =IFERROR(INDEX('NEW2022'!J:J,MATCH($D215,'NEW2022'!D:D,0)),0) -> 0 | AU215: =IFERROR(INDEX('Quiet Items'!H:H,MATCH($D215,'Quiet Items'!D:D,0)),0) -> 0 | AV215: =IFERROR(INDEX('Quiet Items'!J:J,MATCH($D215,'Quiet Items'!D:D,0)),0) -> 0 | AW215: =IFERROR(INDEX('1.4G'!H:H,MATCH($D215,'1.4G'!D:D,0)),0) -> 0 | AX215: =IFERROR(INDEX('1.4G'!J:J,MATCH($D215,'1.4G'!D:D,0)),0) -> 0 | AY215: =IF(OR(AU215>0,AW215>0,AO215>0,AS215>0,AQ215>0),AU215+AW215+AO215+AS215+AQ215,0) -> 0 | AZ215: =IF(OR(AV215>0,AX215>0,AP215>0,AT215>0,AR215>0),AV215+AX215+AP215+AT215+AR215,0) -> 0 | BA215: =IFERROR(Table1[[#This Row],[Line total ordered for now]]*Table1[[#This Row],[GUARANTEED PRICE for STOCK orders collected before 31.3.22]],0) -> 0 | BB215: =AZ215*L215 -> 0 | BC215: =(AZ215+Table1[[#This Row],[Line total ordered for now]])*Z215 -> 0 | BD215: 169.2265
A216: 213 | C216: Shell - 4" Mixed | D216: CAS4049-CBS4001 | E216: 4" Mixed case. GLITTER & PEONY. 6x blue & gold glitter (CAS4049), 6x green & silver glitter (CAS4050), 6x red & silver glitter (CAS4051), 6x red & blue peony (CS40085), 6x purple & green peony (CAS4052), 6x multicolour peony (CBS4001) | F216: =IF(LEFT(AD216,4)="http",HYPERLINK(AD216,"Video"),"") | G216: 26 | I216: 155.13 | K216: 4.9241774 | L216: 161.31605 | M216: 177.27039 | N216: 4" | O216: 36 | P216: 0 | Q216: No | R216: 16 | S216: 10.68 | T216: 3.2 | U216: 1.3G | V216: UN0335 | W216: F4 | Z216: 0.059048 | AA216: 1008-F4-69249638 | AB216: GB/HSE-338622, GB/HSE-338623, GB/HSE-338624, GB/HSE-261650, GB/HSE-338625, GB/HSE-320960 | AC216: 5/18/2027 | AD216: 0 | AE216: 0 | AF216: 0 | AG216: =IF(OR(B216="NEW2021",B216="NEW2022"),1,0) -> 0 | AH216: =SUM(AG$4:AG216) -> 1 | AI216: =IF(RIGHT(E216,6)="retail",1,0) -> 0 | AJ216: =COUNTIF(AI$4:AI216,">0") -> 0 | AK216: 0 | AL216: 0 | AM216: =IF(OR(Table1[[#This Row],[Line total ordered for now]]>0,Table1[[#This Row],[Line total ordered for season]]>0),1,"") | AN216: =COUNTIF(AM$4:AM216,">0") -> 0 | AO216: =Table1[[#This Row],[ORDER QUANTITY to be collected BEFORE 31.3.22]] -> 0 | AP216: =J216 -> 0 | AQ216: =IFERROR(INDEX(Retail!H:H,MATCH($D216,Retail!$D:$D,0)),0) -> 0 | AR216: =IFERROR(INDEX(Retail!J:J,MATCH($D216,Retail!$D:$D,0)),0) -> 0 | AS216: =IFERROR(INDEX('NEW2022'!H:H,MATCH($D216,'NEW2022'!D:D,0)),0) -> 0 | AT216: =IFERROR(INDEX('NEW2022'!J:J,MATCH($D216,'NEW2022'!D:D,0)),0) -> 0 | AU216: =IFERROR(INDEX('Quiet Items'!H:H,MATCH($D216,'Quiet Items'!D:D,0)),0) -> 0 | AV216: =IFERROR(INDEX('Quiet Items'!J:J,MATCH($D216,'Quiet Items'!D:D,0)),0) -> 0 | AW216: =IFERROR(INDEX('1.4G'!H:H,MATCH($D216,'1.4G'!D:D,0)),0) -> 0 | AX216: =IFERROR(INDEX('1.4G'!J:J,MATCH($D216,'1.4G'!D:D,0)),0) -> 0 | AY216: =IF(OR(AU216>0,AW216>0,AO216>0,AS216>0,AQ216>0),AU216+AW216+AO216+AS216+AQ216,0) -> 0 | AZ216: =IF(OR(AV216>0,AX216>0,AP216>0,AT216>0,AR216>0),AV216+AX216+AP216+AT216+AR216,0) -> 0 | BA216: =IFERROR(Table1[[#This Row],[Line total ordered for now]]*Table1[[#This Row],[GUARANTEED PRICE for STOCK orders collected before 31.3.22]],0) -> 0 | BB216: =AZ216*L216 -> 0 | BC216: =(AZ216+Table1[[#This Row],[Line total ordered for now]])*Z216 -> 0 | BD216: 150.67983
... A223: 220 | C223: Shell - 4" Mixed | D223: S041 | E223: 4" Mixed case. Crackling Spider with crackling tail. 9x spider with crackling stars to blue, 9x spider with crackling stars with blue pistil to blue, 9x spider with crackling stars to red, 9x spider with crackling stars with red pistil to red. | F223: =IF(LEFT(AD223,4)="http",HYPERLINK(AD223,"Video"),"") | G223: 9 | I223: 172.55 | K223: 6.7582348 | L223: 221.39977 | M223: 243.29645 | N223: 4" | O223: 36 | P223: 0 | Q223: No | R223: 16 | S223: 10.68 | T223: 3.2 | U223: 1.3G | V223: UN0335 | W223: F4 | Z223: 0.0629 | AA223: 1008-F4-69249638 | AB223: GB/HSE-348114 , GB/HSE-348115, GB/HSE-348116, GB/HSE-348117 | AC223: 11/1/2026 | AD223: 0 | AE223: 0 | AF223: 0 | AG223: =IF(OR(B223="NEW2021",B223="NEW2022"),1,0) -> 0 | AH223: =SUM(AG$4:AG223) -> 1 | AI223: =IF(RIGHT(E223,6)="retail",1,0) -> 0 | AJ223: =COUNTIF(AI$4:AI223,">0") -> 0 | AK223: 0 | AL223: 0 | AM223: =IF(OR(Table1[[#This Row],[Line total ordered for now]]>0,Table1[[#This Row],[Line total ordered for season]]>0),1,"") | AN223: =COUNTIF(AM$4:AM223,">0") -> 0 | AO223: =Table1[[#This Row],[ORDER QUANTITY to be collected BEFORE 31.3.22]] -> 0 | AP223: =J223 -> 0 | AQ223: =IFERROR(INDEX(Retail!H:H,MATCH($D223,Retail!$D:$D,0)),0) -> 0 | AR223: =IFERROR(INDEX(Retail!J:J,MATCH($D223,Retail!$D:$D,0)),0) -> 0 | AS223: =IFERROR(INDEX('NEW2022'!H:H,MATCH($D223,'NEW2022'!D:D,0)),0) -> 0 | AT223: =IFERROR(INDEX('NEW2022'!J:J,MATCH($D223,'NEW2022'!D:D,0)),0) -> 0 | AU223: =IFERROR(INDEX('Quiet Items'!H:H,MATCH($D223,'Quiet Items'!D:D,0)),0) -> 0 | AV223: =IFERROR(INDEX('Quiet Items'!J:J,MATCH($D223,'Quiet Items'!D:D,0)),0) -> 0 | AW223: =IFERROR(INDEX('1.4G'!H:H,MATCH($D223,'1.4G'!D:D,0)),0) -> 0 | AX223: =IFERROR(INDEX('1.4G'!J:J,MATCH($D223,'1.4G'!D:D,0)),0) -> 0 | AY223: =IF(OR(AU223>0,AW223>0,AO223>0,AS223>0,AQ223>0),AU223+AW223+AO223+AS223+AQ223,0) -> 0 | AZ223: =IF(OR(AV223>0,AX223>0,AP223>0,AT223>0,AR223>0),AV223+AX223+AP223+AT223+AR223,0) -> 0 | BA223: =IFERROR(Table1[[#This Row],[Line total ordered for now]]*Table1[[#This Row],[GUARANTEED PRICE for STOCK orders collected before 31.3.22]],0) -> 0 | BB223: =AZ223*L223 -> 0 | BC223: =(AZ223+Table1[[#This Row],[Line total ordered for now]])*Z223 -> 0 | BD223: 206.80198
A224: 221 | C224: Shell - 5" | D224: CS50629 | E224: 5" Red sun ring | F224: =IF(LEFT(AD224,4)="http",HYPERLINK(AD224,"Video"),"") -> Video | G224: 9 | I224: 166.74 | K224: 7.8729167 | L224: 171.9445 | M224: 188.95 | N224: 5" | O224: 24 | P224: 4 | Q224: No | R224: 21 | S224: 13.59 | T224: 3.55 | U224: 1.3G | V224: UN0335 | W224: F4 | Z224: 0.0696 | AA224: 0 | AB224: NL/TNO-0246-2020 | AC224: 12/31/2099 | AD224: https://youtu.be/B0qdlB4khTU | AE224: 0 | AF224: 0 | AG224: =IF(OR(B224="NEW2021",B224="NEW2022"),1,0) -> 0 | AH224: =SUM(AG$4:AG224) -> 1 | AI224: =IF(RIGHT(E224,6)="retail",1,0) -> 0 | AJ224: =COUNTIF(AI$4:AI224,">0") -> 0 | AK224: 0 | AL224: 0 | AM224: =IF(OR(Table1[[#This Row],[Line total ordered for now]]>0,Table1[[#This Row],[Line total ordered for season]]>0),1,"") | AN224: =COUNTIF(AM$4:AM224,">0") -> 0 | AO224: =Table1[[#This Row],[ORDER QUANTITY to be collected BEFORE 31.3.22]] -> 0 | AP224: =J224 -> 0 | AQ224: =IFERROR(INDEX(Retail!H:H,MATCH($D224,Retail!$D:$D,0)),0) -> 0 | AR224: =IFERROR(INDEX(Retail!J:J,MATCH($D224,Retail!$D:$D,0)),0) -> 0 | AS224: =IFERROR(INDEX('NEW2022'!H:H,MATCH($D224,'NEW2022'!D:D,0)),0) -> 0 | AT224: =IFERROR(INDEX('NEW2022'!J:J,MATCH($D224,'NEW2022'!D:D,0)),0) -> 0 | AU224: =IFERROR(INDEX('Quiet Items'!H:H,MATCH($D224,'Quiet Items'!D:D,0)),0) -> 0 | AV224: =IFERROR(INDEX('Quiet Items'!J:J,MATCH($D224,'Quiet Items'!D:D,0)),0) -> 0 | AW224: =IFERROR(INDEX('1.4G'!H:H,MATCH($D224,'1.4G'!D:D,0)),0) -> 0 | AX224: =IFERROR(INDEX('1.4G'!J:J,MATCH($D224,'1.4G'!D:D,0)),0) -> 0 | AY224: =IF(OR(AU224>0,AW224>0,AO224>0,AS224>0,AQ224>0),AU224+AW224+AO224+AS224+AQ224,0) -> 0 | AZ224: =IF(OR(AV224>0,AX224>0,AP224>0,AT224>0,AR224>0),AV224+AX224+AP224+AT224+AR224,0) -> 0 | BA224: =IFERROR(Table1[[#This Row],[Line total ordered for now]]*Table1[[#This Row],[GUARANTEED PRICE for STOCK orders collected before 31.3.22]],0) -> 0 | BB224: =AZ224*L224 -> 0 | BC224: =(AZ224+Table1[[#This Row],[Line total ordered for now]])*Z224 -> 0 | BD224: 160.6075
A225: 222 | C225: Shell - 5" | D225: CS50046 | E225: 5" Red Peony | F225: =IF(LEFT(AD225,4)="http",HYPERLINK(AD225,"Video"),"") -> Video | G225: 3 | I225: 173.43 | K225: 8.18875 | L225: 178.8423 | M225: 196.53 | N225: 5" | O225: 24 | P225: 5 | Q225: No | R225: 21 | S225: 13.59 | T225: 3.55 | U225: 1.3G | V225: UN0335 | W225: F4 | Z225: 0.0706 | AA225: 1008-F4-62949640 | AB225: GB/HSE-261645 | AC225: 4/30/2027 | AD225: https://youtu.be/JxxGOvdbeis | AE225: 0 | AF225: 0 | AG225: =IF(OR(B225="NEW2021",B225="NEW2022"),1,0) -> 0 | AH225: =SUM(AG$4:AG225) -> 1 | AI225: =IF(RIGHT(E225,6)="retail",1,0) -> 0 | AJ225: =COUNTIF(AI$4:AI225,">0") -> 0 | AK225: 0 | AL225: 0 | AM225: =IF(OR(Table1[[#This Row],[Line total ordered for now]]>0,Table1[[#This Row],[Line total ordered for season]]>0),1,"") | AN225: =COUNTIF(AM$4:AM225,">0") -> 0 | AO225: =Table1[[#This Row],[ORDER QUANTITY to be collected BEFORE 31.3.22]] -> 0 | AP225: =J225 -> 0 | AQ225: =IFERROR(INDEX(Retail!H:H,MATCH($D225,Retail!$D:$D,0)),0) -> 0 | AR225: =IFERROR(INDEX(Retail!J:J,MATCH($D225,Retail!$D:$D,0)),0) -> 0 | AS225: =IFERROR(INDEX('NEW2022'!H:H,MATCH($D225,'NEW2022'!D:D,0)),0) -> 0 | AT225: =IFERROR(INDEX('NEW2022'!J:J,MATCH($D225,'NEW2022'!D:D,0)),0) -> 0 | AU225: =IFERROR(INDEX('Quiet Items'!H:H,MATCH($D225,'Quiet Items'!D:D,0)),0) -> 0 | AV225: =IFERROR(INDEX('Quiet Items'!J:J,MATCH($D225,'Quiet Items'!D:D,0)),0) -> 0 | AW225: =IFERROR(INDEX('1.4G'!H:H,MATCH($D225,'1.4G'!D:D,0)),0) -> 0 | AX225: =IFERROR(INDEX('1.4G'!J:J,MATCH($D225,'1.4G'!D:D,0)),0) -> 0 | AY225: =IF(OR(AU225>0,AW225>0,AO225>0,AS225>0,AQ225>0),AU225+AW225+AO225+AS225+AQ225,0) -> 0 | AZ225: =IF(OR(AV225>0,AX225>0,AP225>0,AT225>0,AR225>0),AV225+AX225+AP225+AT225+AR225,0) -> 0 | BA225: =IFERROR(Table1[[#This Row],[Line total ordered for now]]*Table1[[#This Row],[GUARANTEED PRICE for STOCK orders collected before 31.3.22]],0) -> 0 | BB225: =AZ225*L225 -> 0 | BC225: =(AZ225+Table1[[#This Row],[Line total ordered for now]])*Z225 -> 0 | BD225: 167.0505
A226: 223 | C226: Shell - 5" | D226: CS50525 | E226: 5" Blue saturn (to red ring) | F226: =IF(LEFT(AD226,4)="http",HYPERLINK(AD226,"Video"),"") -> Video | G226: 7 | I226: 176.29 | K226: 8.32375 | L226: 181.7907 | M226: 199.77 | N226: 5" | O226: 24 | P226: 6 | Q226: No | R226: 23 | S226: 12 | T226: 3.55 | U226: 1.3G | V226: UN0335 | W226: F4 | Z226: 0.0666 | AA226: 1008-F4-62949640 | AB226: GB/HSE-345087 | AC226: 10/9/2028 | AD226: https://youtu.be/hmitui-C1q0 | AE226: 0 | AF226: 0 | AG226: =IF(OR(B226="NEW2021",B226="NEW2022"),1,0) -> 0 | AH226: =SUM(AG$4:AG226) -> 1 | AI226: =IF(RIGHT(E226,6)="retail",1,0) -> 0 | AJ226: =COUNTIF(AI$4:AI226,">0") -> 0 | AK226: 0 | AL226: 0 | AM226: =IF(OR(Table1[[#This Row],[Line total ordered for now]]>0,Table1[[#This Row],[Line total ordered for season]]>0),1,"") | AN226: =COUNTIF(AM$4:AM226,">0") -> 0 | AO226: =Table1[[#This Row],[ORDER QUANTITY to be collected BEFORE 31.3.22]] -> 0 | AP226: =J226 -> 0 | AQ226: =IFERROR(INDEX(Retail!H:H,MATCH($D226,Retail!$D:$D,0)),0) -> 0 | AR226: =IFERROR(INDEX(Retail!J:J,MATCH($D226,Retail!$D:$D,0)),0) -> 0 | AS226: =IFERROR(INDEX('NEW2022'!H:H,MATCH($D226,'NEW2022'!D:D,0)),0) -> 0 | AT226: =IFERROR(INDEX('NEW2022'!J:J,MATCH($D226,'NEW2022'!D:D,0)),0) -> 0 | AU226: =IFERROR(INDEX('Quiet Items'!H:H,MATCH($D226,'Quiet Items'!D:D,0)),0) -> 0 | AV226: =IFERROR(INDEX('Quiet Items'!J:J,MATCH($D226,'Quiet Items'!D:D,0)),0) -> 0 | AW226: =IFERROR(INDEX('1.4G'!H:H,MATCH($D226,'1.4G'!D:D,0)),0) -> 0 | AX226: =IFERROR(INDEX('1.4G'!J:J,MATCH($D226,'1.4G'!D:D,0)),0) -> 0 | AY226: =IF(OR(AU226>0,AW226>0,AO226>0,AS226>0,AQ226>0),AU226+AW226+AO226+AS226+AQ226,0) -> 0 | AZ226: =IF(OR(AV226>0,AX226>0,AP226>0,AT226>0,AR226>0),AV226+AX226+AP226+AT226+AR226,0) -> 0 | BA226: =IFERROR(Table1[[#This Row],[Line total ordered for now]]*Table1[[#This Row],[GUARANTEED PRICE for STOCK orders collected before 31.3.22]],0) -> 0 | BB226: =AZ226*L226 -> 0 | BC226: =(AZ226+Table1[[#This Row],[Line total ordered for now]])*Z226 -> 0 | BD226: 169.8045
A227: 224 | C227: Shell - 5" | D227: S060-1 | E227: 5" Red blink | F227: =IF(LEFT(AD227,4)="http",HYPERLINK(AD227,"Video"),"") -> Video | G227: 1 | I227: 196.88 | K227: 8.3674 | L227: 200.8176 | M227: 200.8176 | N227: 5" | O227: 24 | P227: 0 | Q227: No | R227: 21 | S227: 13.59 | T227: 3.55 | U227: 1.3G | V227: UN0335 | W227: F4 | Z227: 0.0696 | AA227: 1008-F4-69249640 | AB227: GB/HSE-348106 | AC227: 12/11/2029 | AD227: https://youtu.be/Ad4cCZeooaw | AE227: 0 | AF227: 0 | AG227: =IF(OR(B227="NEW2021",B227="NEW2022"),1,0) -> 0 | AH227: =SUM(AG$4:AG227) -> 1 | AI227: =IF(RIGHT(E227,6)="retail",1,0) -> 0 | AJ227: =COUNTIF(AI$4:AI227,">0") -> 0 | AK227: 0 | AL227: 0 | AM227: =IF(OR(Table1[[#This Row],[Line total ordered for now]]>0,Table1[[#This Row],[Line total ordered for season]]>0),1,"") | AN227: =COUNTIF(AM$4:AM227,">0") -> 0 | AO227: =Table1[[#This Row],[ORDER QUANTITY to be collected BEFORE 31.3.22]] -> 0 | AP227: =J227 -> 0 | AQ227: =IFERROR(INDEX(Retail!H:H,MATCH($D227,Retail!$D:$D,0)),0) -> 0 | AR227: =IFERROR(INDEX(Retail!J:J,MATCH($D227,Retail!$D:$D,0)),0) -> 0 | AS227: =IFERROR(INDEX('NEW2022'!H:H,MATCH($D227,'NEW2022'!D:D,0)),0) -> 0 | AT227: =IFERROR(INDEX('NEW2022'!J:J,MATCH($D227,'NEW2022'!D:D,0)),0) -> 0 | AU227: =IFERROR(INDEX('Quiet Items'!H:H,MATCH($D227,'Quiet Items'!D:D,0)),0) -> 0 | AV227: =IFERROR(INDEX('Quiet Items'!J:J,MATCH($D227,'Quiet Items'!D:D,0)),0) -> 0 | AW227: =IFERROR(INDEX('1.4G'!H:H,MATCH($D227,'1.4G'!D:D,0)),0) -> 0 | AX227: =IFERROR(INDEX('1.4G'!J:J,MATCH($D227,'1.4G'!D:D,0)),0) -> 0 | AY227: =IF(OR(AU227>0,AW227>0,AO227>0,AS227>0,AQ227>0),AU227+AW227+AO227+AS227+AQ227,0) -> 0 | AZ227: =IF(OR(AV227>0,AX227>0,AP227>0,AT227>0,AR227>0),AV227+AX227+AP227+AT227+AR227,0) -> 0 | BA227: =IFERROR(Table1[[#This Row],[Line total ordered for now]]*Table1[[#This Row],[GUARANTEED PRICE for STOCK orders collected before 31.3.22]],0) -> 0 | BB227: =AZ227*L227 -> 0 | BC227: =(AZ227+Table1[[#This Row],[Line total ordered for now]])*Z227 -> 0 | BD227: 170.69496
A228: 225 | C228: Shell - 5" | D228: S060-2 | E228: 5" Green blink | F228: =IF(LEFT(AD228,4)="http",HYPERLINK(AD228,"Video"),"") -> Video | G228: 0 | I228: 196.88 | K228: 8.3674 | L228: 200.8176 | M228: 200.8176 | N228: 5" | O228: 24 | P228: 0 | Q228: No | R228: 21 | S228: 13.59 | T228: 0 | U228: 1.3G | V228: UN0335 | W228: F4 | Z228: 0.0696 | AA228: 1008-F4-69249640 | AB228: GB/HSE-348107 | AC228: 12/11/2029 | AD228: https://youtu.be/Ad4cCZeooaw | AE228: 0 | AF228: 0 | AG228: =IF(OR(B228="NEW2021",B228="NEW2022"),1,0) -> 0 | AH228: =SUM(AG$4:AG228) -> 1 | AI228: =IF(RIGHT(E228,6)="retail",1,0) -> 0 | AJ228: =COUNTIF(AI$4:AI228,">0") -> 0 | AK228: 0 | AL228: 0 | AM228: =IF(OR(Table1[[#This Row],[Line total ordered for now]]>0,Table1[[#This Row],[Line total ordered for season]]>0),1,"") | AN228: =COUNTIF(AM$4:AM228,">0") -> 0 | AO228: =Table1[[#This Row],[ORDER QUANTITY to be collected BEFORE 31.3.22]] -> 0 | AP228: =J228 -> 0 | AQ228: =IFERROR(INDEX(Retail!H:H,MATCH($D228,Retail!$D:$D,0)),0) -> 0 | AR228: =IFERROR(INDEX(Retail!J:J,MATCH($D228,Retail!$D:$D,0)),0) -> 0 | AS228: =IFERROR(INDEX('NEW2022'!H:H,MATCH($D228,'NEW2022'!D:D,0)),0) -> 0 | AT228: =IFERROR(INDEX('NEW2022'!J:J,MATCH($D228,'NEW2022'!D:D,0)),0) -> 0 | AU228: =IFERROR(INDEX('Quiet Items'!H:H,MATCH($D228,'Quiet Items'!D:D,0)),0) -> 0 | AV228: =IFERROR(INDEX('Quiet Items'!J:J,MATCH($D228,'Quiet Items'!D:D,0)),0) -> 0 | AW228: =IFERROR(INDEX('1.4G'!H:H,MATCH($D228,'1.4G'!D:D,0)),0) -> 0 | AX228: =IFERROR(INDEX('1.4G'!J:J,MATCH($D228,'1.4G'!D:D,0)),0) -> 0 | AY228: =IF(OR(AU228>0,AW228>0,AO228>0,AS228>0,AQ228>0),AU228+AW228+AO228+AS228+AQ228,0) -> 0 | AZ228: =IF(OR(AV228>0,AX228>0,AP228>0,AT228>0,AR228>0),AV228+AX228+AP228+AT228+AR228,0) -> 0 | BA228: =IFERROR(Table1[[#This Row],[Line total ordered for now]]*Table1[[#This Row],[GUARANTEED PRICE for STOCK orders collected before 31.3.22]],0) -> 0 | BB228: =AZ228*L228 -> 0 | BC228: =(AZ228+Table1[[#This Row],[Line total ordered for now]])*Z228 -> 0 | BD228: 170.69496
A229: 226 | C229: Shell - 5" | D229: CS50635 | E229: 5" Gold willow to white strobe waterfall | F229: =IF(LEFT(AD229,4)="http",HYPERLINK(AD229,"Video"),"") -> Video | G229: 0 | I229: 196.49 | K229: 8.3929167 | L229: 200.4198 | M229: 201.43 | N229: 5" | O229: 24 | P229: 10 | Q229: No | R229: 23 | S229: 12 | T229: 3.55 | U229: 1.3G | V229: UN0335 | W229: F4 | Z229: 0.066632 | AA229: 1008-F4-69249640 | AB229: GB/HSE-358709 | AC229: 8/15/2028 | AD229: https://youtu.be/pev21_vMt5A | AE229: 0 | AF229: 0 | AG229: =IF(OR(B229="NEW2021",B229="NEW2022"),1,0) -> 0 | AH229: =SUM(AG$4:AG229) -> 1 | AI229: =IF(RIGHT(E229,6)="retail",1,0) -> 0 | AJ229: =COUNTIF(AI$4:AI229,">0") -> 0 | AK229: 0 | AL229: 0 | AM229: =IF(OR(Table1[[#This Row],[Line total ordered for now]]>0,Table1[[#This Row],[Line total ordered for season]]>0),1,"") | AN229: =COUNTIF(AM$4:AM229,">0") -> 0 | AO229: =Table1[[#This Row],[ORDER QUANTITY to be collected BEFORE 31.3.22]] -> 0 | AP229: =J229 -> 0 | AQ229: =IFERROR(INDEX(Retail!H:H,MATCH($D229,Retail!$D:$D,0)),0) -> 0 | AR229: =IFERROR(INDEX(Retail!J:J,MATCH($D229,Retail!$D:$D,0)),0) -> 0 | AS229: =IFERROR(INDEX('NEW2022'!H:H,MATCH($D229,'NEW2022'!D:D,0)),0) -> 0 | AT229: =IFERROR(INDEX('NEW2022'!J:J,MATCH($D229,'NEW2022'!D:D,0)),0) -> 0 | AU229: =IFERROR(INDEX('Quiet Items'!H:H,MATCH($D229,'Quiet Items'!D:D,0)),0) -> 0 | AV229: =IFERROR(INDEX('Quiet Items'!J:J,MATCH($D229,'Quiet Items'!D:D,0)),0) -> 0 | AW229: =IFERROR(INDEX('1.4G'!H:H,MATCH($D229,'1.4G'!D:D,0)),0) -> 0 | AX229: =IFERROR(INDEX('1.4G'!J:J,MATCH($D229,'1.4G'!D:D,0)),0) -> 0 | AY229: =IF(OR(AU229>0,AW229>0,AO229>0,AS229>0,AQ229>0),AU229+AW229+AO229+AS229+AQ229,0) -> 0 | AZ229: =IF(OR(AV229>0,AX229>0,AP229>0,AT229>0,AR229>0),AV229+AX229+AP229+AT229+AR229,0) -> 0 | BA229: =IFERROR(Table1[[#This Row],[Line total ordered for now]]*Table1[[#This Row],[GUARANTEED PRICE for STOCK orders collected before 31.3.22]],0) -> 0 | BB229: =AZ229*L229 -> 0 | BC229: =(AZ229+Table1[[#This Row],[Line total ordered for now]])*Z229 -> 0 | BD229: 171.2155
A230: 227 | C230: Shell - 5" | D230: CBS5005 | E230: 5" Silver peony | F230: =IF(LEFT(AD230,4)="http",HYPERLINK(AD230,"Video"),"") -> Video | G230: 0 | I230: 165.32 | K230: 8.4841667 | L230: 185.2942 | M230: 203.62 | N230: 5" | O230: 24 | P230: 5 | Q230: No | R230: 21 | S230: 13.59 | T230: 3.55 | U230: 1.3G | V230: UN0335 | W230: F4 | Z230: 0.0696 | AA230: 1008-F4-69249640 | AB230: GB/HSE-320977 | AC230: 10/4/2030 | AD230: https://youtu.be/Gsw4GFfuhVE | AE230: 0 | AF230: 0 | AG230: =IF(OR(B230="NEW2021",B230="NEW2022"),1,0) -> 0 | AH230: =SUM(AG$4:AG230) -> 1 | AI230: =IF(RIGHT(E230,6)="retail",1,0) -> 0 | AJ230: =COUNTIF(AI$4:AI230,">0") -> 0 | AK230: 0 | AL230: 0 | AM230: =IF(OR(Table1[[#This Row],[Line total ordered for now]]>0,Table1[[#This Row],[Line total ordered for season]]>0),1,"") | AN230: =COUNTIF(AM$4:AM230,">0") -> 0 | AO230: =Table1[[#This Row],[ORDER QUANTITY to be collected BEFORE 31.3.22]] -> 0 | AP230: =J230 -> 0 | AQ230: =IFERROR(INDEX(Retail!H:H,MATCH($D230,Retail!$D:$D,0)),0) -> 0 | AR230: =IFERROR(INDEX(Retail!J:J,MATCH($D230,Retail!$D:$D,0)),0) -> 0 | AS230: =IFERROR(INDEX('NEW2022'!H:H,MATCH($D230,'NEW2022'!D:D,0)),0) -> 0 | AT230: =IFERROR(INDEX('NEW2022'!J:J,MATCH($D230,'NEW2022'!D:D,0)),0) -> 0 | AU230: =IFERROR(INDEX('Quiet Items'!H:H,MATCH($D230,'Quiet Items'!D:D,0)),0) -> 0 | AV230: =IFERROR(INDEX('Quiet Items'!J:J,MATCH($D230,'Quiet Items'!D:D,0)),0) -> 0 | AW230: =IFERROR(INDEX('1.4G'!H:H,MATCH($D230,'1.4G'!D:D,0)),0) -> 0 | AX230: =IFERROR(INDEX('1.4G'!J:J,MATCH($D230,'1.4G'!D:D,0)),0) -> 0 | AY230: =IF(OR(AU230>0,AW230>0,AO230>0,AS230>0,AQ230>0),AU230+AW230+AO230+AS230+AQ230,0) -> 0 | AZ230: =IF(OR(AV230>0,AX230>0,AP230>0,AT230>0,AR230>0),AV230+AX230+AP230+AT230+AR230,0) -> 0 | BA230: =IFERROR(Table1[[#This Row],[Line total ordered for now]]*Table1[[#This Row],[GUARANTEED PRICE for STOCK orders collected before 31.3.22]],0) -> 0 | BB230: =AZ230*L230 -> 0 | BC230: =(AZ230+Table1[[#This Row],[Line total ordered for now]])*Z230 -> 0 | BD230: 173.077
A231: 228 | C231: Shell - 5" | D231: S060-3 | E231: 5" Silver Strobe | F231: =IF(LEFT(AD231,4)="http",HYPERLINK(AD231,"Video"),"") -> Video | G231: 0 | I231: 172.85 | K231: 8.4841667 | L231: 185.2942 | M231: 203.62 | N231: 5" | O231: 24 | P231: 6 | Q231: No | R231: 21 | S231: 13.59 | T231: 3.55 | U231: 1.3G | V231: UN0335 | W231: F4 | Z231: 0.0696 | AA231: 1008-F4-69249640 | AB231: GB/HSE-261660 | AC231: 12/11/2029 | AD231: https://youtu.be/icmvihiysOw | AE231: 0 | AF231: 0 | AG231: =IF(OR(B231="NEW2021",B231="NEW2022"),1,0) -> 0 | AH231: =SUM(AG$4:AG231) -> 1 | AI231: =IF(RIGHT(E231,6)="retail",1,0) -> 0 | AJ231: =COUNTIF(AI$4:AI231,">0") -> 0 | AK231: 0 | AL231: 0 | AM231: =IF(OR(Table1[[#This Row],[Line total ordered for now]]>0,Table1[[#This Row],[Line total ordered for season]]>0),1,"") | AN231: =COUNTIF(AM$4:AM231,">0") -> 0 | AO231: =Table1[[#This Row],[ORDER QUANTITY to be collected BEFORE 31.3.22]] -> 0 | AP231: =J231 -> 0 | AQ231: =IFERROR(INDEX(Retail!H:H,MATCH($D231,Retail!$D:$D,0)),0) -> 0 | AR231: =IFERROR(INDEX(Retail!J:J,MATCH($D231,Retail!$D:$D,0)),0) -> 0 | AS231: =IFERROR(INDEX('NEW2022'!H:H,MATCH($D231,'NEW2022'!D:D,0)),0) -> 0 | AT231: =IFERROR(INDEX('NEW2022'!J:J,MATCH($D231,'NEW2022'!D:D,0)),0) -> 0 | AU231: =IFERROR(INDEX('Quiet Items'!H:H,MATCH($D231,'Quiet Items'!D:D,0)),0) -> 0 | AV231: =IFERROR(INDEX('Quiet Items'!J:J,MATCH($D231,'Quiet Items'!D:D,0)),0) -> 0 | AW231: =IFERROR(INDEX('1.4G'!H:H,MATCH($D231,'1.4G'!D:D,0)),0) -> 0 | AX231: =IFERROR(INDEX('1.4G'!J:J,MATCH($D231,'1.4G'!D:D,0)),0) -> 0 | AY231: =IF(OR(AU231>0,AW231>0,AO231>0,AS231>0,AQ231>0),AU231+AW231+AO231+AS231+AQ231,0) -> 0 | AZ231: =IF(OR(AV231>0,AX231>0,AP231>0,AT231>0,AR231>0),AV231+AX231+AP231+AT231+AR231,0) -> 0 | BA231: =IFERROR(Table1[[#This Row],[Line total ordered for now]]*Table1[[#This Row],[GUARANTEED PRICE for STOCK orders collected before 31.3.22]],0) -> 0 | BB231: =AZ231*L231 -> 0 | BC231: =(AZ231+Table1[[#This Row],[Line total ordered for now]])*Z231 -> 0 | BD231: 173.077
A232: 229 | C232: Shell - 5" | D232: CS50530 | E232: 5" Gold glittering | F232: =IF(LEFT(AD232,4)="http",HYPERLINK(AD232,"Video"),"") -> Video | G232: 7 | I232: 180.53 | K232: 8.52375 | L232: 186.1587 | M232: 204.57 | N232: 5" | O232: 24 | P232: 0 | Q232: No | R232: 21 | S232: 13.59 | T232: 3.55 | U232: 1.3G | V232: UN0335 | W232: F4 | Z232: 0.0696 | AA232: 1008-F4-69249640 | AB232: GB/HSE-345279 | AC232: 10/9/2028 | AD232: https://youtu.be/NsP8oZCQ3nk | AE232: 0 | AF232: 0 | AG232: =IF(OR(B232="NEW2021",B232="NEW2022"),1,0) -> 0 | AH232: =SUM(AG$4:AG232) -> 1 | AI232: =IF(RIGHT(E232,6)="retail",1,0) -> 0 | AJ232: =COUNTIF(AI$4:AI232,">0") -> 0 | AK232: 0 | AL232: 0 | AM232: =IF(OR(Table1[[#This Row],[Line total ordered for now]]>0,Table1[[#This Row],[Line total ordered for season]]>0),1,"") | AN232: =COUNTIF(AM$4:AM232,">0") -> 0 | AO232: =Table1[[#This Row],[ORDER QUANTITY to be collected BEFORE 31.3.22]] -> 0 | AP232: =J232 -> 0 | AQ232: =IFERROR(INDEX(Retail!H:H,MATCH($D232,Retail!$D:$D,0)),0) -> 0 | AR232: =IFERROR(INDEX(Retail!J:J,MATCH($D232,Retail!$D:$D,0)),0) -> 0 | AS232: =IFERROR(INDEX('NEW2022'!H:H,MATCH($D232,'NEW2022'!D:D,0)),0) -> 0 | AT232: =IFERROR(INDEX('NEW2022'!J:J,MATCH($D232,'NEW2022'!D:D,0)),0) -> 0 | AU232: =IFERROR(INDEX('Quiet Items'!H:H,MATCH($D232,'Quiet Items'!D:D,0)),0) -> 0 | AV232: =IFERROR(INDEX('Quiet Items'!J:J,MATCH($D232,'Quiet Items'!D:D,0)),0) -> 0 | AW232: =IFERROR(INDEX('1.4G'!H:H,MATCH($D232,'1.4G'!D:D,0)),0) -> 0 | AX232: =IFERROR(INDEX('1.4G'!J:J,MATCH($D232,'1.4G'!D:D,0)),0) -> 0 | AY232: =IF(OR(AU232>0,AW232>0,AO232>0,AS232>0,AQ232>0),AU232+AW232+AO232+AS232+AQ232,0) -> 0 | AZ232: =IF(OR(AV232>0,AX232>0,AP232>0,AT232>0,AR232>0),AV232+AX232+AP232+AT232+AR232,0) -> 0 | BA232: =IFERROR(Table1[[#This Row],[Line total ordered for now]]*Table1[[#This Row],[GUARANTEED PRICE for STOCK orders collected before 31.3.22]],0) -> 0 | BB232: =AZ232*L232 -> 0 | BC232: =(AZ232+Table1[[#This Row],[Line total ordered for now]])*Z232 -> 0 | BD232: 173.8845
A233: 230 | C233: Shell - 5" | D233: CS50635 (18) | E233: 5" Gold willow to white strobe waterfall | F233: =IF(LEFT(AD233,4)="http",HYPERLINK(AD233,"Video"),"") -> Video | G233: 0 | I233: 196.49 | K233: 8.5594571 | L233: 150.31485 | M233: 154.07023 | N233: 5" | O233: 18 | P233: 10 | Q233: No | R233: 17.25 | S233: 9 | T233: 3.55 | U233: 1.3G | V233: UN0335 | W233: F4 | Z233: 0.053306 | AA233: 1008-F4-69249640 | AB233: GB/HSE-358709 | AC233: 8/15/2028 | AD233: https://youtu.be/pev21_vMt5A | AE233: 0 | AF233: 0 | AG233: =IF(OR(B233="NEW2021",B233="NEW2022"),1,0) -> 0 | AH233: =SUM(AG$4:AG233) -> 1 | AI233: =IF(RIGHT(E233,6)="retail",1,0) -> 0 | AJ233: =COUNTIF(AI$4:AI233,">0") -> 0 | AK233: 0 | AL233: 0 | AM233: =IF(OR(Table1[[#This Row],[Line total ordered for now]]>0,Table1[[#This Row],[Line total ordered for season]]>0),1,"") | AN233: =COUNTIF(AM$4:AM233,">0") -> 0 | AO233: =Table1[[#This Row],[ORDER QUANTITY to be collected BEFORE 31.3.22]] -> 0 | AP233: =J233 -> 0 | AQ233: =IFERROR(INDEX(Retail!H:H,MATCH($D233,Retail!$D:$D,0)),0) -> 0 | AR233: =IFERROR(INDEX(Retail!J:J,MATCH($D233,Retail!$D:$D,0)),0) -> 0 | AS233: =IFERROR(INDEX('NEW2022'!H:H,MATCH($D233,'NEW2022'!D:D,0)),0) -> 0 | AT233: =IFERROR(INDEX('NEW2022'!J:J,MATCH($D233,'NEW2022'!D:D,0)),0) -> 0 | AU233: =IFERROR(INDEX('Quiet Items'!H:H,MATCH($D233,'Quiet Items'!D:D,0)),0) -> 0 | AV233: =IFERROR(INDEX('Quiet Items'!J:J,MATCH($D233,'Quiet Items'!D:D,0)),0) -> 0 | AW233: =IFERROR(INDEX('1.4G'!H:H,MATCH($D233,'1.4G'!D:D,0)),0) -> 0 | AX233: =IFERROR(INDEX('1.4G'!J:J,MATCH($D233,'1.4G'!D:D,0)),0) -> 0 | AY233: =IF(OR(AU233>0,AW233>0,AO233>0,AS233>0,AQ233>0),AU233+AW233+AO233+AS233+AQ233,0) -> 0 | AZ233: =IF(OR(AV233>0,AX233>0,AP233>0,AT233>0,AR233>0),AV233+AX233+AP233+AT233+AR233,0) -> 0 | BA233: =IFERROR(Table1[[#This Row],[Line total ordered for now]]*Table1[[#This Row],[GUARANTEED PRICE for STOCK orders collected before 31.3.22]],0) -> 0 | BB233: =AZ233*L233 -> 0 | BC233: =(AZ233+Table1[[#This Row],[Line total ordered for now]])*Z233 -> 0 | BD233: 130.95969
A234: 231 | C234: Shell - 5" | D234: S160 | E234: 5" Smiling Face | F234: =IF(LEFT(AD234,4)="http",HYPERLINK(AD234,"Video"),"") -> Video | G234: 6 | I234: 183.08 | K234: 8.6441667 | L234: 188.7886 | M234: 207.46 | N234: 5" | O234: 24 | P234: 5 | Q234: No | R234: 21 | S234: 16 | T234: 3.55 | U234: 1.3G | V234: UN0335 | W234: F4 | Z234: 0.0696 | AA234: 1008-F4-69249640 | AB234: GB/HSE-321122 | AC234: 10/4/2030 | AD234: https://youtu.be/KUYYGx7IcCQ | AE234: 0 | AF234: 0 | AG234: =IF(OR(B234="NEW2021",B234="NEW2022"),1,0) -> 0 | AH234: =SUM(AG$4:AG234) -> 1 | AI234: =IF(RIGHT(E234,6)="retail",1,0) -> 0 | AJ234: =COUNTIF(AI$4:AI234,">0") -> 0 | AK234: 0 | AL234: 0 | AM234: =IF(OR(Table1[[#This Row],[Line total ordered for now]]>0,Table1[[#This Row],[Line total ordered for season]]>0),1,"") | AN234: =COUNTIF(AM$4:AM234,">0") -> 0 | AO234: =Table1[[#This Row],[ORDER QUANTITY to be collected BEFORE 31.3.22]] -> 0 | AP234: =J234 -> 0 | AQ234: =IFERROR(INDEX(Retail!H:H,MATCH($D234,Retail!$D:$D,0)),0) -> 0 | AR234: =IFERROR(INDEX(Retail!J:J,MATCH($D234,Retail!$D:$D,0)),0) -> 0 | AS234: =IFERROR(INDEX('NEW2022'!H:H,MATCH($D234,'NEW2022'!D:D,0)),0) -> 0 | AT234: =IFERROR(INDEX('NEW2022'!J:J,MATCH($D234,'NEW2022'!D:D,0)),0) -> 0 | AU234: =IFERROR(INDEX('Quiet Items'!H:H,MATCH($D234,'Quiet Items'!D:D,0)),0) -> 0 | AV234: =IFERROR(INDEX('Quiet Items'!J:J,MATCH($D234,'Quiet Items'!D:D,0)),0) -> 0 | AW234: =IFERROR(INDEX('1.4G'!H:H,MATCH($D234,'1.4G'!D:D,0)),0) -> 0 | AX234: =IFERROR(INDEX('1.4G'!J:J,MATCH($D234,'1.4G'!D:D,0)),0) -> 0 | AY234: =IF(OR(AU234>0,AW234>0,AO234>0,AS234>0,AQ234>0),AU234+AW234+AO234+AS234+AQ234,0) -> 0 | AZ234: =IF(OR(AV234>0,AX234>0,AP234>0,AT234>0,AR234>0),AV234+AX234+AP234+AT234+AR234,0) -> 0 | BA234: =IFERROR(Table1[[#This Row],[Line total ordered for now]]*Table1[[#This Row],[GUARANTEED PRICE for STOCK orders collected before 31.3.22]],0) -> 0 | BB234: =AZ234*L234 -> 0 | BC234: =(AZ234+Table1[[#This Row],[Line total ordered for now]])*Z234 -> 0 | BD234: 176.341
A235: 232 | C235: Shell - 5" | D235: CS50624 | E235: 5" Red to silver crossette | F235: =IF(LEFT(AD235,4)="http",HYPERLINK(AD235,"Video"),"") -> Video | G235: 6 | I235: 183.15 | K235: 8.6475 | L235: 188.8614 | M235: 207.54 | N235: 5" | O235: 24 | P235: 8 | Q235: No | R235: 21 | S235: 13.59 | T235: 3.55 | U235: 1.3G | V235: UN0335 | W235: F4 | Z235: 0.0696 | AA235: 1008-F4-69249640 | AB235: GB/HSE-358708 | AC235: 8/15/2028 | AD235: https://youtu.be/Sn_jlF1d6Ik | AE235: 0 | AF235: 0 | AG235: =IF(OR(B235="NEW2021",B235="NEW2022"),1,0) -> 0 | AH235: =SUM(AG$4:AG235) -> 1 | AI235: =IF(RIGHT(E235,6)="retail",1,0) -> 0 | AJ235: =COUNTIF(AI$4:AI235,">0") -> 0 | AK235: 0 | AL235: 0 | AM235: =IF(OR(Table1[[#This Row],[Line total ordered for now]]>0,Table1[[#This Row],[Line total ordered for season]]>0),1,"") | AN235: =COUNTIF(AM$4:AM235,">0") -> 0 | AO235: =Table1[[#This Row],[ORDER QUANTITY to be collected BEFORE 31.3.22]] -> 0 | AP235: =J235 -> 0 | AQ235: =IFERROR(INDEX(Retail!H:H,MATCH($D235,Retail!$D:$D,0)),0) -> 0 | AR235: =IFERROR(INDEX(Retail!J:J,MATCH($D235,Retail!$D:$D,0)),0) -> 0 | AS235: =IFERROR(INDEX('NEW2022'!H:H,MATCH($D235,'NEW2022'!D:D,0)),0) -> 0 | AT235: =IFERROR(INDEX('NEW2022'!J:J,MATCH($D235,'NEW2022'!D:D,0)),0) -> 0 | AU235: =IFERROR(INDEX('Quiet Items'!H:H,MATCH($D235,'Quiet Items'!D:D,0)),0) -> 0 | AV235: =IFERROR(INDEX('Quiet Items'!J:J,MATCH($D235,'Quiet Items'!D:D,0)),0) -> 0 | AW235: =IFERROR(INDEX('1.4G'!H:H,MATCH($D235,'1.4G'!D:D,0)),0) -> 0 | AX235: =IFERROR(INDEX('1.4G'!J:J,MATCH($D235,'1.4G'!D:D,0)),0) -> 0 | AY235: =IF(OR(AU235>0,AW235>0,AO235>0,AS235>0,AQ235>0),AU235+AW235+AO235+AS235+AQ235,0) -> 0 | AZ235: =IF(OR(AV235>0,AX235>0,AP235>0,AT235>0,AR235>0),AV235+AX235+AP235+AT235+AR235,0) -> 0 | BA235: =IFERROR(Table1[[#This Row],[Line total ordered for now]]*Table1[[#This Row],[GUARANTEED PRICE for STOCK orders collected before 31.3.22]],0) -> 0 | BB235: =AZ235*L235 -> 0 | BC235: =(AZ235+Table1[[#This Row],[Line total ordered for now]])*Z235 -> 0 | BD235: 176.409
A236: 233 | C236: Shell - 5" | D236: CS50562 | E236: 5" Gold crown to red strobe red strobe pistil | F236: =IF(LEFT(AD236,4)="http",HYPERLINK(AD236,"Video"),"") -> Video | G236: 9 | I236: 183.31 | K236: 8.655 | L236: 189.0252 | M236: 207.72 | N236: 5" | O236: 24 | P236: 14 | Q236: No | R236: 21 | S236: 13.59 | T236: 3.55 | U236: 1.3G | V236: UN0335 | W236: F4 | Z236: 0.0696 | AA236: 1008-F4-62949640 | AB236: GB/HSE-350949 | AC236: 7/29/2030 | AD236: https://youtu.be/0QH-zZDMJAI | AE236: 0 | AF236: 0 | AG236: =IF(OR(B236="NEW2021",B236="NEW2022"),1,0) -> 0 | AH236: =SUM(AG$4:AG236) -> 1 | AI236: =IF(RIGHT(E236,6)="retail",1,0) -> 0 | AJ236: =COUNTIF(AI$4:AI236,">0") -> 0 | AK236: 0 | AL236: 0 | AM236: =IF(OR(Table1[[#This Row],[Line total ordered for now]]>0,Table1[[#This Row],[Line total ordered for season]]>0),1,"") | AN236: =COUNTIF(AM$4:AM236,">0") -> 0 | AO236: =Table1[[#This Row],[ORDER QUANTITY to be collected BEFORE 31.3.22]] -> 0 | AP236: =J236 -> 0 | AQ236: =IFERROR(INDEX(Retail!H:H,MATCH($D236,Retail!$D:$D,0)),0) -> 0 | AR236: =IFERROR(INDEX(Retail!J:J,MATCH($D236,Retail!$D:$D,0)),0) -> 0 | AS236: =IFERROR(INDEX('NEW2022'!H:H,MATCH($D236,'NEW2022'!D:D,0)),0) -> 0 | AT236: =IFERROR(INDEX('NEW2022'!J:J,MATCH($D236,'NEW2022'!D:D,0)),0) -> 0 | AU236: =IFERROR(INDEX('Quiet Items'!H:H,MATCH($D236,'Quiet Items'!D:D,0)),0) -> 0 | AV236: =IFERROR(INDEX('Quiet Items'!J:J,MATCH($D236,'Quiet Items'!D:D,0)),0) -> 0 | AW236: =IFERROR(INDEX('1.4G'!H:H,MATCH($D236,'1.4G'!D:D,0)),0) -> 0 | AX236: =IFERROR(INDEX('1.4G'!J:J,MATCH($D236,'1.4G'!D:D,0)),0) -> 0 | AY236: =IF(OR(AU236>0,AW236>0,AO236>0,AS236>0,AQ236>0),AU236+AW236+AO236+AS236+AQ236,0) -> 0 | AZ236: =IF(OR(AV236>0,AX236>0,AP236>0,AT236>0,AR236>0),AV236+AX236+AP236+AT236+AR236,0) -> 0 | BA236: =IFERROR(Table1[[#This Row],[Line total ordered for now]]*Table1[[#This Row],[GUARANTEED PRICE for STOCK orders collected before 31.3.22]],0) -> 0 | BB236: =AZ236*L236 -> 0 | BC236: =(AZ236+Table1[[#This Row],[Line total ordered for now]])*Z236 -> 0 | BD236: 176.562
... A459: 456 | C459: Mines | D459: CC311 | E459: 3" Color silver swimming dragon (tubed) | F459: =IF(LEFT(AD459,4)="http",HYPERLINK(AD459,"Video"),"") -> Video | G459: 13 | I459: 151.52 | K459: 6.4084 | L459: 154.5504 | M459: 160.21 | N459: 75mm | O459: 25 | P459: 3 | Q459: Yes | R459: 16 | S459: 6 | T459: 0.2 | U459: 1.3G | V459: UN0335 | W459: F4 | Z459: 0.0549 | AA459: 1008-F4-69249644 | AB459: GB/HSE-352761 | AC459: 6/28/2026 | AD459: https://youtu.be/6aiGD5VN6wM | AE459: 1 | AF459: 5 | AG459: =IF(OR(B459="NEW2021",B459="NEW2022"),1,0) -> 0 | AH459: =SUM(AG$4:AG459) -> 1 | AI459: =IF(RIGHT(E459,6)="retail",1,0) -> 0 | AJ459: =COUNTIF(AI$4:AI459,">0") -> 0 | AK459: 0 | AL459: 0 | AM459: =IF(OR(Table1[[#This Row],[Line total ordered for now]]>0,Table1[[#This Row],[Line total ordered for season]]>0),1,"") | AN459: =COUNTIF(AM$4:AM459,">0") -> 0 | AO459: =Table1[[#This Row],[ORDER QUANTITY to be collected BEFORE 31.3.22]] -> 0 | AP459: =J459 -> 0 | AQ459: =IFERROR(INDEX(Retail!H:H,MATCH($D459,Retail!$D:$D,0)),0) -> 0 | AR459: =IFERROR(INDEX(Retail!J:J,MATCH($D459,Retail!$D:$D,0)),0) -> 0 | AS459: =IFERROR(INDEX('NEW2022'!H:H,MATCH($D459,'NEW2022'!D:D,0)),0) -> 0 | AT459: =IFERROR(INDEX('NEW2022'!J:J,MATCH($D459,'NEW2022'!D:D,0)),0) -> 0 | AU459: =IFERROR(INDEX('Quiet Items'!H:H,MATCH($D459,'Quiet Items'!D:D,0)),0) -> 0 | AV459: =IFERROR(INDEX('Quiet Items'!J:J,MATCH($D459,'Quiet Items'!D:D,0)),0) -> 0 | AW459: =IFERROR(INDEX('1.4G'!H:H,MATCH($D459,'1.4G'!D:D,0)),0) -> 0 | AX459: =IFERROR(INDEX('1.4G'!J:J,MATCH($D459,'1.4G'!D:D,0)),0) -> 0 | AY459: =IF(OR(AU459>0,AW459>0,AO459>0,AS459>0,AQ459>0),AU459+AW459+AO459+AS459+AQ459,0) -> 0 | AZ459: =IF(OR(AV459>0,AX459>0,AP459>0,AT459>0,AR459>0),AV459+AX459+AP459+AT459+AR459,0) -> 0 | BA459: =IFERROR(Table1[[#This Row],[Line total ordered for now]]*Table1[[#This Row],[GUARANTEED PRICE for STOCK orders collected before 31.3.22]],0) -> 0 | BB459: =AZ459*L459 -> 0 | BC459: =(AZ459+Table1[[#This Row],[Line total ordered for now]])*Z459 -> 0 | BD459: 136.1785
A460: 457 | B460: NEW2021 | C460: Cake - 13s | D460: CC1571 | E460: GENDER A. 13 shot cake. Our gender reveal cake starts with a fountain to build the tension before a burst of PINK to signify the gender. RETAIL | F460: =IF(LEFT(AD460,4)="http",HYPERLINK(AD460,"Video"),"") -> Video | G460: 0 | I460: 57.65 | K460: 8.1844121 | L460: 62.201532 | M460: 65.475297 | N460: 25mm | O460: 8 | P460: 30 | Q460: No | R460: 14 | S460: 2.5 | T460: 0 | U460: 1.3G | V460: UN0335 | W460: F2 | X460: 28.99 | Y460: 20.99 | Z460: 0.033 | AA460: 2806-F2-003547 | AB460: NL/TNO-0017-2021 | AC460: 12/31/2099 | AD460: https://youtu.be/YrThsTkDanM | AE460: 0 | AF460: 5 | AG460: =IF(OR(B460="NEW2021",B460="NEW2022"),1,0) -> 1 | AH460: =SUM(AG$4:AG460) -> 2 | AI460: =IF(RIGHT(E460,6)="retail",1,0) -> 1 | AJ460: =COUNTIF(AI$4:AI460,">0") -> 1 | AK460: 0 | AL460: 0 | AM460: =IF(OR(Table1[[#This Row],[Line total ordered for now]]>0,Table1[[#This Row],[Line total ordered for season]]>0),1,"") | AN460: =COUNTIF(AM$4:AM460,">0") -> 0 | AO460: =Table1[[#This Row],[ORDER QUANTITY to be collected BEFORE 31.3.22]] -> 0 | AP460: =J460 -> 0 | AQ460: =IFERROR(INDEX(Retail!H:H,MATCH($D460,Retail!$D:$D,0)),0) -> 0 | AR460: =IFERROR(INDEX(Retail!J:J,MATCH($D460,Retail!$D:$D,0)),0) -> 0 | AS460: =IFERROR(INDEX('NEW2022'!H:H,MATCH($D460,'NEW2022'!D:D,0)),0) -> 0 | AT460: =IFERROR(INDEX('NEW2022'!J:J,MATCH($D460,'NEW2022'!D:D,0)),0) -> 0 | AU460: =IFERROR(INDEX('Quiet Items'!H:H,MATCH($D460,'Quiet Items'!D:D,0)),0) -> 0 | AV460: =IFERROR(INDEX('Quiet Items'!J:J,MATCH($D460,'Quiet Items'!D:D,0)),0) -> 0 | AW460: =IFERROR(INDEX('1.4G'!H:H,MATCH($D460,'1.4G'!D:D,0)),0) -> 0 | AX460: =IFERROR(INDEX('1.4G'!J:J,MATCH($D460,'1.4G'!D:D,0)),0) -> 0 | AY460: =IF(OR(AU460>0,AW460>0,AO460>0,AS460>0,AQ460>0),AU460+AW460+AO460+AS460+AQ460,0) -> 0 | AZ460: =IF(OR(AV460>0,AX460>0,AP460>0,AT460>0,AR460>0),AV460+AX460+AP460+AT460+AR460,0) -> 0 | BA460: =IFERROR(Table1[[#This Row],[Line total ordered for now]]*Table1[[#This Row],[GUARANTEED PRICE for STOCK orders collected before 31.3.22]],0) -> 0 | BB460: =AZ460*L460 -> 0 | BC460: =(AZ460+Table1[[#This Row],[Line total ordered for now]])*Z460 -> 0 | BD460: 58.927767
A461: 458 | B461: NEW2021 | C461: Cake - 13s | D461: CC1572 | E461: GENDER B. 13 shot cake. Our gender reveal cake starts with a fountain to build the tension before a burst of BLUE to signify the gender. RETAIL | F461: =IF(LEFT(AD461,4)="http",HYPERLINK(AD461,"Video"),"") -> Video | G461: 0 | I461: 57.65 | K461: 8.1844121 | L461: 62.201532 | M461: 65.475297 | N461: 25mm | O461: 8 | P461: 30 | Q461: No | R461: 14 | S461: 2.5 | T461: 0 | U461: 1.3G | V461: UN0335 | W461: F2 | X461: 28.99 | Y461: 20.99 | Z461: 0.033 | AA461: 2806-F2-003547 | AB461: NL/TNO-0017-2021 | AC461: 12/31/2099 | AD461: https://youtu.be/Ggz2CGkU4qY | AE461: 0 | AF461: 5 | AG461: =IF(OR(B461="NEW2021",B461="NEW2022"),1,0) -> 1 | AH461: =SUM(AG$4:AG461) -> 3 | AI461: =IF(RIGHT(E461,6)="retail",1,0) -> 1 | AJ461: =COUNTIF(AI$4:AI461,">0") -> 2 | AK461: 0 | AL461: 0 | AM461: =IF(OR(Table1[[#This Row],[Line total ordered for now]]>0,Table1[[#This Row],[Line total ordered for season]]>0),1,"") | AN461: =COUNTIF(AM$4:AM461,">0") -> 0 | AO461: =Table1[[#This Row],[ORDER QUANTITY to be collected BEFORE 31.3.22]] -> 0 | AP461: =J461 -> 0 | AQ461: =IFERROR(INDEX(Retail!H:H,MATCH($D461,Retail!$D:$D,0)),0) -> 0 | AR461: =IFERROR(INDEX(Retail!J:J,MATCH($D461,Retail!$D:$D,0)),0) -> 0 | AS461: =IFERROR(INDEX('NEW2022'!H:H,MATCH($D461,'NEW2022'!D:D,0)),0) -> 0 | AT461: =IFERROR(INDEX('NEW2022'!J:J,MATCH($D461,'NEW2022'!D:D,0)),0) -> 0 | AU461: =IFERROR(INDEX('Quiet Items'!H:H,MATCH($D461,'Quiet Items'!D:D,0)),0) -> 0 | AV461: =IFERROR(INDEX('Quiet Items'!J:J,MATCH($D461,'Quiet Items'!D:D,0)),0) -> 0 | AW461: =IFERROR(INDEX('1.4G'!H:H,MATCH($D461,'1.4G'!D:D,0)),0) -> 0 | AX461: =IFERROR(INDEX('1.4G'!J:J,MATCH($D461,'1.4G'!D:D,0)),0) -> 0 | AY461: =IF(OR(AU461>0,AW461>0,AO461>0,AS461>0,AQ461>0),AU461+AW461+AO461+AS461+AQ461,0) -> 0 | AZ461: =IF(OR(AV461>0,AX461>0,AP461>0,AT461>0,AR461>0),AV461+AX461+AP461+AT461+AR461,0) -> 0 | BA461: =IFERROR(Table1[[#This Row],[Line total ordered for now]]*Table1[[#This Row],[GUARANTEED PRICE for STOCK orders collected before 31.3.22]],0) -> 0 | BB461: =AZ461*L461 -> 0 | BC461: =(AZ461+Table1[[#This Row],[Line total ordered for now]])*Z461 -> 0 | BD461: 58.927767
A462: 459 | C462: Cake - 14s | D462: KF002-B-14 | E462: BANZAI. Alternating white strobe with red star to brocade crown and green star with crackling. RETAIL | F462: =IF(LEFT(AD462,4)="http",HYPERLINK(AD462,"Video"),"") -> Video | G462: 0 | I462: 56.14 | K462: 3.1188889 | L462: 53.33 | M462: 56.14 | N462: 20mm | O462: 18 | P462: 20 | Q462: No | R462: 11.16 | S462: 1.73 | T462: 0 | U462: 1.4G | V462: UN0336 | W462: F2 | X462: 11.99 | Y462: 9.99 | Z462: 0.03 | AA462: 0 | AB462: GB/HSE-359356 | AC462: 10/24/2028 | AD462: https://vimeo.com/363515494 | AE462: 0 | AF462: 5 | AG462: =IF(OR(B462="NEW2021",B462="NEW2022"),1,0) -> 0 | AH462: =SUM(AG$4:AG462) -> 3 | AI462: =IF(RIGHT(E462,6)="retail",1,0) -> 1 | AJ462: =COUNTIF(AI$4:AI462,">0") -> 3 | AK462: 1 | AL462: 1 | AM462: =IF(OR(Table1[[#This Row],[Line total ordered for now]]>0,Table1[[#This Row],[Line total ordered for season]]>0),1,"") | AN462: =COUNTIF(AM$4:AM462,">0") -> 0 | AO462: =Table1[[#This Row],[ORDER QUANTITY to be collected BEFORE 31.3.22]] -> 0 | AP462: =J462 -> 0 | AQ462: =IFERROR(INDEX(Retail!H:H,MATCH($D462,Retail!$D:$D,0)),0) -> 0 | AR462: =IFERROR(INDEX(Retail!J:J,MATCH($D462,Retail!$D:$D,0)),0) -> 0 | AS462: =IFERROR(INDEX('NEW2022'!H:H,MATCH($D462,'NEW2022'!D:D,0)),0) -> 0 | AT462: =IFERROR(INDEX('NEW2022'!J:J,MATCH($D462,'NEW2022'!D:D,0)),0) -> 0 | AU462: =IFERROR(INDEX('Quiet Items'!H:H,MATCH($D462,'Quiet Items'!D:D,0)),0) -> 0 | AV462: =IFERROR(INDEX('Quiet Items'!J:J,MATCH($D462,'Quiet Items'!D:D,0)),0) -> 0 | AW462: =IFERROR(INDEX('1.4G'!H:H,MATCH($D462,'1.4G'!D:D,0)),0) -> 0 | AX462: =IFERROR(INDEX('1.4G'!J:J,MATCH($D462,'1.4G'!D:D,0)),0) -> 0 | AY462: =IF(OR(AU462>0,AW462>0,AO462>0,AS462>0,AQ462>0),AU462+AW462+AO462+AS462+AQ462,0) -> 0 | AZ462: =IF(OR(AV462>0,AX462>0,AP462>0,AT462>0,AR462>0),AV462+AX462+AP462+AT462+AR462,0) -> 0 | BA462: =IFERROR(Table1[[#This Row],[Line total ordered for now]]*Table1[[#This Row],[GUARANTEED PRICE for STOCK orders collected before 31.3.22]],0) -> 0 | BB462: =AZ462*L462 -> 0 | BC462: =(AZ462+Table1[[#This Row],[Line total ordered for now]])*Z462 -> 0 | BD462: 50.526
A463: 460 | C463: Cake - 16s | D463: CC0534 | E463: FLASH HARRY. 16 shot cake. Red, Blue and white strobing starburst cake. RETAIL | F463: =IF(LEFT(AD463,4)="http",HYPERLINK(AD463,"Video"),"") -> Video | G463: 0 | I463: 72.98 | K463: 3.4545092 | L463: 78.76281 | M463: 82.908221 | N463: 20mm | O463: 24 | P463: 22 | Q463: No | R463: 18 | S463: 4.8 | T463: 0.3 | U463: 1.3G | V463: UN0335 | W463: F2 | X463: 13.99 | Y463: 9.99 | Z463: 0.036166 | AA463: 1008-F2-69246970 | AB463: GB/HSE-347791 | AC463: 10/15/2029 | AD463: https://youtu.be/x_g4Wd7n1N8 | AE463: 0 | AF463: 5 | AG463: =IF(OR(B463="NEW2021",B463="NEW2022"),1,0) -> 0 | AH463: =SUM(AG$4:AG463) -> 3 | AI463: =IF(RIGHT(E463,6)="retail",1,0) -> 1 | AJ463: =COUNTIF(AI$4:AI463,">0") -> 4 | AK463: 0 | AL463: 1 | AM463: =IF(OR(Table1[[#This Row],[Line total ordered for now]]>0,Table1[[#This Row],[Line total ordered for season]]>0),1,"") | AN463: =COUNTIF(AM$4:AM463,">0") -> 0 | AO463: =Table1[[#This Row],[ORDER QUANTITY to be collected BEFORE 31.3.22]] -> 0 | AP463: =J463 -> 0 | AQ463: =IFERROR(INDEX(Retail!H:H,MATCH($D463,Retail!$D:$D,0)),0) -> 0 | AR463: =IFERROR(INDEX(Retail!J:J,MATCH($D463,Retail!$D:$D,0)),0) -> 0 | AS463: =IFERROR(INDEX('NEW2022'!H:H,MATCH($D463,'NEW2022'!D:D,0)),0) -> 0 | AT463: =IFERROR(INDEX('NEW2022'!J:J,MATCH($D463,'NEW2022'!D:D,0)),0) -> 0 | AU463: =IFERROR(INDEX('Quiet Items'!H:H,MATCH($D463,'Quiet Items'!D:D,0)),0) -> 0 | AV463: =IFERROR(INDEX('Quiet Items'!J:J,MATCH($D463,'Quiet Items'!D:D,0)),0) -> 0 | AW463: =IFERROR(INDEX('1.4G'!H:H,MATCH($D463,'1.4G'!D:D,0)),0) -> 0 | AX463: =IFERROR(INDEX('1.4G'!J:J,MATCH($D463,'1.4G'!D:D,0)),0) -> 0 | AY463: =IF(OR(AU463>0,AW463>0,AO463>0,AS463>0,AQ463>0),AU463+AW463+AO463+AS463+AQ463,0) -> 0 | AZ463: =IF(OR(AV463>0,AX463>0,AP463>0,AT463>0,AR463>0),AV463+AX463+AP463+AT463+AR463,0) -> 0 | BA463: =IFERROR(Table1[[#This Row],[Line total ordered for now]]*Table1[[#This Row],[GUARANTEED PRICE for STOCK orders collected before 31.3.22]],0) -> 0 | BB463: =AZ463*L463 -> 0 | BC463: =(AZ463+Table1[[#This Row],[Line total ordered for now]])*Z463 -> 0 | BD463: 74.617399
A464: 461 | B464: NEW2022 | C464: Cake - 16s | D464: KF-CC0534 | E464: ROYAL PARTY. Red, white and blue strobing bursts, ideal for garden parties. RETAIL | F464: =IF(LEFT(AD464,4)="http",HYPERLINK(AD464,"Video"),"") | G464: 0 | I464: 82.91 | K464: 3.4545833 | L464: 78.76 | M464: 82.91 | N464: 20mm | O464: 24 | P464: 22 | Q464: No | R464: 18 | S464: 4.8 | T464: 0.3 | U464: 1.3G | V464: UN0335 | W464: F2 | X464: 15.49 | Y464: 12.49 | Z464: 0.036166 | AA464: 1008-F2-69246970 | AB464: GB/HSE-347791 | AC464: 10/15/2029 | AD464: 0 | AE464: 0 | AF464: 5 | AG464: =IF(OR(B464="NEW2021",B464="NEW2022"),1,0) -> 1 | AH464: =SUM(AG$4:AG464) -> 4 | AI464: =IF(RIGHT(E464,6)="retail",1,0) -> 1 | AJ464: =COUNTIF(AI$4:AI464,">0") -> 5 | AK464: 0 | AL464: 1 | AM464: =IF(OR(Table1[[#This Row],[Line total ordered for now]]>0,Table1[[#This Row],[Line total ordered for season]]>0),1,"") | AN464: =COUNTIF(AM$4:AM464,">0") -> 0 | AO464: =Table1[[#This Row],[ORDER QUANTITY to be collected BEFORE 31.3.22]] -> 0 | AP464: =J464 -> 0 | AQ464: =IFERROR(INDEX(Retail!H:H,MATCH($D464,Retail!$D:$D,0)),0) -> 0 | AR464: =IFERROR(INDEX(Retail!J:J,MATCH($D464,Retail!$D:$D,0)),0) -> 0 | AS464: =IFERROR(INDEX('NEW2022'!H:H,MATCH($D464,'NEW2022'!D:D,0)),0) -> 0 | AT464: =IFERROR(INDEX('NEW2022'!J:J,MATCH($D464,'NEW2022'!D:D,0)),0) -> 0 | AU464: =IFERROR(INDEX('Quiet Items'!H:H,MATCH($D464,'Quiet Items'!D:D,0)),0) -> 0 | AV464: =IFERROR(INDEX('Quiet Items'!J:J,MATCH($D464,'Quiet Items'!D:D,0)),0) -> 0 | AW464: =IFERROR(INDEX('1.4G'!H:H,MATCH($D464,'1.4G'!D:D,0)),0) -> 0 | AX464: =IFERROR(INDEX('1.4G'!J:J,MATCH($D464,'1.4G'!D:D,0)),0) -> 0 | AY464: =IF(OR(AU464>0,AW464>0,AO464>0,AS464>0,AQ464>0),AU464+AW464+AO464+AS464+AQ464,0) -> 0 | AZ464: =IF(OR(AV464>0,AX464>0,AP464>0,AT464>0,AR464>0),AV464+AX464+AP464+AT464+AR464,0) -> 0 | BA464: =IFERROR(Table1[[#This Row],[Line total ordered for now]]*Table1[[#This Row],[GUARANTEED PRICE for STOCK orders collected before 31.3.22]],0) -> 0 | BB464: =AZ464*L464 -> 0 | BC464: =(AZ464+Table1[[#This Row],[Line total ordered for now]])*Z464 -> 0 | BD464: 74.619
A465: 462 | C465: Cake - 16s | D465: CC1486 | E465: FLUFF. 16 shot cake. Silver spinners cake, a great low noise firework. RETAIL | F465: =IF(LEFT(AD465,4)="http",HYPERLINK(AD465,"Video"),"") -> Video | G465: 0 | I465: 72.82 | K465: 3.5248973 | L465: 80.367659 | M465: 84.597536 | N465: 20mm | O465: 24 | P465: 30 | Q465: Yes | R465: 19 | S465: 3.5 | T465: 0.3 | U465: 1.4G | V465: UN0336 | W465: F2 | X465: 10.99 | Y465: 8.99 | Z465: 0.03927 | AA465: 2806-F2-000056 | AB465: GB/HSE-360486 | AC465: 6/8/2029 | AD465: https://youtu.be/S2SxkzcX648 | AE465: 1 | AF465: 6 | AG465: =IF(OR(B465="NEW2021",B465="NEW2022"),1,0) -> 0 | AH465: =SUM(AG$4:AG465) -> 4 | AI465: =IF(RIGHT(E465,6)="retail",1,0) -> 1 | AJ465: =COUNTIF(AI$4:AI465,">0") -> 6 | AK465: 1 | AL465: 2 | AM465: =IF(OR(Table1[[#This Row],[Line total ordered for now]]>0,Table1[[#This Row],[Line total ordered for season]]>0),1,"") | AN465: =COUNTIF(AM$4:AM465,">0") -> 0 | AO465: =Table1[[#This Row],[ORDER QUANTITY to be collected BEFORE 31.3.22]] -> 0 | AP465: =J465 -> 0 | AQ465: =IFERROR(INDEX(Retail!H:H,MATCH($D465,Retail!$D:$D,0)),0) -> 0 | AR465: =IFERROR(INDEX(Retail!J:J,MATCH($D465,Retail!$D:$D,0)),0) -> 0 | AS465: =IFERROR(INDEX('NEW2022'!H:H,MATCH($D465,'NEW2022'!D:D,0)),0) -> 0 | AT465: =IFERROR(INDEX('NEW2022'!J:J,MATCH($D465,'NEW2022'!D:D,0)),0) -> 0 | AU465: =IFERROR(INDEX('Quiet Items'!H:H,MATCH($D465,'Quiet Items'!D:D,0)),0) -> 0 | AV465: =IFERROR(INDEX('Quiet Items'!J:J,MATCH($D465,'Quiet Items'!D:D,0)),0) -> 0 | AW465: =IFERROR(INDEX('1.4G'!H:H,MATCH($D465,'1.4G'!D:D,0)),0) -> 0 | AX465: =IFERROR(INDEX('1.4G'!J:J,MATCH($D465,'1.4G'!D:D,0)),0) -> 0 | AY465: =IF(OR(AU465>0,AW465>0,AO465>0,AS465>0,AQ465>0),AU465+AW465+AO465+AS465+AQ465,0) -> 0 | AZ465: =IF(OR(AV465>0,AX465>0,AP465>0,AT465>0,AR465>0),AV465+AX465+AP465+AT465+AR465,0) -> 0 | BA465: =IFERROR(Table1[[#This Row],[Line total ordered for now]]*Table1[[#This Row],[GUARANTEED PRICE for STOCK orders collected before 31.3.22]],0) -> 0 | BB465: =AZ465*L465 -> 0 | BC465: =(AZ465+Table1[[#This Row],[Line total ordered for now]])*Z465 -> 0 | BD465: 76.137782
A466: 463 | C466: Cake - 16s | D466: CC0531 | E466: MAGNETO BURST. 16 shot cake. Green tail, to silver spider crackling effects. RETAIL | F466: =IF(LEFT(AD466,4)="http",HYPERLINK(AD466,"Video"),"") -> Video | G466: 0 | I466: 75.24 | K466: 3.6776197 | L466: 83.849729 | M466: 88.262872 | N466: 20mm | O466: 24 | P466: 17 | Q466: No | R466: 18 | S466: 4.8 | T466: 0.3 | U466: 1.3G | V466: UN0335 | W466: F2 | X466: 13.99 | Y466: 9.99 | Z466: 0.0379 | AA466: 1008-F2-69246970 | AB466: GB/HSE-347786 | AC466: 10/15/2029 | AD466: https://youtu.be/DYXXrIZ2dZo | AE466: 0 | AF466: 6 | AG466: =IF(OR(B466="NEW2021",B466="NEW2022"),1,0) -> 0 | AH466: =SUM(AG$4:AG466) -> 4 | AI466: =IF(RIGHT(E466,6)="retail",1,0) -> 1 | AJ466: =COUNTIF(AI$4:AI466,">0") -> 7 | AK466: 0 | AL466: 2 | AM466: =IF(OR(Table1[[#This Row],[Line total ordered for now]]>0,Table1[[#This Row],[Line total ordered for season]]>0),1,"") | AN466: =COUNTIF(AM$4:AM466,">0") -> 0 | AO466: =Table1[[#This Row],[ORDER QUANTITY to be collected BEFORE 31.3.22]] -> 0 | AP466: =J466 -> 0 | AQ466: =IFERROR(INDEX(Retail!H:H,MATCH($D466,Retail!$D:$D,0)),0) -> 0 | AR466: =IFERROR(INDEX(Retail!J:J,MATCH($D466,Retail!$D:$D,0)),0) -> 0 | AS466: =IFERROR(INDEX('NEW2022'!H:H,MATCH($D466,'NEW2022'!D:D,0)),0) -> 0 | AT466: =IFERROR(INDEX('NEW2022'!J:J,MATCH($D466,'NEW2022'!D:D,0)),0) -> 0 | AU466: =IFERROR(INDEX('Quiet Items'!H:H,MATCH($D466,'Quiet Items'!D:D,0)),0) -> 0 | AV466: =IFERROR(INDEX('Quiet Items'!J:J,MATCH($D466,'Quiet Items'!D:D,0)),0) -> 0 | AW466: =IFERROR(INDEX('1.4G'!H:H,MATCH($D466,'1.4G'!D:D,0)),0) -> 0 | AX466: =IFERROR(INDEX('1.4G'!J:J,MATCH($D466,'1.4G'!D:D,0)),0) -> 0 | AY466: =IF(OR(AU466>0,AW466>0,AO466>0,AS466>0,AQ466>0),AU466+AW466+AO466+AS466+AQ466,0) -> 0 | AZ466: =IF(OR(AV466>0,AX466>0,AP466>0,AT466>0,AR466>0),AV466+AX466+AP466+AT466+AR466,0) -> 0 | BA466: =IFERROR(Table1[[#This Row],[Line total ordered for now]]*Table1[[#This Row],[GUARANTEED PRICE for STOCK orders collected before 31.3.22]],0) -> 0 | BB466: =AZ466*L466 -> 0 | BC466: =(AZ466+Table1[[#This Row],[Line total ordered for now]])*Z466 -> 0 | BD466: 79.436585
A467: 464 | C467: Cake - 16s | D467: CC0460 | E467: STORM. 16 shot cake. Red tail to crackling chrysanthemums cake. RETAIL | F467: =IF(LEFT(AD467,4)="http",HYPERLINK(AD467,"Video"),"") -> Video | G467: 21 | I467: 85.63 | K467: 3.9200409 | L467: 89.376933 | M467: 94.080983 | N467: 20mm | O467: 24 | P467: 25 | Q467: No | R467: 19 | S467: 2.76 | T467: 0.3 | U467: 1.3G | V467: UN0335 | W467: F2 | X467: 14.99 | Y467: 10.99 | Z467: 0.0388 | AA467: 1008-F2-69246970 | AB467: GB/HSE-345118 | AC467: 10/9/2028 | AD467: https://youtu.be/KbETe-prkWg | AE467: 0 | AF467: 6 | AG467: =IF(OR(B467="NEW2021",B467="NEW2022"),1,0) -> 0 | AH467: =SUM(AG$4:AG467) -> 4 | AI467: =IF(RIGHT(E467,6)="retail",1,0) -> 1 | AJ467: =COUNTIF(AI$4:AI467,">0") -> 8 | AK467: 0 | AL467: 2 | AM467: =IF(OR(Table1[[#This Row],[Line total ordered for now]]>0,Table1[[#This Row],[Line total ordered for season]]>0),1,"") | AN467: =COUNTIF(AM$4:AM467,">0") -> 0 | AO467: =Table1[[#This Row],[ORDER QUANTITY to be collected BEFORE 31.3.22]] -> 0 | AP467: =J467 -> 0 | AQ467: =IFERROR(INDEX(Retail!H:H,MATCH($D467,Retail!$D:$D,0)),0) -> 0 | AR467: =IFERROR(INDEX(Retail!J:J,MATCH($D467,Retail!$D:$D,0)),0) -> 0 | AS467: =IFERROR(INDEX('NEW2022'!H:H,MATCH($D467,'NEW2022'!D:D,0)),0) -> 0 | AT467: =IFERROR(INDEX('NEW2022'!J:J,MATCH($D467,'NEW2022'!D:D,0)),0) -> 0 | AU467: =IFERROR(INDEX('Quiet Items'!H:H,MATCH($D467,'Quiet Items'!D:D,0)),0) -> 0 | AV467: =IFERROR(INDEX('Quiet Items'!J:J,MATCH($D467,'Quiet Items'!D:D,0)),0) -> 0 | AW467: =IFERROR(INDEX('1.4G'!H:H,MATCH($D467,'1.4G'!D:D,0)),0) -> 0 | AX467: =IFERROR(INDEX('1.4G'!J:J,MATCH($D467,'1.4G'!D:D,0)),0) -> 0 | AY467: =IF(OR(AU467>0,AW467>0,AO467>0,AS467>0,AQ467>0),AU467+AW467+AO467+AS467+AQ467,0) -> 0 | AZ467: =IF(OR(AV467>0,AX467>0,AP467>0,AT467>0,AR467>0),AV467+AX467+AP467+AT467+AR467,0) -> 0 | BA467: =IFERROR(Table1[[#This Row],[Line total ordered for now]]*Table1[[#This Row],[GUARANTEED PRICE for STOCK orders collected before 31.3.22]],0) -> 0 | BB467: =AZ467*L467 -> 0 | BC467: =(AZ467+Table1[[#This Row],[Line total ordered for now]])*Z467 -> 0 | BD467: 84.672884
A468: 465 | B468: NEW2022 | C468: Cake - 16s | D468: KF-CC1567 | E468: SWIRLING WHOOSH. Whirling silver spinning tails break to red and blue stars. Subtle attention grabber. RETAIL | F468: =IF(LEFT(AD468,4)="http",HYPERLINK(AD468,"Video"),"") | G468: 0 | I468: 71.47 | K468: 3.9705556 | L468: 67.9 | M468: 71.47 | N468: 20mm | O468: 18 | P468: 37 | Q468: Yes | R468: 16 | S468: 2.6 | T468: 0 | U468: 1.4G | V468: UN0336 | W468: F2 | X468: 15.49 | Y468: 12.49 | Z468: 0.036 | AA468: 2806-F2-000056 | AB468: NL/TNO-0017-2021 | AC468: 12/31/2099 | AD468: 0 | AE468: 1 | AF468: 7 | AG468: =IF(OR(B468="NEW2021",B468="NEW2022"),1,0) -> 1 | AH468: =SUM(AG$4:AG468) -> 5 | AI468: =IF(RIGHT(E468,6)="retail",1,0) -> 1 | AJ468: =COUNTIF(AI$4:AI468,">0") -> 9 | AK468: 1 | AL468: 3 | AM468: =IF(OR(Table1[[#This Row],[Line total ordered for now]]>0,Table1[[#This Row],[Line total ordered for season]]>0),1,"") | AN468: =COUNTIF(AM$4:AM468,">0") -> 0 | AO468: =Table1[[#This Row],[ORDER QUANTITY to be collected BEFORE 31.3.22]] -> 0 | AP468: =J468 -> 0 | AQ468: =IFERROR(INDEX(Retail!H:H,MATCH($D468,Retail!$D:$D,0)),0) -> 0 | AR468: =IFERROR(INDEX(Retail!J:J,MATCH($D468,Retail!$D:$D,0)),0) -> 0 | AS468: =IFERROR(INDEX('NEW2022'!H:H,MATCH($D468,'NEW2022'!D:D,0)),0) -> 0 | AT468: =IFERROR(INDEX('NEW2022'!J:J,MATCH($D468,'NEW2022'!D:D,0)),0) -> 0 | AU468: =IFERROR(INDEX('Quiet Items'!H:H,MATCH($D468,'Quiet Items'!D:D,0)),0) -> 0 | AV468: =IFERROR(INDEX('Quiet Items'!J:J,MATCH($D468,'Quiet Items'!D:D,0)),0) -> 0 | AW468: =IFERROR(INDEX('1.4G'!H:H,MATCH($D468,'1.4G'!D:D,0)),0) -> 0 | AX468: =IFERROR(INDEX('1.4G'!J:J,MATCH($D468,'1.4G'!D:D,0)),0) -> 0 | AY468: =IF(OR(AU468>0,AW468>0,AO468>0,AS468>0,AQ468>0),AU468+AW468+AO468+AS468+AQ468,0) -> 0 | AZ468: =IF(OR(AV468>0,AX468>0,AP468>0,AT468>0,AR468>0),AV468+AX468+AP468+AT468+AR468,0) -> 0 | BA468: =IFERROR(Table1[[#This Row],[Line total ordered for now]]*Table1[[#This Row],[GUARANTEED PRICE for STOCK orders collected before 31.3.22]],0) -> 0 | BB468: =AZ468*L468 -> 0 | BC468: =(AZ468+Table1[[#This Row],[Line total ordered for now]])*Z468 -> 0 | BD468: 64.323
A469: 466 | B469: NEW2021 | C469: Cake - 16s | D469: CC1567 | E469: FLUFFY. 16 shot cake. Silver twirling tails rise up and conclude with an explosion of either red of blue coloured stars. RETAIL | F469: =IF(LEFT(AD469,4)="http",HYPERLINK(AD469,"Video"),"") -> Video | G469: 0 | I469: 65.63 | K469: 3.9707571 | L469: 67.899946 | M469: 71.473627 | N469: 20mm | O469: 18 | P469: 37 | Q469: Yes | R469: 16 | S469: 2.6 | T469: 0 | U469: 1.4G | V469: UN0336 | W469: F2 | X469: 13.99 | Y469: 9.99 | Z469: 0.036 | AA469: 2806-F2-000056 | AB469: NL/TNO-0017-2021 | AC469: 12/31/2099 | AD469: https://youtu.be/OmN8HwpSrGo | AE469: 1 | AF469: 8 | AG469: =IF(OR(B469="NEW2021",B469="NEW2022"),1,0) -> 1 | AH469: =SUM(AG$4:AG469) -> 6 | AI469: =IF(RIGHT(E469,6)="retail",1,0) -> 1 | AJ469: =COUNTIF(AI$4:AI469,">0") -> 10 | AK469: 1 | AL469: 4 | AM469: =IF(OR(Table1[[#This Row],[Line total ordered for now]]>0,Table1[[#This Row],[Line total ordered for season]]>0),1,"") | AN469: =COUNTIF(AM$4:AM469,">0") -> 0 | AO469: =Table1[[#This Row],[ORDER QUANTITY to be collected BEFORE 31.3.22]] -> 0 | AP469: =J469 -> 0 | AQ469: =IFERROR(INDEX(Retail!H:H,MATCH($D469,Retail!$D:$D,0)),0) -> 0 | AR469: =IFERROR(INDEX(Retail!J:J,MATCH($D469,Retail!$D:$D,0)),0) -> 0 | AS469: =IFERROR(INDEX('NEW2022'!H:H,MATCH($D469,'NEW2022'!D:D,0)),0) -> 0 | AT469: =IFERROR(INDEX('NEW2022'!J:J,MATCH($D469,'NEW2022'!D:D,0)),0) -> 0 | AU469: =IFERROR(INDEX('Quiet Items'!H:H,MATCH($D469,'Quiet Items'!D:D,0)),0) -> 0 | AV469: =IFERROR(INDEX('Quiet Items'!J:J,MATCH($D469,'Quiet Items'!D:D,0)),0) -> 0 | AW469: =IFERROR(INDEX('1.4G'!H:H,MATCH($D469,'1.4G'!D:D,0)),0) -> 0 | AX469: =IFERROR(INDEX('1.4G'!J:J,MATCH($D469,'1.4G'!D:D,0)),0) -> 0 | AY469: =IF(OR(AU469>0,AW469>0,AO469>0,AS469>0,AQ469>0),AU469+AW469+AO469+AS469+AQ469,0) -> 0 | AZ469: =IF(OR(AV469>0,AX469>0,AP469>0,AT469>0,AR469>0),AV469+AX469+AP469+AT469+AR469,0) -> 0 | BA469: =IFERROR(Table1[[#This Row],[Line total ordered for now]]*Table1[[#This Row],[GUARANTEED PRICE for STOCK orders collected before 31.3.22]],0) -> 0 | BB469: =AZ469*L469 -> 0 | BC469: =(AZ469+Table1[[#This Row],[Line total ordered for now]])*Z469 -> 0 | BD469: 64.326264
A470: 467 | C470: Cake - 16s | D470: CC0617 | E470: HAPPY SHEPHERD. 16 shot cake. Gold tail to twilight strobe bursts with red, blue and purple stars. RETAIL | F470: =IF(LEFT(AD470,4)="http",HYPERLINK(AD470,"Video"),"") -> Video | G470: 7 | I470: 80.33 | K470: 4.7925225 | L470: 81.952135 | M470: 86.265406 | N470: 25mm | O470: 18 | P470: 30 | Q470: No | R470: 22 | S470: 3.5 | T470: 0.3 | U470: 1.3G | V470: UN0335 | W470: F2 | X470: 16.99 | Y470: 12.99 | Z470: 0.047432 | AA470: 1008-F2-69252794 | AB470: GB/HSE-352875 | AC470: 6/28/2026 | AD470: https://youtu.be/Whld6_8BbW4 | AE470: 0 | AF470: 8 | AG470: =IF(OR(B470="NEW2021",B470="NEW2022"),1,0) -> 0 | AH470: =SUM(AG$4:AG470) -> 6 | AI470: =IF(RIGHT(E470,6)="retail",1,0) -> 1 | AJ470: =COUNTIF(AI$4:AI470,">0") -> 11 | AK470: 0 | AL470: 4 | AM470: =IF(OR(Table1[[#This Row],[Line total ordered for now]]>0,Table1[[#This Row],[Line total ordered for season]]>0),1,"") | AN470: =COUNTIF(AM$4:AM470,">0") -> 0 | AO470: =Table1[[#This Row],[ORDER QUANTITY to be collected BEFORE 31.3.22]] -> 0 | AP470: =J470 -> 0 | AQ470: =IFERROR(INDEX(Retail!H:H,MATCH($D470,Retail!$D:$D,0)),0) -> 0 | AR470: =IFERROR(INDEX(Retail!J:J,MATCH($D470,Retail!$D:$D,0)),0) -> 0 | AS470: =IFERROR(INDEX('NEW2022'!H:H,MATCH($D470,'NEW2022'!D:D,0)),0) -> 0 | AT470: =IFERROR(INDEX('NEW2022'!J:J,MATCH($D470,'NEW2022'!D:D,0)),0) -> 0 | AU470: =IFERROR(INDEX('Quiet Items'!H:H,MATCH($D470,'Quiet Items'!D:D,0)),0) -> 0 | AV470: =IFERROR(INDEX('Quiet Items'!J:J,MATCH($D470,'Quiet Items'!D:D,0)),0) -> 0 | AW470: =IFERROR(INDEX('1.4G'!H:H,MATCH($D470,'1.4G'!D:D,0)),0) -> 0 | AX470: =IFERROR(INDEX('1.4G'!J:J,MATCH($D470,'1.4G'!D:D,0)),0) -> 0 | AY470: =IF(OR(AU470>0,AW470>0,AO470>0,AS470>0,AQ470>0),AU470+AW470+AO470+AS470+AQ470,0) -> 0 | AZ470: =IF(OR(AV470>0,AX470>0,AP470>0,AT470>0,AR470>0),AV470+AX470+AP470+AT470+AR470,0) -> 0 | BA470: =IFERROR(Table1[[#This Row],[Line total ordered for now]]*Table1[[#This Row],[GUARANTEED PRICE for STOCK orders collected before 31.3.22]],0) -> 0 | BB470: =AZ470*L470 -> 0 | BC470: =(AZ470+Table1[[#This Row],[Line total ordered for now]])*Z470 -> 0 | BD470: 77.638865
A471: 468 | C471: Cake - 16s | D471: CC0462 | E471: TEQUILA SUNRISE. 16 shot cake. Gold tail to blue and orange strobe bursts. RETAIL | F471: =IF(LEFT(AD471,4)="http",HYPERLINK(AD471,"Video"),"") -> Video | G471: 0 | I471: 81.47 | K471: 5.1373766 | L471: 87.84914 | M471: 92.472779 | N471: 25mm | O471: 18 | P471: 30 | Q471: No | R471: 22 | S471: 3.6 | T471: 0.3 | U471: 1.3G | V471: UN0335 | W471: F2 | X471: 16.99 | Y471: 12.99 | Z471: 0.041067 | AA471: 1008-F2-69246970 | AB471: GB/HSE-345120 | AC471: 10/9/2028 | AD471: https://youtu.be/Q1uCtzThcn0 | AE471: 0 | AF471: 8 | AG471: =IF(OR(B471="NEW2021",B471="NEW2022"),1,0) -> 0 | AH471: =SUM(AG$4:AG471) -> 6 | AI471: =IF(RIGHT(E471,6)="retail",1,0) -> 1 | AJ471: =COUNTIF(AI$4:AI471,">0") -> 12 | AK471: 0 | AL471: 4 | AM471: =IF(OR(Table1[[#This Row],[Line total ordered for now]]>0,Table1[[#This Row],[Line total ordered for season]]>0),1,"") | AN471: =COUNTIF(AM$4:AM471,">0") -> 0 | AO471: =Table1[[#This Row],[ORDER QUANTITY to be collected BEFORE 31.3.22]] -> 0 | AP471: =J471 -> 0 | AQ471: =IFERROR(INDEX(Retail!H:H,MATCH($D471,Retail!$D:$D,0)),0) -> 0 | AR471: =IFERROR(INDEX(Retail!J:J,MATCH($D471,Retail!$D:$D,0)),0) -> 0 | AS471: =IFERROR(INDEX('NEW2022'!H:H,MATCH($D471,'NEW2022'!D:D,0)),0) -> 0 | AT471: =IFERROR(INDEX('NEW2022'!J:J,MATCH($D471,'NEW2022'!D:D,0)),0) -> 0 | AU471: =IFERROR(INDEX('Quiet Items'!H:H,MATCH($D471,'Quiet Items'!D:D,0)),0) -> 0 | AV471: =IFERROR(INDEX('Quiet Items'!J:J,MATCH($D471,'Quiet Items'!D:D,0)),0) -> 0 | AW471: =IFERROR(INDEX('1.4G'!H:H,MATCH($D471,'1.4G'!D:D,0)),0) -> 0 | AX471: =IFERROR(INDEX('1.4G'!J:J,MATCH($D471,'1.4G'!D:D,0)),0) -> 0 | AY471: =IF(OR(AU471>0,AW471>0,AO471>0,AS471>0,AQ471>0),AU471+AW471+AO471+AS471+AQ471,0) -> 0 | AZ471: =IF(OR(AV471>0,AX471>0,AP471>0,AT471>0,AR471>0),AV471+AX471+AP471+AT471+AR471,0) -> 0 | BA471: =IFERROR(Table1[[#This Row],[Line total ordered for now]]*Table1[[#This Row],[GUARANTEED PRICE for STOCK orders collected before 31.3.22]],0) -> 0 | BB471: =AZ471*L471 -> 0 | BC471: =(AZ471+Table1[[#This Row],[Line total ordered for now]])*Z471 -> 0 | BD471: 83.225501
A472: 469 | C472: Cake - 16s | D472: CC0461-19 | E472: DONG DING. 16 shot cake. Silver swirling tails to bursts of red and green strobe. RETAIL | F472: =IF(LEFT(AD472,4)="http",HYPERLINK(AD472,"Video"),"") -> Video | G472: 0 | I472: 86.94 | K472: 5.3638108 | L472: 91.721165 | M472: 96.548595 | N472: 25mm | O472: 18 | P472: 30 | Q472: No | R472: 22 | S472: 3.6 | T472: 0.3 | U472: 1.3G | V472: UN0335 | W472: F2 | X472: 18.99 | Y472: 13.99 | Z472: 0.0411 | AA472: 2086-F2-000615 | AB472: GB/HSE-360444 | AC472: 6/8/2029 | AD472: https://youtu.be/lw2SVUMB2nk | AE472: 0 | AF472: 8 | AG472: =IF(OR(B472="NEW2021",B472="NEW2022"),1,0) -> 0 | AH472: =SUM(AG$4:AG472) -> 6 | AI472: =IF(RIGHT(E472,6)="retail",1,0) -> 1 | AJ472: =COUNTIF(AI$4:AI472,">0") -> 13 | AK472: 0 | AL472: 4 | AM472: =IF(OR(Table1[[#This Row],[Line total ordered for now]]>0,Table1[[#This Row],[Line total ordered for season]]>0),1,"") | AN472: =COUNTIF(AM$4:AM472,">0") -> 0 | AO472: =Table1[[#This Row],[ORDER QUANTITY to be collected BEFORE 31.3.22]] -> 0 | AP472: =J472 -> 0 | AQ472: =IFERROR(INDEX(Retail!H:H,MATCH($D472,Retail!$D:$D,0)),0) -> 0 | AR472: =IFERROR(INDEX(Retail!J:J,MATCH($D472,Retail!$D:$D,0)),0) -> 0 | AS472: =IFERROR(INDEX('NEW2022'!H:H,MATCH($D472,'NEW2022'!D:D,0)),0) -> 0 | AT472: =IFERROR(INDEX('NEW2022'!J:J,MATCH($D472,'NEW2022'!D:D,0)),0) -> 0 | AU472: =IFERROR(INDEX('Quiet Items'!H:H,MATCH($D472,'Quiet Items'!D:D,0)),0) -> 0 | AV472: =IFERROR(INDEX('Quiet Items'!J:J,MATCH($D472,'Quiet Items'!D:D,0)),0) -> 0 | AW472: =IFERROR(INDEX('1.4G'!H:H,MATCH($D472,'1.4G'!D:D,0)),0) -> 0 | AX472: =IFERROR(INDEX('1.4G'!J:J,MATCH($D472,'1.4G'!D:D,0)),0) -> 0 | AY472: =IF(OR(AU472>0,AW472>0,AO472>0,AS472>0,AQ472>0),AU472+AW472+AO472+AS472+AQ472,0) -> 0 | AZ472: =IF(OR(AV472>0,AX472>0,AP472>0,AT472>0,AR472>0),AV472+AX472+AP472+AT472+AR472,0) -> 0 | BA472: =IFERROR(Table1[[#This Row],[Line total ordered for now]]*Table1[[#This Row],[GUARANTEED PRICE for STOCK orders collected before 31.3.22]],0) -> 0 | BB472: =AZ472*L472 -> 0 | BC472: =(AZ472+Table1[[#This Row],[Line total ordered for now]])*Z472 -> 0 | BD472: 86.893736
A473: 470 | C473: Cake - 16s | D473: CC0515 | E473: RITZY GLITZY. 16 shot cake. Red tails to brocade and red stars, green tails to brocade with green tips and blue tails to brocade crown with blue tips. RETAIL | F473: =IF(LEFT(AD473,4)="http",HYPERLINK(AD473,"Video"),"") -> Video | G473: 0 | I473: 61.43 | K473: 5.9324859 | L473: 67.630339 | M473: 71.189831 | N473: 25mm | O473: 12 | P473: 24 | Q473: No | R473: 16 | S473: 2.23 | T473: 0.3 | U473: 1.3G | V473: UN0335 | W473: F2 | X473: 19.49 | Y473: 14.99 | Z473: 0.0374 | AA473: 1008-F2-69246970 | AB473: GB/HSE-347772 | AC473: 10/15/2029 | AD473: https://youtu.be/imC1PsphSSM | AE473: 0 | AF473: 8 | AG473: =IF(OR(B473="NEW2021",B473="NEW2022"),1,0) -> 0 | AH473: =SUM(AG$4:AG473) -> 6 | AI473: =IF(RIGHT(E473,6)="retail",1,0) -> 1 | AJ473: =COUNTIF(AI$4:AI473,">0") -> 14 | AK473: 0 | AL473: 4 | AM473: =IF(OR(Table1[[#This Row],[Line total ordered for now]]>0,Table1[[#This Row],[Line total ordered for season]]>0),1,"") | AN473: =COUNTIF(AM$4:AM473,">0") -> 0 | AO473: =Table1[[#This Row],[ORDER QUANTITY to be collected BEFORE 31.3.22]] -> 0 | AP473: =J473 -> 0 | AQ473: =IFERROR(INDEX(Retail!H:H,MATCH($D473,Retail!$D:$D,0)),0) -> 0 | AR473: =IFERROR(INDEX(Retail!J:J,MATCH($D473,Retail!$D:$D,0)),0) -> 0 | AS473: =IFERROR(INDEX('NEW2022'!H:H,MATCH($D473,'NEW2022'!D:D,0)),0) -> 0 | AT473: =IFERROR(INDEX('NEW2022'!J:J,MATCH($D473,'NEW2022'!D:D,0)),0) -> 0 | AU473: =IFERROR(INDEX('Quiet Items'!H:H,MATCH($D473,'Quiet Items'!D:D,0)),0) -> 0 | AV473: =IFERROR(INDEX('Quiet Items'!J:J,MATCH($D473,'Quiet Items'!D:D,0)),0) -> 0 | AW473: =IFERROR(INDEX('1.4G'!H:H,MATCH($D473,'1.4G'!D:D,0)),0) -> 0 | AX473: =IFERROR(INDEX('1.4G'!J:J,MATCH($D473,'1.4G'!D:D,0)),0) -> 0 | AY473: =IF(OR(AU473>0,AW473>0,AO473>0,AS473>0,AQ473>0),AU473+AW473+AO473+AS473+AQ473,0) -> 0 | AZ473: =IF(OR(AV473>0,AX473>0,AP473>0,AT473>0,AR473>0),AV473+AX473+AP473+AT473+AR473,0) -> 0 | BA473: =IFERROR(Table1[[#This Row],[Line total ordered for now]]*Table1[[#This Row],[GUARANTEED PRICE for STOCK orders collected before 31.3.22]],0) -> 0 | BB473: =AZ473*L473 -> 0 | BC473: =(AZ473+Table1[[#This Row],[Line total ordered for now]])*Z473 -> 0 | BD473: 64.070848
A474: 471 | B474: NEW2021 | C474: Cake - 16s | D474: CC1570 | E474: CHAMELEON. 16 shot cake. A rising blue tail comet bursts into a blue then red stars with a crackle finish a new and unique effect. RETAIL | F474: =IF(LEFT(AD474,4)="http",HYPERLINK(AD474,"Video"),"") -> Video | G474: 0 | I474: 49.29 | K474: 9.6877901 | L474: 55.220403 | M474: 58.12674 | N474: 30mm | O474: 6 | P474: 32 | Q474: No | R474: 14 | S474: 2.2 | T474: 0 | U474: 1.3G | V474: UN0335 | W474: F2 | X474: 31.49 | Y474: 24.99 | Z474: 0.03 | AA474: 2806-F2-003546 | AB474: NL/TNO-0017-2021 | AC474: 12/31/2099 | AD474: https://youtu.be/MCFQHeGD77A | AE474: 0 | AF474: 8 | AG474: =IF(OR(B474="NEW2021",B474="NEW2022"),1,0) -> 1 | AH474: =SUM(AG$4:AG474) -> 7 | AI474: =IF(RIGHT(E474,6)="retail",1,0) -> 1 | AJ474: =COUNTIF(AI$4:AI474,">0") -> 15 | AK474: 0 | AL474: 4 | AM474: =IF(OR(Table1[[#This Row],[Line total ordered for now]]>0,Table1[[#This Row],[Line total ordered for season]]>0),1,"") | AN474: =COUNTIF(AM$4:AM474,">0") -> 0 | AO474: =Table1[[#This Row],[ORDER QUANTITY to be collected BEFORE 31.3.22]] -> 0 | AP474: =J474 -> 0 | AQ474: =IFERROR(INDEX(Retail!H:H,MATCH($D474,Retail!$D:$D,0)),0) -> 0 | AR474: =IFERROR(INDEX(Retail!J:J,MATCH($D474,Retail!$D:$D,0)),0) -> 0 | AS474: =IFERROR(INDEX('NEW2022'!H:H,MATCH($D474,'NEW2022'!D:D,0)),0) -> 0 | AT474: =IFERROR(INDEX('NEW2022'!J:J,MATCH($D474,'NEW2022'!D:D,0)),0) -> 0 | AU474: =IFERROR(INDEX('Quiet Items'!H:H,MATCH($D474,'Quiet Items'!D:D,0)),0) -> 0 | AV474: =IFERROR(INDEX('Quiet Items'!J:J,MATCH($D474,'Quiet Items'!D:D,0)),0) -> 0 | AW474: =IFERROR(INDEX('1.4G'!H:H,MATCH($D474,'1.4G'!D:D,0)),0) -> 0 | AX474: =IFERROR(INDEX('1.4G'!J:J,MATCH($D474,'1.4G'!D:D,0)),0) -> 0 | AY474: =IF(OR(AU474>0,AW474>0,AO474>0,AS474>0,AQ474>0),AU474+AW474+AO474+AS474+AQ474,0) -> 0 | AZ474: =IF(OR(AV474>0,AX474>0,AP474>0,AT474>0,AR474>0),AV474+AX474+AP474+AT474+AR474,0) -> 0 | BA474: =IFERROR(Table1[[#This Row],[Line total ordered for now]]*Table1[[#This Row],[GUARANTEED PRICE for STOCK orders collected before 31.3.22]],0) -> 0 | BB474: =AZ474*L474 -> 0 | BC474: =(AZ474+Table1[[#This Row],[Line total ordered for now]])*Z474 -> 0 | BD474: 52.314066
A475: 472 | C475: Cake - 16s | D475: CC0402 | E475: 16s. Colour peony | F475: =IF(LEFT(AD475,4)="http",HYPERLINK(AD475,"Video"),"") -> Video | G475: 0 | I475: 53.96 | K475: 29.13 | L475: 55.0392 | M475: 58.26 | N475: 38mm | O475: 2 | P475: 32 | Q475: No | R475: 9 | S475: 1.1 | T475: 0.3 | U475: 1.3G | V475: UN0335 | W475: F4 | Z475: 0.0362 | AA475: 1008-F4-69249664 | AB475: GB/HSE-337962 | AC475: 11/1/2026 | AD475: https://youtu.be/ge9OOpmdgps | AE475: 0 | AF475: 8 | AG475: =IF(OR(B475="NEW2021",B475="NEW2022"),1,0) -> 0 | AH475: =SUM(AG$4:AG475) -> 7 | AI475: =IF(RIGHT(E475,6)="retail",1,0) -> 0 | AJ475: =COUNTIF(AI$4:AI475,">0") -> 15 | AK475: 0 | AL475: 4 | AM475: =IF(OR(Table1[[#This Row],[Line total ordered for now]]>0,Table1[[#This Row],[Line total ordered for season]]>0),1,"") | AN475: =COUNTIF(AM$4:AM475,">0") -> 0 | AO475: =Table1[[#This Row],[ORDER QUANTITY to be collected BEFORE 31.3.22]] -> 0 | AP475: =J475 -> 0 | AQ475: =IFERROR(INDEX(Retail!H:H,MATCH($D475,Retail!$D:$D,0)),0) -> 0 | AR475: =IFERROR(INDEX(Retail!J:J,MATCH($D475,Retail!$D:$D,0)),0) -> 0 | AS475: =IFERROR(INDEX('NEW2022'!H:H,MATCH($D475,'NEW2022'!D:D,0)),0) -> 0 | AT475: =IFERROR(INDEX('NEW2022'!J:J,MATCH($D475,'NEW2022'!D:D,0)),0) -> 0 | AU475: =IFERROR(INDEX('Quiet Items'!H:H,MATCH($D475,'Quiet Items'!D:D,0)),0) -> 0 | AV475: =IFERROR(INDEX('Quiet Items'!J:J,MATCH($D475,'Quiet Items'!D:D,0)),0) -> 0 | AW475: =IFERROR(INDEX('1.4G'!H:H,MATCH($D475,'1.4G'!D:D,0)),0) -> 0 | AX475: =IFERROR(INDEX('1.4G'!J:J,MATCH($D475,'1.4G'!D:D,0)),0) -> 0 | AY475: =IF(OR(AU475>0,AW475>0,AO475>0,AS475>0,AQ475>0),AU475+AW475+AO475+AS475+AQ475,0) -> 0 | AZ475: =IF(OR(AV475>0,AX475>0,AP475>0,AT475>0,AR475>0),AV475+AX475+AP475+AT475+AR475,0) -> 0 | BA475: =IFERROR(Table1[[#This Row],[Line total ordered for now]]*Table1[[#This Row],[GUARANTEED PRICE for STOCK orders collected before 31.3.22]],0) -> 0 | BB475: =AZ475*L475 -> 0 | BC475: =(AZ475+Table1[[#This Row],[Line total ordered for now]])*Z475 -> 0 | BD475: 49.521
A476: 473 | C476: Cake - 19s | D476: CC1494 | E476: DISCO BALLS. 19 shot cake. Red tail to white glittering with red dahlia and green tail to green glittering with purple stars and pink strobes. Last 3 shots fire together. RETAIL | F476: =IF(LEFT(AD476,4)="http",HYPERLINK(AD476,"Video"),"") -> Video | G476: 0 | I476: 52.29 | K476: 6.9735978 | L476: 52.999343 | M476: 55.788782 | N476: 25mm | O476: 8 | P476: 28 | Q476: No | R476: 17 | S476: 1.9 | T476: 0.3 | U476: 1.3G | V476: UN0335 | W476: 0 | X476: 14.99 | Y476: 18.99 | Z476: 0.03512 | AA476: 1170-F2-01310 | AB476: GB/HSE-360494 | AC476: 6/8/2029 | AD476: https://youtu.be/5jdgpTlSLJE | AE476: 0 | AF476: 8 | AG476: =IF(OR(B476="NEW2021",B476="NEW2022"),1,0) -> 0 | AH476: =SUM(AG$4:AG476) -> 7 | AI476: =IF(RIGHT(E476,6)="retail",1,0) -> 1 | AJ476: =COUNTIF(AI$4:AI476,">0") -> 16 | AK476: 0 | AL476: 4 | AM476: =IF(OR(Table1[[#This Row],[Line total ordered for now]]>0,Table1[[#This Row],[Line total ordered for season]]>0),1,"") | AN476: =COUNTIF(AM$4:AM476,">0") -> 0 | AO476: =Table1[[#This Row],[ORDER QUANTITY to be collected BEFORE 31.3.22]] -> 0 | AP476: =J476 -> 0 | AQ476: =IFERROR(INDEX(Retail!H:H,MATCH($D476,Retail!$D:$D,0)),0) -> 0 | AR476: =IFERROR(INDEX(Retail!J:J,MATCH($D476,Retail!$D:$D,0)),0) -> 0 | AS476: =IFERROR(INDEX('NEW2022'!H:H,MATCH($D476,'NEW2022'!D:D,0)),0) -> 0 | AT476: =IFERROR(INDEX('NEW2022'!J:J,MATCH($D476,'NEW2022'!D:D,0)),0) -> 0 | AU476: =IFERROR(INDEX('Quiet Items'!H:H,MATCH($D476,'Quiet Items'!D:D,0)),0) -> 0 | AV476: =IFERROR(INDEX('Quiet Items'!J:J,MATCH($D476,'Quiet Items'!D:D,0)),0) -> 0 | AW476: =IFERROR(INDEX('1.4G'!H:H,MATCH($D476,'1.4G'!D:D,0)),0) -> 0 | AX476: =IFERROR(INDEX('1.4G'!J:J,MATCH($D476,'1.4G'!D:D,0)),0) -> 0 | AY476: =IF(OR(AU476>0,AW476>0,AO476>0,AS476>0,AQ476>0),AU476+AW476+AO476+AS476+AQ476,0) -> 0 | AZ476: =IF(OR(AV476>0,AX476>0,AP476>0,AT476>0,AR476>0),AV476+AX476+AP476+AT476+AR476,0) -> 0 | BA476: =IFERROR(Table1[[#This Row],[Line total ordered for now]]*Table1[[#This Row],[GUARANTEED PRICE for STOCK orders collected before 31.3.22]],0) -> 0 | BB476: =AZ476*L476 -> 0 | BC476: =(AZ476+Table1[[#This Row],[Line total ordered for now]])*Z476 -> 0 | BD476: 50.209904
A477: 474 | C477: Cake - 19s | D477: CC1511 | E477: 19s. Blue tail to green glittering with blue. | F477: =IF(LEFT(AD477,4)="http",HYPERLINK(AD477,"Video"),"") -> Video | G477: 0 | I477: 78.75 | K477: 7.8141933 | L477: 85.33099 | M477: 93.770319 | N477: 25mm | O477: 12 | P477: 40 | Q477: No | R477: 20 | S477: 3 | T477: 0.3 | U477: 1.3G | V477: UN0335 | W477: F4 | Z477: 0.0525 | AA477: 2806-F4-001976 | AB477: GB/HSE-362441 | AC477: 11/30/2030 | AD477: https://youtu.be/otXXo5EJ_4Q | AE477: 0 | AF477: 8 | AG477: =IF(OR(B477="NEW2021",B477="NEW2022"),1,0) -> 0 | AH477: =SUM(AG$4:AG477) -> 7 | AI477: =IF(RIGHT(E477,6)="retail",1,0) -> 0 | AJ477: =COUNTIF(AI$4:AI477,">0") -> 16 | AK477: 0 | AL477: 4 | AM477: =IF(OR(Table1[[#This Row],[Line total ordered for now]]>0,Table1[[#This Row],[Line total ordered for season]]>0),1,"") | AN477: =COUNTIF(AM$4:AM477,">0") -> 0 | AO477: =Table1[[#This Row],[ORDER QUANTITY to be collected BEFORE 31.3.22]] -> 0 | AP477: =J477 -> 0 | AQ477: =IFERROR(INDEX(Retail!H:H,MATCH($D477,Retail!$D:$D,0)),0) -> 0 | AR477: =IFERROR(INDEX(Retail!J:J,MATCH($D477,Retail!$D:$D,0)),0) -> 0 | AS477: =IFERROR(INDEX('NEW2022'!H:H,MATCH($D477,'NEW2022'!D:D,0)),0) -> 0 | AT477: =IFERROR(INDEX('NEW2022'!J:J,MATCH($D477,'NEW2022'!D:D,0)),0) -> 0 | AU477: =IFERROR(INDEX('Quiet Items'!H:H,MATCH($D477,'Quiet Items'!D:D,0)),0) -> 0 | AV477: =IFERROR(INDEX('Quiet Items'!J:J,MATCH($D477,'Quiet Items'!D:D,0)),0) -> 0 | AW477: =IFERROR(INDEX('1.4G'!H:H,MATCH($D477,'1.4G'!D:D,0)),0) -> 0 | AX477: =IFERROR(INDEX('1.4G'!J:J,MATCH($D477,'1.4G'!D:D,0)),0) -> 0 | AY477: =IF(OR(AU477>0,AW477>0,AO477>0,AS477>0,AQ477>0),AU477+AW477+AO477+AS477+AQ477,0) -> 0 | AZ477: =IF(OR(AV477>0,AX477>0,AP477>0,AT477>0,AR477>0),AV477+AX477+AP477+AT477+AR477,0) -> 0 | BA477: =IFERROR(Table1[[#This Row],[Line total ordered for now]]*Table1[[#This Row],[GUARANTEED PRICE for STOCK orders collected before 31.3.22]],0) -> 0 | BB477: =AZ477*L477 -> 0 | BC477: =(AZ477+Table1[[#This Row],[Line total ordered for now]])*Z477 -> 0 | BD477: 79.704771
A478: 475 | C478: Cake - 19s | D478: CC1491 | E478: SUNDAE SPLIT. 19 shot cake. Lovely pastel coloured crossettes, peach, lemon and orange crossettes each with their own coloured tail RETAIL | F478: =IF(LEFT(AD478,4)="http",HYPERLINK(AD478,"Video"),"") -> Video | G478: 0 | I478: 80.35 | K478: 7.8988211 | L478: 90.04656 | M478: 94.785853 | N478: 25mm | O478: 12 | P478: 30 | Q478: Yes | R478: 19.6 | S478: 4.1 | T478: 0.3 | U478: 1.4G | V478: UN0336 | W478: F2 | X478: 27.49 | Y478: 20.99 | Z478: 0.0491 | AA478: 2806-F2-000057 | AB478: GB/HSE-360491 | AC478: 6/8/2029 | AD478: https://youtu.be/jDvkF6_CGPY | AE478: 1 | AF478: 9 | AG478: =IF(OR(B478="NEW2021",B478="NEW2022"),1,0) -> 0 | AH478: =SUM(AG$4:AG478) -> 7 | AI478: =IF(RIGHT(E478,6)="retail",1,0) -> 1 | AJ478: =COUNTIF(AI$4:AI478,">0") -> 17 | AK478: 1 | AL478: 5 | AM478: =IF(OR(Table1[[#This Row],[Line total ordered for now]]>0,Table1[[#This Row],[Line total ordered for season]]>0),1,"") | AN478: =COUNTIF(AM$4:AM478,">0") -> 0 | AO478: =Table1[[#This Row],[ORDER QUANTITY to be collected BEFORE 31.3.22]] -> 0 | AP478: =J478 -> 0 | AQ478: =IFERROR(INDEX(Retail!H:H,MATCH($D478,Retail!$D:$D,0)),0) -> 0 | AR478: =IFERROR(INDEX(Retail!J:J,MATCH($D478,Retail!$D:$D,0)),0) -> 0 | AS478: =IFERROR(INDEX('NEW2022'!H:H,MATCH($D478,'NEW2022'!D:D,0)),0) -> 0 | AT478: =IFERROR(INDEX('NEW2022'!J:J,MATCH($D478,'NEW2022'!D:D,0)),0) -> 0 | AU478: =IFERROR(INDEX('Quiet Items'!H:H,MATCH($D478,'Quiet Items'!D:D,0)),0) -> 0 | AV478: =IFERROR(INDEX('Quiet Items'!J:J,MATCH($D478,'Quiet Items'!D:D,0)),0) -> 0 | AW478: =IFERROR(INDEX('1.4G'!H:H,MATCH($D478,'1.4G'!D:D,0)),0) -> 0 | AX478: =IFERROR(INDEX('1.4G'!J:J,MATCH($D478,'1.4G'!D:D,0)),0) -> 0 | AY478: =IF(OR(AU478>0,AW478>0,AO478>0,AS478>0,AQ478>0),AU478+AW478+AO478+AS478+AQ478,0) -> 0 | AZ478: =IF(OR(AV478>0,AX478>0,AP478>0,AT478>0,AR478>0),AV478+AX478+AP478+AT478+AR478,0) -> 0 | BA478: =IFERROR(Table1[[#This Row],[Line total ordered for now]]*Table1[[#This Row],[GUARANTEED PRICE for STOCK orders collected before 31.3.22]],0) -> 0 | BB478: =AZ478*L478 -> 0 | BC478: =(AZ478+Table1[[#This Row],[Line total ordered for now]])*Z478 -> 0 | BD478: 85.307267
A479: 476 | C479: Cake - 19s | D479: CC1512 | E479: RED MIST. 19 shot cake. Red tail to red glittering willow with blue stars. RETAIL | F479: =IF(LEFT(AD479,4)="http",HYPERLINK(AD479,"Video"),"") -> Video | G479: 0 | I479: 86.42 | K479: 7.9177382 | L479: 90.262216 | M479: 95.012859 | N479: 25mm | O479: 12 | P479: 32 | Q479: No | R479: 20 | S479: 3 | T479: 0.3 | U479: 1.3G | V479: UN0335 | W479: F3 | X479: 27.49 | Y479: 20.99 | Z479: 0.0525 | AA479: 2806-F3-001986 | AB479: GB/HSE-362442 | AC479: 11/30/2030 | AD479: https://youtu.be/ySpsulNR0nQ | AE479: 0 | AF479: 9 | AG479: =IF(OR(B479="NEW2021",B479="NEW2022"),1,0) -> 0 | AH479: =SUM(AG$4:AG479) -> 7 | AI479: =IF(RIGHT(E479,6)="retail",1,0) -> 1 | AJ479: =COUNTIF(AI$4:AI479,">0") -> 18 | AK479: 0 | AL479: 5 | AM479: =IF(OR(Table1[[#This Row],[Line total ordered for now]]>0,Table1[[#This Row],[Line total ordered for season]]>0),1,"") | AN479: =COUNTIF(AM$4:AM479,">0") -> 0 | AO479: =Table1[[#This Row],[ORDER QUANTITY to be collected BEFORE 31.3.22]] -> 0 | AP479: =J479 -> 0 | AQ479: =IFERROR(INDEX(Retail!H:H,MATCH($D479,Retail!$D:$D,0)),0) -> 0 | AR479: =IFERROR(INDEX(Retail!J:J,MATCH($D479,Retail!$D:$D,0)),0) -> 0 | AS479: =IFERROR(INDEX('NEW2022'!H:H,MATCH($D479,'NEW2022'!D:D,0)),0) -> 0 | AT479: =IFERROR(INDEX('NEW2022'!J:J,MATCH($D479,'NEW2022'!D:D,0)),0) -> 0 | AU479: =IFERROR(INDEX('Quiet Items'!H:H,MATCH($D479,'Quiet Items'!D:D,0)),0) -> 0 | AV479: =IFERROR(INDEX('Quiet Items'!J:J,MATCH($D479,'Quiet Items'!D:D,0)),0) -> 0 | AW479: =IFERROR(INDEX('1.4G'!H:H,MATCH($D479,'1.4G'!D:D,0)),0) -> 0 | AX479: =IFERROR(INDEX('1.4G'!J:J,MATCH($D479,'1.4G'!D:D,0)),0) -> 0 | AY479: =IF(OR(AU479>0,AW479>0,AO479>0,AS479>0,AQ479>0),AU479+AW479+AO479+AS479+AQ479,0) -> 0 | AZ479: =IF(OR(AV479>0,AX479>0,AP479>0,AT479>0,AR479>0),AV479+AX479+AP479+AT479+AR479,0) -> 0 | BA479: =IFERROR(Table1[[#This Row],[Line total ordered for now]]*Table1[[#This Row],[GUARANTEED PRICE for STOCK orders collected before 31.3.22]],0) -> 0 | BB479: =AZ479*L479 -> 0 | BC479: =(AZ479+Table1[[#This Row],[Line total ordered for now]])*Z479 -> 0 | BD479: 85.511573
A480: 477 | C480: Cake - 19s | D480: CC1357 | E480: FLYING FISH. 19 shot cake. Red, green and blue bursts with silver fish swimming around the sky. RETAIL | F480: =IF(LEFT(AD480,4)="http",HYPERLINK(AD480,"Video"),"") -> Video | G480: 0 | I480: 81.29 | K480: 7.9191075 | L480: 90.277825 | M480: 95.02929 | N480: 25mm | O480: 12 | P480: 25 | Q480: Yes | R480: 16 | S480: 2.1 | T480: 0.3 | U480: 1.4G | V480: UN0336 | W480: F2 | X480: 27.49 | Y480: 20.99 | Z480: 0.0523 | AA480: 1008-F2-69259755 | AB480: GB/HSE-358659 | AC480: 8/15/2028 | AD480: https://youtu.be/YlcvQ7eiRqE | AE480: 1 | AF480: 10 | AG480: =IF(OR(B480="NEW2021",B480="NEW2022"),1,0) -> 0 | AH480: =SUM(AG$4:AG480) -> 7 | AI480: =IF(RIGHT(E480,6)="retail",1,0) -> 1 | AJ480: =COUNTIF(AI$4:AI480,">0") -> 19 | AK480: 1 | AL480: 6 | AM480: =IF(OR(Table1[[#This Row],[Line total ordered for now]]>0,Table1[[#This Row],[Line total ordered for season]]>0),1,"") | AN480: =COUNTIF(AM$4:AM480,">0") -> 0 | AO480: =Table1[[#This Row],[ORDER QUANTITY to be collected BEFORE 31.3.22]] -> 0 | AP480: =J480 -> 0 | AQ480: =IFERROR(INDEX(Retail!H:H,MATCH($D480,Retail!$D:$D,0)),0) -> 0 | AR480: =IFERROR(INDEX(Retail!J:J,MATCH($D480,Retail!$D:$D,0)),0) -> 0 | AS480: =IFERROR(INDEX('NEW2022'!H:H,MATCH($D480,'NEW2022'!D:D,0)),0) -> 0 | AT480: =IFERROR(INDEX('NEW2022'!J:J,MATCH($D480,'NEW2022'!D:D,0)),0) -> 0 | AU480: =IFERROR(INDEX('Quiet Items'!H:H,MATCH($D480,'Quiet Items'!D:D,0)),0) -> 0 | AV480: =IFERROR(INDEX('Quiet Items'!J:J,MATCH($D480,'Quiet Items'!D:D,0)),0) -> 0 | AW480: =IFERROR(INDEX('1.4G'!H:H,MATCH($D480,'1.4G'!D:D,0)),0) -> 0 | AX480: =IFERROR(INDEX('1.4G'!J:J,MATCH($D480,'1.4G'!D:D,0)),0) -> 0 | AY480: =IF(OR(AU480>0,AW480>0,AO480>0,AS480>0,AQ480>0),AU480+AW480+AO480+AS480+AQ480,0) -> 0 | AZ480: =IF(OR(AV480>0,AX480>0,AP480>0,AT480>0,AR480>0),AV480+AX480+AP480+AT480+AR480,0) -> 0 | BA480: =IFERROR(Table1[[#This Row],[Line total ordered for now]]*Table1[[#This Row],[GUARANTEED PRICE for STOCK orders collected before 31.3.22]],0) -> 0 | BB480: =AZ480*L480 -> 0 | BC480: =(AZ480+Table1[[#This Row],[Line total ordered for now]])*Z480 -> 0 | BD480: 85.526361
A481: 478 | C481: Cake - 19s | D481: CC1488 | E481: BIG FISH BOOM BOOM. 19 shot dump cake (all shots fire together). Multi coloured stars with crackle, leading to colourful swimming stars and reports. RETAIL | F481: =IF(LEFT(AD481,4)="http",HYPERLINK(AD481,"Video"),"") -> Video | G481: 32 | I481: 86.49 | K481: 8.0175 | L481: 91.3995 | M481: 96.21 | N481: 25mm | O481: 12 | P481: 5 | Q481: No | R481: 19.6 | S481: 3 | T481: 0.3 | U481: 1.3G | V481: UN0335 | W481: F3 | X481: 27.49 | Y481: 20.99 | Z481: 0.051976 | AA481: 2806-F3-000059 | AB481: GB/HSE-360488 | AC481: 6/8/2029 | AD481: https://youtu.be/C22mbNkJ6is | AE481: 0 | AF481: 10 | AG481: =IF(OR(B481="NEW2021",B481="NEW2022"),1,0) -> 0 | AH481: =SUM(AG$4:AG481) -> 7 | AI481: =IF(RIGHT(E481,6)="retail",1,0) -> 1 | AJ481: =COUNTIF(AI$4:AI481,">0") -> 20 | AK481: 0 | AL481: 6 | AM481: =IF(OR(Table1[[#This Row],[Line total ordered for now]]>0,Table1[[#This Row],[Line total ordered for season]]>0),1,"") | AN481: =COUNTIF(AM$4:AM481,">0") -> 0 | AO481: =Table1[[#This Row],[ORDER QUANTITY to be collected BEFORE 31.3.22]] -> 0 | AP481: =J481 -> 0 | AQ481: =IFERROR(INDEX(Retail!H:H,MATCH($D481,Retail!$D:$D,0)),0) -> 0 | AR481: =IFERROR(INDEX(Retail!J:J,MATCH($D481,Retail!$D:$D,0)),0) -> 0 | AS481: =IFERROR(INDEX('NEW2022'!H:H,MATCH($D481,'NEW2022'!D:D,0)),0) -> 0 | AT481: =IFERROR(INDEX('NEW2022'!J:J,MATCH($D481,'NEW2022'!D:D,0)),0) -> 0 | AU481: =IFERROR(INDEX('Quiet Items'!H:H,MATCH($D481,'Quiet Items'!D:D,0)),0) -> 0 | AV481: =IFERROR(INDEX('Quiet Items'!J:J,MATCH($D481,'Quiet Items'!D:D,0)),0) -> 0 | AW481: =IFERROR(INDEX('1.4G'!H:H,MATCH($D481,'1.4G'!D:D,0)),0) -> 0 | AX481: =IFERROR(INDEX('1.4G'!J:J,MATCH($D481,'1.4G'!D:D,0)),0) -> 0 | AY481: =IF(OR(AU481>0,AW481>0,AO481>0,AS481>0,AQ481>0),AU481+AW481+AO481+AS481+AQ481,0) -> 0 | AZ481: =IF(OR(AV481>0,AX481>0,AP481>0,AT481>0,AR481>0),AV481+AX481+AP481+AT481+AR481,0) -> 0 | BA481: =IFERROR(Table1[[#This Row],[Line total ordered for now]]*Table1[[#This Row],[GUARANTEED PRICE for STOCK orders collected before 31.3.22]],0) -> 0 | BB481: =AZ481*L481 -> 0 | BC481: =(AZ481+Table1[[#This Row],[Line total ordered for now]])*Z481 -> 0 | BD481: 86.589
A482: 479 | C482: Cake - 19s | D482: CC1408 | E482: TWISTY BANGERS. 19 shot dump cake (all shots fire together). Blue, crackle and red stars to crackle bursts with blue and silver fish and titanium reports. RETAIL | F482: =IF(LEFT(AD482,4)="http",HYPERLINK(AD482,"Video"),"") -> Video | G482: 26 | I482: 58.04 | K482: 8.07125 | L482: 61.3415 | M482: 64.57 | N482: 25mm | O482: 8 | P482: 5 | Q482: No | R482: 13.1 | S482: 2.6 | T482: 0.3 | U482: 1.3G | V482: UN0335 | W482: F3 | X482: 27.99 | Y482: 20.99 | Z482: 0.026352 | AA482: 2806-F3-000059 | AB482: GB/HSE-360460 | AC482: 6/8/2029 | AD482: https://youtu.be/tSCoDobk3Ko | AE482: 0 | AF482: 10 | AG482: =IF(OR(B482="NEW2021",B482="NEW2022"),1,0) -> 0 | AH482: =SUM(AG$4:AG482) -> 7 | AI482: =IF(RIGHT(E482,6)="retail",1,0) -> 1 | AJ482: =COUNTIF(AI$4:AI482,">0") -> 21 | AK482: 0 | AL482: 6 | AM482: =IF(OR(Table1[[#This Row],[Line total ordered for now]]>0,Table1[[#This Row],[Line total ordered for season]]>0),1,"") | AN482: =COUNTIF(AM$4:AM482,">0") -> 0 | AO482: =Table1[[#This Row],[ORDER QUANTITY to be collected BEFORE 31.3.22]] -> 0 | AP482: =J482 -> 0 | AQ482: =IFERROR(INDEX(Retail!H:H,MATCH($D482,Retail!$D:$D,0)),0) -> 0 | AR482: =IFERROR(INDEX(Retail!J:J,MATCH($D482,Retail!$D:$D,0)),0) -> 0 | AS482: =IFERROR(INDEX('NEW2022'!H:H,MATCH($D482,'NEW2022'!D:D,0)),0) -> 0 | AT482: =IFERROR(INDEX('NEW2022'!J:J,MATCH($D482,'NEW2022'!D:D,0)),0) -> 0 | AU482: =IFERROR(INDEX('Quiet Items'!H:H,MATCH($D482,'Quiet Items'!D:D,0)),0) -> 0 | AV482: =IFERROR(INDEX('Quiet Items'!J:J,MATCH($D482,'Quiet Items'!D:D,0)),0) -> 0 | AW482: =IFERROR(INDEX('1.4G'!H:H,MATCH($D482,'1.4G'!D:D,0)),0) -> 0 | AX482: =IFERROR(INDEX('1.4G'!J:J,MATCH($D482,'1.4G'!D:D,0)),0) -> 0 | AY482: =IF(OR(AU482>0,AW482>0,AO482>0,AS482>0,AQ482>0),AU482+AW482+AO482+AS482+AQ482,0) -> 0 | AZ482: =IF(OR(AV482>0,AX482>0,AP482>0,AT482>0,AR482>0),AV482+AX482+AP482+AT482+AR482,0) -> 0 | BA482: =IFERROR(Table1[[#This Row],[Line total ordered for now]]*Table1[[#This Row],[GUARANTEED PRICE for STOCK orders collected before 31.3.22]],0) -> 0 | BB482: =AZ482*L482 -> 0 | BC482: =(AZ482+Table1[[#This Row],[Line total ordered for now]])*Z482 -> 0 | BD482: 58.113
A483: 480 | C483: Cake - 19s | D483: CCP017-2 | E483: OOH AHH. 19 shot cake. Blue mine lifts into with golden brocade with blue stars and blue pearl to corolla bursts. RETAIL | F483: =IF(LEFT(AD483,4)="http",HYPERLINK(AD483,"Video"),"") -> Video | G483: 0 | I483: 60.57 | K483: 8.9250726 | L483: 67.830552 | M483: 71.400581 | N483: 25mm | O483: 8 | P483: 25 | Q483: No | R483: 14 | S483: 3.9 | T483: 0.3 | U483: 1.3G | V483: UN0335 | W483: F3 | X483: 28.99 | Y483: 21.99 | Z483: 0.0356 | AA483: 2806-F3-000059 | AB483: GB/HSE-360501 | AC483: 6/8/2029 | AD483: https://youtu.be/zc-3Uj8OOAo | AE483: 0 | AF483: 10 | AG483: =IF(OR(B483="NEW2021",B483="NEW2022"),1,0) -> 0 | AH483: =SUM(AG$4:AG483) -> 7 | AI483: =IF(RIGHT(E483,6)="retail",1,0) -> 1 | AJ483: =COUNTIF(AI$4:AI483,">0") -> 22 | AK483: 0 | AL483: 6 | AM483: =IF(OR(Table1[[#This Row],[Line total ordered for now]]>0,Table1[[#This Row],[Line total ordered for season]]>0),1,"") | AN483: =COUNTIF(AM$4:AM483,">0") -> 0 | AO483: =Table1[[#This Row],[ORDER QUANTITY to be collected BEFORE 31.3.22]] -> 0 | AP483: =J483 -> 0 | AQ483: =IFERROR(INDEX(Retail!H:H,MATCH($D483,Retail!$D:$D,0)),0) -> 0 | AR483: =IFERROR(INDEX(Retail!J:J,MATCH($D483,Retail!$D:$D,0)),0) -> 0 | AS483: =IFERROR(INDEX('NEW2022'!H:H,MATCH($D483,'NEW2022'!D:D,0)),0) -> 0 | AT483: =IFERROR(INDEX('NEW2022'!J:J,MATCH($D483,'NEW2022'!D:D,0)),0) -> 0 | AU483: =IFERROR(INDEX('Quiet Items'!H:H,MATCH($D483,'Quiet Items'!D:D,0)),0) -> 0 | AV483: =IFERROR(INDEX('Quiet Items'!J:J,MATCH($D483,'Quiet Items'!D:D,0)),0) -> 0 | AW483: =IFERROR(INDEX('1.4G'!H:H,MATCH($D483,'1.4G'!D:D,0)),0) -> 0 | AX483: =IFERROR(INDEX('1.4G'!J:J,MATCH($D483,'1.4G'!D:D,0)),0) -> 0 | AY483: =IF(OR(AU483>0,AW483>0,AO483>0,AS483>0,AQ483>0),AU483+AW483+AO483+AS483+AQ483,0) -> 0 | AZ483: =IF(OR(AV483>0,AX483>0,AP483>0,AT483>0,AR483>0),AV483+AX483+AP483+AT483+AR483,0) -> 0 | BA483: =IFERROR(Table1[[#This Row],[Line total ordered for now]]*Table1[[#This Row],[GUARANTEED PRICE for STOCK orders collected before 31.3.22]],0) -> 0 | BB483: =AZ483*L483 -> 0 | BC483: =(AZ483+Table1[[#This Row],[Line total ordered for now]])*Z483 -> 0 | BD483: 64.260523
